 Dungeon Crawl Stone Soup version 0.29.0-4-gdea44cf6ec (webtiles) character file.

Game seed: 1875968139938524698

423564 qw the Slayer (level 23, -1/227 HPs)
             Began as a Ghoul Enchanter on Sept 5, 2022.
             Was an Elder of Okawaru.
             Slain by a vault guard
             ... wielding a +1 glaive
              (3 damage)
             ... on level 5 of the Vaults.
             The game lasted 00:30:08 (63608 turns).

qw the Slayer (Ghoul Enchanter)                    Turns: 63608, Time: 00:30:09

Health: -1/227     AC: 57    Str: 30    XL:     23   Next: 76%
Magic:  27/29      EV: 10    Int: 10    God:    Okawaru [****..]
Gold:   1164       SH: 26    Dex:  9    Spells: 25/25 levels left

rFire   + . .      SeeInvis .     - Unarmed
rCold   + + .      Faith    .   q - +0 tower shield
rNeg    + + +      Spirit   .   d - +8 gold dragon scales
rPois   inf        Reflect  +   n - +2 helmet
rElec   .          Harm     .   m - +2 cloak {Stlth+}
rCorr   .          Rampage  .   c - +2 pair of gloves {Str+3}
Will    +....                   b - +2 pair of boots
Stlth   ..........              u - amulet of reflection
HPRegen 0.00/turn               H - ring of the Tortoise {AC+8}
MPRegen 0.21/turn               s - ring of Jusoh {AC+4 Str+4}

@: heroic, inhibited regen
A: claws 1, cold resistance 1, negative energy resistance 3, inhibited
regeneration, torment resistance 2, devour on kill
}: 2/15 runes: serpentine, barnacled
a: Renounce Religion, Heroism, Finesse


You were on level 5 of the Vaults.
You worshipped Okawaru.
Okawaru was greatly pleased with you.
You visited 8 branches of the dungeon, and saw 40 of its levels.
You also visited: Gauntlet.

You collected 6728 gold pieces.
You spent 5564 gold pieces at shops.


Innate Abilities, Weirdness & Mutations

You are immune to poison.
You have sharp fingernails.
Your flesh is cold resistant. (rC+)
You are immune to negative energy. (rN+++)
You do not regenerate when monsters are visible.
You are immune to unholy pain and torment.
You thrive by killing the living.


   Skills:
 - Level 23.4(27) Fighting
 - Level 0.8(5.8) Short Blades
 - Level 13.0(18.0) Throwing
 + Level 13.7(18.7) Armour
 - Level 9.0(14.0) Dodging
 - Level 3.2(8.2) Stealth
 - Level 17.6(22.6) Shields
 - Level 22.0(27) Unarmed Combat
 - Level 1.7 Spellcasting
 - Level 2.4 Hexes
 - Level 10.0 Invocations


You had 25 spell levels left.
You didn't know any spells.
Your spell library contained the following spells:

 Spells                   Type           Power      Damage    Failure   Level
 Ensorcelled Hibernation  Hex/Ice        6%         N/A       99%         2
 Confusing Touch          Hex            5%         N/A       99%         3
 Dazzling Flash           Conj/Hex       6%         N/A       100%        3
 Tukima's Dance           Hex            Unusable   N/A       N/A         3

Inventory:

Missiles
 a - 33 boomerangs
 o - a boomerang of dispersal
 w - 13 javelins (quivered)
 y - 3 silver javelins
 C - 3 silver boomerangs
Armour
 b - a +2 pair of boots (worn)
 c - a +2 pair of gloves of strength (worn)
 d - +8 gold dragon scales (worn)
 m - a +2 cloak of stealth (worn)
 n - a +2 helmet (worn)
 q - a +0 tower shield (worn)
 r - the +0 hat of the King {rF+}
   (Okawaru gifted it to you on level 10 of the Dungeon)

   rF:        It protects you from fire.
 G - the +4 hat "Duohap" {rC+ Str-4 Dex+2}
   (You found it on level 1 of the Depths)

   Str:       It affects your strength (-4).
   Dex:       It affects your dexterity (+2).
   rC:        It protects you from cold.
Jewellery
 s - the ring of Jusoh (right hand) {AC+4 Str+4}
   (You found it on level 11 of the Dungeon)

   [ring of protection]

   AC:        It affects your AC (+4).
   Str:       It affects your strength (+4).
 u - an amulet of reflection (around neck)
 z - the brooch of Shielding {Spirit SH+8}
   (You bought it in a shop on level 2 of the Orcish Mines)

   [amulet of guardian spirit]

   It causes incoming damage to be divided between your reserves of health and
   magic.
   SH:        It affects your SH (+8).
 H - the ring of the Tortoise (left hand) {AC+8}
   (You found it on level 1 of the Depths)

   [ring of protection]

   AC:        It affects your AC (+8).
 Y - the ring of the Circus Animal {Fly rC++ Will+ Str+4 Int-5}
   (You bought it in a shop on level 2 of the Orcish Mines)

   [ring of flight]

   Str:       It affects your strength (+4).
   Int:       It affects your intelligence (-5).
   rC:        It greatly protects you from cold.
   Fly:       It grants you flight.
   Will:      It increases your willpower.
Scrolls
 g - 32 scrolls of identify
 k - 6 scrolls of brand weapon
 v - 3 scrolls of enchant weapon
Potions
 f - 21 potions of curing
 h - 8 potions of might
 i - 4 potions of haste
 j - 2 potions of magic
 t - a potion of mutation

Dungeon Overview and Level Annotations

Branches:
Dungeon (15/15)            Temple (1/1) D:6            Lair (5/5) D:9
 Shoals (4/4) Lair:2        Snake (4/4) Lair:2        Slime (0/5) Lair:4
    Orc (2/2) D:9             Elf (0/3) Orc:2        Vaults (5/5) D:13
  Crypt (0/3) Vaults:2     Depths (4/4) D:15            Zot (0/5) Depths:4
Gauntlet (visited)

Altars:
Ashenzari
Dithmenos
Fedhas
Gozag
Hepliaklqana
Kikubaaqudgha
Makhleb
Nemelex Xobeh
Okawaru
Ru
Sif Muna
Trog
Uskayaw
Vehumet
Wu Jian
Yredelemnul
Jiyva
Lugonu

Shops:
D:4 *   Orc:1 (   Orc:2 =?[!   Shoals:2 **   Snake:1 =:   Snake:4 :=:
Vaults:2 !   Vaults:4 :   Depths:3 *[

Portals:
Hell: Depths:1 Depths:2 Depths:3 Depths:4
Abyss: Depths:3 Depths:4
Pandemonium: Depths:2 Depths:3 Depths:4
Ziggurat: Depths:3
Trove: Depths:2 (give 6 scrolls of fog)

Annotations:
Lair:4 2 runed translucent doors, qw's ghost, journeyman TrCA
Shoals:2 3 runed translucent doors, Kehia's ghost, adept DrWn
Snake:1 2 transporters, 2 runed translucent doors, wjtupper's ghost, adept MiHu
Orc:1 2 transporters, Dienlag's ghost, novice OpMo
Depths:4 1 runed translucent door


Message History

The storm dragon roars deafeningly!
You pummel the stone giant!!
The stone giant is moderately wounded.
You hear a shout!
The hell knight prays to its god.
The hell knight blinks!
You punch the stone giant!
The stone giant is heavily wounded.
The jorogumo changes into an alligator!
You block the vault guard's attack.
A vault guard comes into view. It is wielding a +0 broad axe.
A yaktaur captain comes into view.
The vault warden activates a sealing rune.
You block the vault guard's attack.
The vault guard hits you from afar with a +1 glaive.
The vault guard hits you but does no damage.
You block the vault guard's attack.
The hell knight prays to its god.
The hell knight blinks!
You hit the stone giant.
The stone giant is heavily wounded.
You feel like a meek peon again. You block the vault guard's attack.
The stone giant hits you.
The vault guard hits you but does no damage.
You block the vault warden's attack. You block the vault guard's attack.
The vault guard hits you with a +0 broad axe!
The vault guard barely misses you.
The vault guard hits you but does no damage.
The vault guard completely misses you.
63608 ||| INVOKING Heroism.
You gain the combat prowess of a mighty hero.
The vault guard's soul is no longer bound.
The hell knight's soul is no longer bound.
The wolf spider's soul is no longer bound.
The hell knight utters an invocation to its god.
The hell knight blinks!
The vault guard hits you with a +3 great mace of protection!
You block the vault guard's attack. x2; You block the stone giant's attack.
You block the vault guard's attack. x2; The vault warden misses you.
The vault guard hits you from afar with a +1 glaive.
You die...

#....# ..
.###....###.
.p......#..#
.......OtOO
....eZcZcO#####
....ZpOspp..ยค..
....WCCpppp....
...Zppp@ppQ....
....pppppp....(
##..pppppW#####
.....ZpD.pc.
#..#....#D.## ##
#....#.##
#....#.#
#....#..


You could see 2 storm dragons, 2 stone giants, 2 vault wardens, a tengu reaver
(soul bound), 3 yaktaur captains, an alligator shaped shifter, 20 vault guards,
a deep elf death mage (soul bound), 3 hell knights, a wolf spider, 2 two-headed
ogres, an ogre mage (soul bound), a phantasmal warrior, a freezing wraith, a
necromancer, 2 ogres, 4 vault guard simulacra and an ironbound preserver
simulacrum.

Vanquished Creatures
  Mennas (Depths:3)
  Boris (Vaults:4)
  Parghit (Depths:4)
  Bai Suzhen (Shoals:4)
  Margery (Depths:1)
  Saint Roka (Vaults:4)
  A caustic shrike (Depths:2)
  A bone dragon (Depths:4)
  the Enchantress (Depths:1)
  A golden dragon (Depths:4)
  5 tentacled monstrosities
  Rupert (D:15)
  A lich (Depths:2)
  4 titans
  Mlioglotl (Shoals:1)
  4 quicksilver dragons
  2 walking divine tomes (Depths:2)
  A walking frostbound tome (Depths:2)
  Polyphemus (Shoals:2)
  9 sphinxes
  Roxanne (D:14)
  5 tengu reavers
  4 nagarajas
  Donald (Shoals:4)
  2 storm dragons
  2 shadow dragons (Depths:2)
  A deep elf sorcerer (Depths:3)
  3 iron dragons
  7 frost giants
  8 fire giants
  12 vault wardens
  Aizul (Snake:1)
  Louise (Depths:4)
  A draconian scorcher (Depths:4)
  3 orc warlords
  14 stone giants
  A draconian stormcaller (Depths:4)
  3 spriggan defenders (Depths:1)
  14 very ugly things
  8 ironbound thunderhulks
  22 ironbound preservers
  2 war gargoyles
  A green draconian (Depths:4)
  A minotaur (Gauntlet)
  5 vampire knights
  4 spark wasps
  A yellow draconian (Depths:4)
  An entropy weaver (Vaults:1)
  A red draconian (Depths:4)
  18 dire elephants
  2 black draconians (Depths:4)
  A white draconian (Depths:4)
  An eidolon (Vaults:2)
  A blizzard demon (Depths:4)
  Snorg (D:14)
  7 merfolk javelineers
  12 fire dragons
  9 ettins
  5 crystal guardians
  Josephine (D:14)
  13 yaktaur captains
  10 ice dragons
  4 salamander tyrants (Snake:4)
  Fannar (D:11)
  10 merfolk impalers
  7 hydras
  A servant of whispers (Vaults:2)
  7 great orbs of eyes
  5 vault guards (Vaults:5)
  3 rakshasas
  6 merfolk avatars
  16 centaur warriors
  5 peacekeepers
  10 boulder beetles
  A hell beast (Depths:3)
  A ghost crab (Gauntlet)
  8 spriggan air magi
  7 anacondas
  6 ironbound frosthearts
  3 satyrs
  8 two-headed ogres
  2 catoblepae
  2 merfolk aquamancers (Shoals:4)
  2 dancing weapons (Depths:3)
  A death knight (D:13)
  16 naga warriors
  7 deep troll shamans
  10 tengu warriors
  3 vampire magi
  3 death yaks (Shoals:2)
  7 deep troll earth magi
  3 spriggan berserkers
  8 shock serpents
  A deep elf knight (Snake:2)
  3 hell knights (Depths:1)
  15 iron trolls
  8 naga sharpshooters
  2 soul eaters
  4 salamander mystics (Snake:4)
  3 skeletal warriors
  13 sea snakes
  A goliath frog (Lair:5)
  Lodul (D:11)
  3 flayed ghosts
  62 deep trolls
  An orb spider (shapeshifter) (Depths:2)
  8 glowing orange brains
  4 naga ritualists
  13 orc knights
  A deep elf archer (Snake:2)
  10 lindwurms (Vaults:1)
  An obsidian statue (Vaults:3)
  A harpy (shapeshifter) (D:13)
  4 deep elf pyromancers
  3 necromancers
  8 wizards
  12 mana vipers
  3 phantasmal warriors
  13 ironbound convokers
  A deep elf zephyrmancer (Depths:3)
  15 harpies
  An orc sorcerer (Vaults:4)
  18 fauns
  A sphinx skeleton (D:15)
  25 ugly things
  8 cyclopes
  8 manticores
  A human zombie (Vaults:4)
  8 salamanders
  A frost giant skeleton (D:15)
  12 elephants
  39 black mambas
  6 guardian serpents
  A rust devil (Depths:4)
  13 vault sentinels
  11 merfolk sirens
  Maurice (D:11)
  5 water nymphs
  27 cane toads
  15 naga magi
  4 gargoyles
  2 rime drakes (Lair:5)
  2 unseen horrors
  6 komodo dragons
  33 yaktaurs
  4 freezing wraiths
  A yaktaur (shapeshifter) (D:13)
  A kobold demonologist (D:10)
  An efreet (D:13)
  An ice devil (Depths:4)
  A hellwing (Depths:3)
  3 polar bears
  A shadow dragon simulacrum (Vaults:4)
  6 trolls
  28 merfolk
  A blink frog (shapeshifter) (Depths:2)
  Grinder (D:4)
  5 wind drakes
  4 tyrant leeches (Lair:5)
  5 snapping turtles
  6 hornets
  27 blink frogs
  32 slime creatures
  2 saltlings (Vaults:2)
  3 air elementals (Depths:3)
  7 dream sheep
  2 spriggan zombies (D:15)
  5 flying skulls (Gauntlet)
  2 centaur simulacra
  A shadow (D:13)
  14 water elementals
  5 wyverns
  An ettin skeleton (Vaults:4)
  46 yaks
  A ynoxinul (Depths:3)
  6 spriggans
  6 wraiths
  17 vampire mosquitoes
  5 large abominations (D:11)
  2 basilisks
  3 steam dragons
  5 wargs
  A neqoxec (Depths:4)
  A chaos spawn (Depths:3)
  26 nagas
  21 water moccasins
  A hell hound (Snake:2)
  3 floating eyes
  32 orc warriors
  A black bear (shapeshifter) (D:13)
  13 ogres
  A black bear (Lair:1)
  8 boggarts
  A tengu (shapeshifter) (Depths:2)
  2 wolves (Lair:2)
  20 centaurs
  A phantom (D:4)
  8 bullfrogs
  3 kobold brigands
  3 necrophages
  2 earth elementals (Depths:3)
  3 gnoll sergeants
  3 scorpions (D:6)
  9 wights
  7 small abominations (D:11)
  4 howler monkeys
  6 electric eels
  5 hounds
  12 orc priests
  A jelly (D:6)
  2 gnoll boudas (D:7)
  5 iguanas
  Ijyb (D:4)
  13 orc wizards
  13 adders
  18 gnolls
  A white imp (D:7)
  3 dart slugs
  58 orcs
  5 ball pythons
  4 bats
  6 endoplasms
  2 giant cockroaches (D:4)
  9 goblins
  4 hobgoblins
  A jackal (D:3)
  16 kobolds
  7 quokkas
  2 frilled lizards (D:3)
  4 rats
1518 creatures vanquished.

Vanquished Creatures (others)
  A vampire knight (Depths:2)
  An ogre mage (D:15)
  A dream sheep (Shoals:1)
  43 fungi
  294 plants
  10 withered plants (D:15)
350 creatures vanquished.

Grand Total: 1868 creatures vanquished

Notes
Turn   | Place    | Note
-------+----------+-------------------------------------------
     0 | D:1      | qw the Ghoul Enchanter began the quest for the Orb.
     0 | D:1      | Reached XP level 1. HP: 14/14 MP: 2/2
     0 | D:1      | 0 ||| qw: Version: 0.1-a-104-g96f76f8
     0 | D:1      | 0 ||| qw: Game counter: 5944
     0 | D:1      | 0 ||| qw: Always use a shield: true
     0 | D:1      | 0 ||| qw: God list: Okawaru
     0 | D:1      | 0 ||| qw: Allow faded altars: false
     0 | D:1      | 0 ||| qw: Do Orc after D:15 true
     0 | D:1      | 0 ||| qw: Do second Lair branch before Depths: true
     0 | D:1      | 0 ||| qw: Lair rune preference: random
     0 | D:1      | 0 ||| qw: Plans: Normal
     0 | D:1      | 0 ||| PLANNING D:1-11
     1 | D:1      | 1 ||| DROPPING +1 dagger.
   212 | D:1      | 212 ||| Stepping ~*~*~tactically~*~*~ (hiding).
   319 | D:1      | Reached skill level 1 in Unarmed Combat
   462 | D:1      | Reached XP level 2. HP: 22/22 MP: 3/3
   465 | D:1      | Reached skill level 1 in Fighting
   559 | D:1      | Found a faded altar of an unknown god.
   763 | D:1      | 763 ||| UPGRADING to +0 chain mail.
   773 | D:1      | 773 ||| DROPPING +0 robe.
   774 | D:1      | 774 ||| READING scroll labelled MUOTUB CARGHY.
   775 | D:1      | 775 ||| READING scroll labelled IMOIMA NUO.
   776 | D:1      | 776 ||| READING scroll labelled HOXTEK GESOO.
   777 | D:1      | 777 ||| READING scroll labelled JEPRYST PUOCK.
   778 | D:1      | 778 ||| READING scroll labelled MENNUNWE ANOTS.
   779 | D:1      | 779 ||| READING scroll labelled QAROSI COEGH.
   779 | D:1      | Identified a scroll of acquirement
   779 | D:1      | 779 ||| ACQUIRING +2 pair of gloves of stealth
   779 | D:1      | Acquired a +2 pair of gloves of stealth
   781 | D:1      | 781 ||| UPGRADING to +2 pair of gloves of stealth.
   786 | D:1      | 786 ||| DROPPING 2 potions of invisibility.
  1045 | D:2      | Identified the +7 scale mail "Mame" {Will+ Int+5 Slay+3}
  1173 | D:2      | 1173 ||| READING scroll of acquirement.
  1173 | D:2      | 1173 ||| ACQUIRING 948 gold pieces
  1173 | D:2      | Acquired 948 gold pieces
  1226 | D:2      | Reached XP level 3. HP: 27/28 MP: 4/4
  1275 | D:2      | 1275 ||| Stepping ~*~*~tactically~*~*~ (outnumbered).
  1391 | D:2      | Identified the +1 scale mail of Birdsong {rCorr Str+3
                  | Dex-3}
  1408 | D:2      | Reached skill level 3 in Unarmed Combat
  1507 | D:2      | Reached skill level 1 in Armour
  1507 | D:2      | Reached XP level 4. HP: 35/35 MP: 5/5
  1725 | D:2      | 1725 ||| UPGRADING to +7 scale mail "Mame" {Will+ Int+5
                  | Slay+3}.
  1735 | D:2      | 1735 ||| DROPPING +0 chain mail.
  1736 | D:2      | 1736 ||| READING scroll labelled SATOIG JOCOSO.
  1737 | D:2      | 1737 ||| READING scroll labelled LUUBLAQ YTOSAH.
  1738 | D:2      | 1738 ||| READING scroll labelled VERADEL SUSHEIMM.
  1739 | D:2      | 1739 ||| READING scroll labelled TOINU RYOMIDELL.
  1740 | D:2      | 1740 ||| DRINKING 2 fuming brown potions.
  1793 | D:3      | 1793 ||| Stepping ~*~*~tactically~*~*~ (outnumbered).
  1795 | D:3      | 1795 ||| Stepping ~*~*~tactically~*~*~ (outnumbered).
  1797 | D:3      | 1797 ||| Stepping ~*~*~tactically~*~*~ (outnumbered).
  2036 | D:3      | 2036 ||| Stepping ~*~*~tactically~*~*~ (stealth).
  2041 | D:3      | 2041 ||| Stepping ~*~*~tactically~*~*~ (stealth).
  2042 | D:3      | 2042 ||| Stepping ~*~*~tactically~*~*~ (stealth).
  2047 | D:3      | 2047 ||| Stepping ~*~*~tactically~*~*~ (stealth).
  2048 | D:3      | 2048 ||| Stepping ~*~*~tactically~*~*~ (stealth).
  2052 | D:3      | 2052 ||| Stepping ~*~*~tactically~*~*~ (stealth).
  2063 | D:3      | 2063 ||| Stepping ~*~*~tactically~*~*~ (stealth).
  2064 | D:3      | 2064 ||| Stepping ~*~*~tactically~*~*~ (stealth).
  2093 | D:3      | 2093 ||| Stepping ~*~*~tactically~*~*~ (stealth).
  2111 | D:3      | 2111 ||| Stepping ~*~*~tactically~*~*~ (stealth).
  2115 | D:3      | 2115 ||| Stepping ~*~*~tactically~*~*~ (stealth).
  2117 | D:3      | 2117 ||| Stepping ~*~*~tactically~*~*~ (stealth).
  2119 | D:3      | 2119 ||| Stepping ~*~*~tactically~*~*~ (stealth).
  2121 | D:3      | 2121 ||| Stepping ~*~*~tactically~*~*~ (stealth).
  2122 | D:3      | 2122 ||| Stepping ~*~*~tactically~*~*~ (stealth).
  2124 | D:3      | 2124 ||| Stepping ~*~*~tactically~*~*~ (stealth).
  2126 | D:3      | 2126 ||| Stepping ~*~*~tactically~*~*~ (hiding).
  2397 | D:3      | Found a bloodstained altar of Trog.
  2501 | D:3      | 2501 ||| DRINKING 2 silvery potions.
  2601 | D:4      | Reached skill level 2 in Fighting
  2601 | D:4      | Reached XP level 5. HP: 27/42 MP: 6/6
  2786 | D:4      | Found Ufiekkiff's General Store.
  2796 | D:4      | 2796 ||| BUYING +2 pair of gloves of strength (236 gold).
  2796 | D:4      | Bought a +2 pair of gloves of strength for 236 gold pieces
  2796 | D:4      | 2796 ||| BUYING scroll of identify (22 gold).
  2796 | D:4      | Bought a scroll of identify for 22 gold pieces
  2800 | D:4      | 2800 ||| Stepping ~*~*~tactically~*~*~ (stealth).
  2846 | D:4      | 2846 ||| Stepping ~*~*~tactically~*~*~ (hiding).
  2948 | D:4      | 2948 ||| Stepping ~*~*~tactically~*~*~ (hiding).
  3050 | D:4      | 3050 ||| Stepping ~*~*~tactically~*~*~ (hiding).
  3251 | D:4      | Noticed a phantom
  3273 | D:4      | Killed a phantom
  3275 | D:4      | 3275 ||| Stepping ~*~*~tactically~*~*~ (stealth).
  3278 | D:4      | 3278 ||| Stepping ~*~*~tactically~*~*~ (stealth).
  3279 | D:4      | 3279 ||| Stepping ~*~*~tactically~*~*~ (stealth).
  3339 | D:4      | Noticed Ijyb
  3341 | D:4      | Noticed Grinder
  3377 | D:4      | Killed Ijyb
  3378 | D:4      | Reached XP level 6. HP: 44/50 MP: 7/7
  3380 | D:4      | Paralysed by Grinder for 3 turns
  3395 | D:4      | 3395 ||| Stepping ~*~*~tactically~*~*~ (hiding).
  3410 | D:4      | Killed Grinder
  3411 | D:4      | Reached skill level 6 in Unarmed Combat
  3411 | D:4      | Reached XP level 7. HP: 27/56 MP: 8/8
  3413 | D:4      | 3413 ||| FLEEEEING.
  3414 | D:4      | 3414 ||| STAIRDANCE
  3569 | D:3      | 3569 ||| UPGRADING to +2 pair of gloves of strength.
  3579 | D:3      | 3579 ||| DROPPING +2 pair of gloves of stealth.
  3580 | D:3      | 3580 ||| DRINKING 2 fuming orange potions.
  3581 | D:3      | 3581 ||| DRINKING 2 ruby potions.
  3582 | D:3      | 3582 ||| DROPPING potion of lignification.
  3586 | D:4      | 3586 ||| Stepping ~*~*~tactically~*~*~ (stealth).
  3587 | D:4      | 3587 ||| Stepping ~*~*~tactically~*~*~ (stealth).
  3865 | D:4      | Found a hide-covered altar of Uskayaw.
  3882 | D:4      | Reached skill level 3 in Fighting
  4025 | D:4      | 4025 ||| DRINKING 2 emerald potions.
  4026 | D:4      | 4026 ||| DRINKING 3 metallic orange potions.
  4027 | D:4      | 4027 ||| DROPPING potion of magic.
  4028 | D:4      | 4028 ||| DROPPING 2 potions of attraction.
  4045 | D:5      | Entered Level 5 of the Dungeon
  4720 | D:5      | 4720 ||| Stepping ~*~*~tactically~*~*~ (hiding).
  4721 | D:5      | 4721 ||| Stepping ~*~*~tactically~*~*~ (hiding).
  4734 | D:5      | Reached skill level 4 in Fighting
  4734 | D:5      | Reached XP level 8. HP: 56/66 MP: 9/9
  4735 | D:5      | 4735 ||| Stepping ~*~*~tactically~*~*~ (outnumbered).
  4961 | D:5      | Reached skill level 9 in Unarmed Combat
  5018 | D:5      | 5018 ||| UPGRADING to +0 pair of boots.
  5023 | D:5      | 5023 ||| UPGRADING to +0 helmet.
  5028 | D:5      | 5028 ||| READING scroll of enchant armour.
  5028 | D:5      | 5028 ||| ENCHANTING +0 helmet.
  5029 | D:5      | 5029 ||| READING scroll labelled YFAYRPH HIPP.
  5030 | D:5      | 5030 ||| DRINKING 2 lumpy coppery potions.
  5031 | D:5      | 5031 ||| DRINKING 2 orange potions.
  5032 | D:5      | 5032 ||| DROPPING potion of flight.
  5033 | D:5      | 5033 ||| DROPPING potion of degeneration.
  5172 | D:6      | Noticed a wyvern
  5179 | D:6      | Killed a wyvern
  5180 | D:6      | Reached skill level 3 in Armour
  5224 | D:6      | Identified the +9 trident "Qukuf" {freeze, +Blink Fly rPois
                  | Str+3}
  5298 | D:6      | Reached skill level 5 in Fighting
  5339 | D:6      | 5339 ||| Stepping ~*~*~tactically~*~*~ (stealth).
  5361 | D:6      | Found a basalt altar of Yredelemnul.
  5392 | D:6      | 5392 ||| Stepping ~*~*~tactically~*~*~ (stealth).
  5395 | D:6      | 5395 ||| Stepping ~*~*~tactically~*~*~ (hiding).
  5431 | D:6      | Reached XP level 9. HP: 73/74 MP: 10/10
  5547 | D:6      | Found a staircase to the Ecumenical Temple.
  5548 | D:6      | 5548 ||| PLANNING TEMPLE
  5550 | D:6      | 5550 ||| Stepping ~*~*~tactically~*~*~ (outnumbered).
  5572 | Temple   | Entered the Ecumenical Temple
  5578 | Temple   | Became a worshipper of Warmaster Okawaru
  5580 | Temple   | 5580 ||| PLANNING D:1-11
  5647 | D:6      | Reached skill level 6 in Fighting
  5654 | D:6      | 5654 ||| Stepping ~*~*~tactically~*~*~ (stealth).
  5824 | D:6      | 5824 ||| Stepping randomly (stuck).
  5890 | D:7      | Found a shadowy altar of Dithmenos.
  5896 | D:7      | 5896 ||| Stepping ~*~*~tactically~*~*~ (outnumbered).
  5907 | D:7      | 5907 ||| Stepping ~*~*~tactically~*~*~ (outnumbered).
  5908 | D:7      | 5908 ||| Stepping ~*~*~tactically~*~*~ (outnumbered).
  5909 | D:7      | 5909 ||| Stepping ~*~*~tactically~*~*~ (outnumbered).
  5932 | D:7      | HP: 8/75 [orc warrior/+0 trident (14)]
  5933 | D:7      | 5933 ||| DRINKING 3 potions of heal wounds.
  5936 | D:7      | Reached * piety under Okawaru
  5937 | D:7      | 5937 ||| INVOKING Heroism.
  5947 | D:7      | Reached skill level 1 in Invocations
  5952 | D:7      | 5952 ||| INVOKING Heroism.
  5953 | D:7      | Identified the +1 leather armour of the Stag {*Slow rF+
                  | rN+}
  6142 | D:7      | 6142 ||| Stepping ~*~*~tactically~*~*~ (hiding).
  6148 | D:7      | 6148 ||| INVOKING Heroism.
  6184 | D:7      | 6184 ||| Stepping ~*~*~tactically~*~*~ (stealth).
  6186 | D:7      | 6186 ||| Stepping ~*~*~tactically~*~*~ (stealth).
  6201 | D:7      | 6201 ||| Stepping ~*~*~tactically~*~*~ (stealth).
  6202 | D:7      | 6202 ||| Stepping ~*~*~tactically~*~*~ (stealth).
  6217 | D:7      | 6217 ||| Stepping ~*~*~tactically~*~*~ (stealth).
  6218 | D:7      | 6218 ||| Stepping ~*~*~tactically~*~*~ (stealth).
  6224 | D:7      | 6224 ||| INVOKING Heroism.
  6226 | D:7      | 6226 ||| Stepping ~*~*~tactically~*~*~ (outnumbered).
  6227 | D:7      | 6227 ||| Stepping ~*~*~tactically~*~*~ (stealth).
  6414 | D:7      | Reached skill level 3 in Invocations
  6562 | D:7      | 6562 ||| Stepping ~*~*~tactically~*~*~ (hiding).
  6673 | D:7      | 6673 ||| UPGRADING to +0 kite shield.
  6678 | D:7      | 6678 ||| DROPPING scarf of invisibility.
  6679 | D:7      | 6679 ||| DROPPING ring of wizardry.
  6680 | D:7      | 6680 ||| UPGRADING to ring of protection from cold.
  6681 | D:7      | 6681 ||| READING scroll labelled QOERHO WUDWOYXUSS.
  6684 | D:7      | 6684 ||| READING 2 scrolls labelled ALAONA IMUENO.
  6685 | D:7      | 6685 ||| DRINKING 3 puce potions.
  6686 | D:7      | 6686 ||| DROPPING 2 potions of brilliance.
  6719 | D:8      | 6719 ||| INVOKING Heroism.
  6768 | D:8      | 6768 ||| Stepping ~*~*~tactically~*~*~ (hiding).
  6769 | D:8      | 6769 ||| Stepping ~*~*~tactically~*~*~ (hiding).
  6778 | D:8      | 6778 ||| INVOKING Heroism.
  6786 | D:8      | Reached skill level 1 in Shields
  6815 | D:8      | 6815 ||| Stepping ~*~*~tactically~*~*~ (stealth).
  6973 | D:8      | 6973 ||| INVOKING Heroism.
  6977 | D:8      | 6977 ||| Stepping ~*~*~tactically~*~*~ (cloud).
  7026 | D:8      | 7026 ||| Stepping ~*~*~tactically~*~*~ (stealth).
  7027 | D:8      | 7027 ||| Stepping ~*~*~tactically~*~*~ (stealth).
  7076 | D:8      | 7076 ||| INVOKING Heroism.
  7086 | D:8      | 7086 ||| Stepping ~*~*~tactically~*~*~ (outnumbered).
  7088 | D:8      | 7088 ||| Stepping ~*~*~tactically~*~*~ (outnumbered).
  7091 | D:8      | 7091 ||| Stepping ~*~*~tactically~*~*~ (outnumbered).
  7093 | D:8      | Reached XP level 10. HP: 83/83 MP: 10/12
  7137 | D:8      | 7137 ||| Stepping ~*~*~tactically~*~*~ (stealth).
  7141 | D:8      | 7141 ||| Stepping ~*~*~tactically~*~*~ (hiding).
  7504 | D:8      | 7504 ||| READING scroll labelled PYLUES XOEWK.
  7652 | D:9      | 7652 ||| Stepping ~*~*~tactically~*~*~ (stealth).
  7655 | D:9      | 7655 ||| INVOKING Heroism.
  7660 | D:9      | Reached skill level 3 in Shields
  7664 | D:9      | 7664 ||| Stepping ~*~*~tactically~*~*~ (outnumbered).
  7744 | D:9      | Found a flagged portal.
  7805 | D:9      | Found a staircase to the Orcish Mines.
  7885 | D:9      | Found a staircase to the Lair.
  8022 | D:9      | Found a sacrificial altar of Ru.
  8025 | D:9      | Found a shimmering blue altar of Sif Muna.
  8030 | D:9      | Found a broken altar of Ashenzari.
  8055 | D:9      | Found a sparkling altar of Nemelex Xobeh.
  8070 | D:9      | 8070 ||| INVOKING Heroism.
  8168 | D:9      | 8168 ||| Stepping ~*~*~tactically~*~*~ (hiding).
  8176 | D:9      | 8176 ||| FLEEEEING.
  8177 | D:9      | 8177 ||| FLEEEEING.
  8178 | D:9      | 8178 ||| FLEEEEING.
  8179 | D:9      | 8179 ||| FLEEEEING.
  8183 | D:9      | 8183 ||| FLEEEEING.
  8184 | D:9      | 8184 ||| FLEEEEING.
  8185 | D:9      | 8185 ||| FLEEEEING.
  8186 | D:9      | 8186 ||| FLEEEEING.
  8188 | D:9      | 8188 ||| FLEEEEING.
  8189 | D:9      | 8189 ||| FLEEEEING.
  8190 | D:9      | 8190 ||| FLEEEEING.
  8191 | D:9      | 8191 ||| FLEEEEING.
  8192 | D:9      | 8192 ||| FLEEEEING.
  8193 | D:9      | 8193 ||| FLEEEEING.
  8194 | D:9      | 8194 ||| FLEEEEING.
  8195 | D:9      | 8195 ||| FLEEEEING.
  8196 | D:9      | 8196 ||| FLEEEEING.
  8197 | D:9      | 8197 ||| FLEEEEING.
  8198 | D:9      | 8198 ||| FLEEEEING.
  8199 | D:9      | 8199 ||| FLEEEEING.
  8200 | D:9      | 8200 ||| FLEEEEING.
  8201 | D:9      | 8201 ||| FLEEEEING.
  8202 | D:9      | 8202 ||| FLEEEEING.
  8203 | D:9      | 8203 ||| FLEEEEING.
  8208 | D:9      | 8208 ||| FLEEEEING.
  8211 | D:9      | 8211 ||| FLEEEEING.
  8212 | D:9      | 8212 ||| FLEEEEING.
  8213 | D:9      | 8213 ||| FLEEEEING.
  8214 | D:9      | 8214 ||| FLEEEEING.
  8215 | D:9      | 8215 ||| FLEEEEING.
  8216 | D:9      | 8216 ||| FLEEEEING.
  8217 | D:9      | 8217 ||| FLEEEEING.
  8218 | D:9      | 8218 ||| FLEEEEING.
  8220 | D:9      | 8220 ||| FLEEEEING.
  8221 | D:9      | 8221 ||| FLEEEEING.
  8222 | D:9      | 8222 ||| FLEEEEING.
  8223 | D:9      | 8223 ||| FLEEEEING.
  8335 | D:9      | 8335 ||| Stepping ~*~*~tactically~*~*~ (stealth).
  8337 | D:9      | 8337 ||| Stepping ~*~*~tactically~*~*~ (stealth).
  8339 | D:9      | 8339 ||| Stepping ~*~*~tactically~*~*~ (hiding).
  8344 | D:9      | 8344 ||| INVOKING Heroism.
  8345 | D:9      | 8345 ||| Stepping ~*~*~tactically~*~*~ (outnumbered).
  8466 | D:9      | Reached skill level 1 in Throwing
  8472 | D:9      | Reached ** piety under Okawaru
  8647 | D:9      | 8647 ||| INVOKING Heroism.
  8649 | D:9      | 8649 ||| Stepping ~*~*~tactically~*~*~ (hiding).
  8713 | D:9      | 8713 ||| PLANNING LAIR
  8713 | D:9      | 8713 ||| READING scroll labelled QUWUBB ZULETU.
  8808 | Lair:1   | Entered Level 1 of the Lair of Beasts
  8817 | Lair:1   | Reached skill level 6 in Shields
  8822 | Lair:1   | 8822 ||| INVOKING Heroism.
  8826 | Lair:1   | Noticed a cane toad
  8827 | Lair:1   | 8827 ||| Stepping ~*~*~tactically~*~*~ (stealth).
  8832 | Lair:1   | Killed a cane toad
  8833 | Lair:1   | Reached skill level 12 in Unarmed Combat
  8908 | Lair:1   | 8908 ||| INVOKING Heroism.
  8911 | Lair:1   | 8911 ||| Stepping ~*~*~tactically~*~*~ (outnumbered).
  8912 | Lair:1   | 8912 ||| Stepping ~*~*~tactically~*~*~ (outnumbered).
  8913 | Lair:1   | 8913 ||| Stepping ~*~*~tactically~*~*~ (outnumbered).
  8914 | Lair:1   | 8914 ||| Stepping ~*~*~tactically~*~*~ (outnumbered).
  8918 | Lair:1   | 8918 ||| Stepping ~*~*~tactically~*~*~ (outnumbered).
  8919 | Lair:1   | 8919 ||| Stepping ~*~*~tactically~*~*~ (outnumbered).
  8920 | Lair:1   | 8920 ||| Stepping ~*~*~tactically~*~*~ (outnumbered).
  8921 | Lair:1   | 8921 ||| Stepping ~*~*~tactically~*~*~ (outnumbered).
  8922 | Lair:1   | 8922 ||| Stepping ~*~*~tactically~*~*~ (outnumbered).
  8931 | Lair:1   | 8931 ||| Stepping ~*~*~tactically~*~*~ (outnumbered).
  8937 | Lair:1   | Reached skill level 7 in Fighting
  8937 | Lair:1   | 8937 ||| INVOKING Heroism.
  9276 | Lair:1   | 9276 ||| INVOKING Heroism.
  9344 | Lair:1   | 9344 ||| Stepping ~*~*~tactically~*~*~ (stealth).
  9347 | Lair:1   | 9347 ||| Stepping ~*~*~tactically~*~*~ (outnumbered).
  9350 | Lair:1   | 9350 ||| INVOKING Heroism.
  9356 | Lair:1   | Reached XP level 11. HP: 82/92 MP: 10/13
  9360 | Lair:1   | Reached *** piety under Okawaru
  9686 | Lair:1   | 9686 ||| INVOKING Heroism.
  9785 | Lair:1   | 9785 ||| INVOKING Heroism.
  9856 | Lair:1   | 9856 ||| DRINKING 3 dark potions.
  9918 | Lair:2   | 9918 ||| INVOKING Heroism.
  9946 | Lair:2   | 9946 ||| INVOKING Heroism.
  9947 | Lair:2   | 9947 ||| Stepping ~*~*~tactically~*~*~ (stealth).
  9951 | Lair:2   | Reached skill level 8 in Fighting
  9960 | Lair:2   | Reached **** piety under Okawaru
  9967 | Lair:2   | 9967 ||| Stepping ~*~*~tactically~*~*~ (stealth).
  9979 | Lair:2   | 9979 ||| INVOKING Heroism.
 10008 | Lair:2   | Reached skill level 6 in Invocations
 10055 | Lair:2   | 10055 ||| Stepping ~*~*~tactically~*~*~ (stealth).
 10059 | Lair:2   | 10059 ||| Stepping ~*~*~tactically~*~*~ (stealth).
 10063 | Lair:2   | 10063 ||| Stepping ~*~*~tactically~*~*~ (stealth).
 10173 | Lair:2   | Found a staircase to the Snake Pit.
 10199 | Lair:2   | 10199 ||| INVOKING Heroism.
 10206 | Lair:2   | Reached ***** piety under Okawaru
 10261 | Lair:2   | 10261 ||| INVOKING Heroism.
 10347 | Lair:2   | 10347 ||| INVOKING Heroism.
 10429 | Lair:2   | 10429 ||| INVOKING Heroism.
 10435 | Lair:2   | Found a staircase to the Shoals.
 10447 | Lair:2   | Reached XP level 12. HP: 43/102 MP: 14/16
 10458 | Lair:2   | 10458 ||| FLEEEEING.
 10463 | Lair:2   | 10463 ||| FLEEEEING.
 10464 | Lair:2   | 10464 ||| FLEEEEING.
 10468 | Lair:2   | 10468 ||| STAIRDANCE
 10668 | Lair:1   | 10668 ||| READING 4 scrolls of identify.
 10668 | Lair:1   | 10668 ||| IDENTIFYING purple potion
 10669 | Lair:1   | 10669 ||| DROPPING potion of berserk rage.
 10673 | Lair:2   | 10673 ||| Stepping ~*~*~tactically~*~*~ (stealth).
 10730 | Lair:2   | Identified the +10 rapier of Exquisite Torment {drain, rC+}
 11005 | Lair:2   | 11005 ||| INVOKING Heroism.
 11009 | Lair:2   | 11009 ||| Stepping ~*~*~tactically~*~*~ (outnumbered).
 11010 | Lair:2   | 11010 ||| Stepping ~*~*~tactically~*~*~ (outnumbered).
 11011 | Lair:2   | 11011 ||| Stepping ~*~*~tactically~*~*~ (outnumbered).
 11013 | Lair:2   | 11013 ||| Stepping ~*~*~tactically~*~*~ (outnumbered).
 11014 | Lair:2   | 11014 ||| Stepping ~*~*~tactically~*~*~ (outnumbered).
 11015 | Lair:2   | 11015 ||| Stepping ~*~*~tactically~*~*~ (outnumbered).
 11016 | Lair:2   | 11016 ||| Stepping ~*~*~tactically~*~*~ (outnumbered).
 11017 | Lair:2   | 11017 ||| Stepping ~*~*~tactically~*~*~ (outnumbered).
 11018 | Lair:2   | 11018 ||| Stepping ~*~*~tactically~*~*~ (outnumbered).
 11021 | Lair:2   | 11021 ||| INVOKING Heroism.
 11022 | Lair:2   | 11022 ||| Stepping ~*~*~tactically~*~*~ (outnumbered).
 11108 | Lair:2   | 11108 ||| Stepping ~*~*~tactically~*~*~ (stealth).
 11237 | Lair:2   | 11237 ||| Stepping ~*~*~tactically~*~*~ (outnumbered).
 11238 | Lair:2   | 11238 ||| Stepping ~*~*~tactically~*~*~ (outnumbered).
 11542 | Lair:3   | Noticed a six-headed hydra
 11543 | Lair:3   | 11543 ||| INVOKING Heroism.
 11544 | Lair:3   | 11544 ||| INVOKING Finesse.
 11553 | Lair:3   | Killed a six-headed hydra
 11633 | Lair:3   | 11633 ||| INVOKING Heroism.
 11638 | Lair:3   | 11638 ||| Stepping ~*~*~tactically~*~*~ (stealth).
 11648 | Lair:3   | 11648 ||| Stepping ~*~*~tactically~*~*~ (stealth).
 11651 | Lair:3   | 11651 ||| Stepping ~*~*~tactically~*~*~ (stealth).
 11652 | Lair:3   | 11652 ||| Stepping ~*~*~tactically~*~*~ (stealth).
 11655 | Lair:3   | 11655 ||| Stepping ~*~*~tactically~*~*~ (stealth).
 11660 | Lair:3   | 11660 ||| INVOKING Heroism.
 11670 | Lair:3   | Received a gift from Okawaru
 11708 | Lair:3   | 11708 ||| INVOKING Heroism.
 11872 | Lair:3   | 11872 ||| Stepping ~*~*~tactically~*~*~ (stealth).
 11873 | Lair:3   | 11873 ||| Stepping ~*~*~tactically~*~*~ (stealth).
 11888 | Lair:3   | Reached skill level 9 in Invocations
 11932 | Lair:3   | 11932 ||| Stepping ~*~*~tactically~*~*~ (stealth).
 12241 | Lair:3   | 12241 ||| INVOKING Heroism.
 12325 | Lair:3   | Found a sacrificial altar of Ru.
 12507 | Lair:3   | 12507 ||| UPGRADING to ring of willpower.
 12508 | Lair:3   | 12508 ||| DRINKING 2 white potions.
 12520 | Lair:4   | 12520 ||| PLANNING GAUNTLET
 12597 | Lair:4   | 12597 ||| INVOKING Heroism.
 12603 | Lair:4   | 12603 ||| Stepping ~*~*~tactically~*~*~ (outnumbered).
 12604 | Lair:4   | 12604 ||| Stepping ~*~*~tactically~*~*~ (outnumbered).
 12617 | Lair:4   | Reached skill level 15 in Unarmed Combat
 12764 | Lair:4   | 12764 ||| Stepping ~*~*~tactically~*~*~ (stealth).
 12766 | Lair:4   | 12766 ||| Stepping ~*~*~tactically~*~*~ (stealth).
 12768 | Lair:4   | 12768 ||| INVOKING Heroism.
 12778 | Lair:4   | Received a gift from Okawaru
 12780 | Lair:4   | 12780 ||| Stepping ~*~*~tactically~*~*~ (outnumbered).
 12781 | Lair:4   | 12781 ||| Stepping ~*~*~tactically~*~*~ (outnumbered).
 12782 | Lair:4   | 12782 ||| Stepping ~*~*~tactically~*~*~ (outnumbered).
 12787 | Lair:4   | 12787 ||| Stepping ~*~*~tactically~*~*~ (outnumbered).
 12788 | Lair:4   | 12788 ||| Stepping ~*~*~tactically~*~*~ (outnumbered).
 12789 | Lair:4   | 12789 ||| Stepping ~*~*~tactically~*~*~ (outnumbered).
 12790 | Lair:4   | 12790 ||| Stepping ~*~*~tactically~*~*~ (outnumbered).
 12791 | Lair:4   | 12791 ||| Stepping ~*~*~tactically~*~*~ (outnumbered).
 12870 | Lair:4   | Identified the +1 ring mail of Kleptomania {rC+ Will+}
 12974 | Lair:4   | Found a runed translucent door.
 13027 | Lair:4   | Found a gate leading to a gauntlet.
 13038 | Gauntlet | Entered a Gauntlet
 13038 | Gauntlet | Found a transporter.
 13048 | Gauntlet | Found a transporter.
 13061 | Gauntlet | Found a transporter.
 13062 | Gauntlet | Found a transporter.
 13065 | Gauntlet | Noticed a ghost crab
 13074 | Gauntlet | Found a transporter.
 13089 | Gauntlet | Found a transporter.
 13092 | Gauntlet | Noticed a great orb of eyes
 13097 | Gauntlet | Noticed a death scarab
 13098 | Gauntlet | Noticed a death scarab
 13100 | Gauntlet | Found a transporter.
 13111 | Gauntlet | Found a transporter.
 13118 | Gauntlet | Found a transporter.
 13120 | Gauntlet | Found a transporter.
 13139 | Gauntlet | Found a transporter.
 13146 | Gauntlet | Found a transporter.
 13202 | Gauntlet | Found a transporter.
 13215 | Gauntlet | Found a transporter.
 13290 | Gauntlet | 13290 ||| INVOKING Heroism.
 13297 | Gauntlet | Reached skill level 3 in Throwing
 13423 | Gauntlet | Identified the +0 pair of gloves of Goimuhag {Dex+5}
 13425 | Gauntlet | 13425 ||| DROPPING +0 pair of gloves of Goimuhag {Dex+5}.
 13445 | Gauntlet | 13445 ||| INVOKING Heroism.
 13654 | Gauntlet | 13654 ||| Stepping randomly (stuck).
 13658 | Gauntlet | 13658 ||| Stepping ~*~*~tactically~*~*~ (outnumbered).
 13663 | Gauntlet | Killed a ghost crab
 13664 | Gauntlet | Reached skill level 9 in Fighting
 13664 | Gauntlet | Reached XP level 13. HP: 101/111 MP: 19/19
 13702 | Gauntlet | 13702 ||| DROPPING scarf of invisibility.
 13721 | Gauntlet | Noticed a minotaur
 13722 | Gauntlet | 13722 ||| Stepping ~*~*~tactically~*~*~ (hiding).
 13723 | Gauntlet | 13723 ||| INVOKING Heroism.
 13725 | Gauntlet | 13725 ||| INVOKING Finesse.
 13731 | Gauntlet | HP: 24/111 [minotaur/+3 trident of venom (17)]
 13732 | Gauntlet | 13732 ||| DRINKING 5 potions of heal wounds.
 13733 | Gauntlet | 13733 ||| DRINKING 4 potions of heal wounds.
 13738 | Gauntlet | Killed a minotaur
 13959 | Gauntlet | 13959 ||| READING scroll of enchant armour.
 13959 | Gauntlet | 13959 ||| ENCHANTING +1 helmet.
 13987 | Lair:4   | 13987 ||| PLANNING LAIR
 14045 | Lair:4   | 14045 ||| INVOKING Heroism.
 14046 | Lair:4   | 14046 ||| INVOKING Finesse.
 14147 | Lair:4   | Found a viscous altar of Jiyva.
 14148 | Lair:4   | Found a staircase to the Slime Pits.
 14268 | Lair:4   | 14268 ||| INVOKING Heroism.
 14271 | Lair:4   | 14271 ||| Stepping ~*~*~tactically~*~*~ (outnumbered).
 14276 | Lair:4   | 14276 ||| Stepping ~*~*~tactically~*~*~ (outnumbered).
 14277 | Lair:4   | 14277 ||| Stepping ~*~*~tactically~*~*~ (outnumbered).
 14282 | Lair:4   | 14282 ||| Stepping ~*~*~tactically~*~*~ (outnumbered).
 14283 | Lair:4   | 14283 ||| Stepping ~*~*~tactically~*~*~ (outnumbered).
 14416 | Lair:4   | Found a runed translucent door.
 14417 | Lair:4   | Noticed qw's ghost (journeyman TrCA)
 14806 | Lair:4   | 14806 ||| UPGRADING to amulet of the acrobat.
 14822 | Lair:5   | Entered Level 5 of the Lair of Beasts
 14823 | Lair:5   | 14823 ||| STAIRDANCE
 14852 | Lair:5   | 14852 ||| STAIRDANCE
 14854 | Lair:4   | 14854 ||| INVOKING Heroism.
 14855 | Lair:4   | 14855 ||| Stepping ~*~*~tactically~*~*~ (outnumbered).
 14856 | Lair:4   | 14856 ||| Stepping ~*~*~tactically~*~*~ (outnumbered).
 14858 | Lair:4   | 14858 ||| Stepping ~*~*~tactically~*~*~ (outnumbered).
 14859 | Lair:4   | 14859 ||| Stepping ~*~*~tactically~*~*~ (outnumbered).
 14860 | Lair:4   | 14860 ||| Stepping ~*~*~tactically~*~*~ (outnumbered).
 14998 | Lair:5   | 14998 ||| STAIRDANCE
 15000 | Lair:4   | 15000 ||| INVOKING Heroism.
 15001 | Lair:4   | 15001 ||| INVOKING Finesse.
 15012 | Lair:4   | Received a gift from Okawaru
 15085 | Lair:5   | 15085 ||| INVOKING Heroism.
 15086 | Lair:5   | 15086 ||| STAIRDANCE
 15120 | Lair:5   | 15120 ||| INVOKING Finesse.
 15214 | Lair:5   | 15214 ||| INVOKING Heroism.
 15215 | Lair:5   | 15215 ||| Stepping ~*~*~tactically~*~*~ (stealth).
 15220 | Lair:5   | 15220 ||| Stepping ~*~*~tactically~*~*~ (stealth).
 15221 | Lair:5   | 15221 ||| Stepping ~*~*~tactically~*~*~ (stealth).
 15222 | Lair:5   | 15222 ||| Stepping ~*~*~tactically~*~*~ (stealth).
 15224 | Lair:5   | 15224 ||| Stepping ~*~*~tactically~*~*~ (outnumbered).
 15225 | Lair:5   | 15225 ||| Stepping ~*~*~tactically~*~*~ (outnumbered).
 15226 | Lair:5   | 15226 ||| Stepping ~*~*~tactically~*~*~ (outnumbered).
 15227 | Lair:5   | 15227 ||| Stepping ~*~*~tactically~*~*~ (outnumbered).
 15228 | Lair:5   | 15228 ||| Stepping ~*~*~tactically~*~*~ (outnumbered).
 15238 | Lair:5   | 15238 ||| Stepping ~*~*~tactically~*~*~ (outnumbered).
 15240 | Lair:5   | 15240 ||| Stepping ~*~*~tactically~*~*~ (outnumbered).
 15257 | Lair:5   | 15257 ||| INVOKING Heroism.
 15287 | Lair:5   | Reached skill level 9 in Shields
 15321 | Lair:5   | 15321 ||| INVOKING Heroism.
 15383 | Lair:5   | 15383 ||| INVOKING Heroism.
 15394 | Lair:5   | 15394 ||| INVOKING Heroism.
 15501 | Lair:5   | Reached skill level 10 in Fighting
 15506 | Lair:5   | 15506 ||| INVOKING Heroism.
 15540 | Lair:5   | 15540 ||| INVOKING Finesse.
 15548 | Lair:5   | 15548 ||| INVOKING Heroism.
 15704 | Lair:5   | 15704 ||| INVOKING Heroism.
 15735 | Lair:5   | 15735 ||| Stepping ~*~*~tactically~*~*~ (stealth).
 15780 | Lair:5   | 15780 ||| INVOKING Heroism.
 15782 | Lair:5   | 15782 ||| Stepping ~*~*~tactically~*~*~ (stealth).
 15851 | Lair:5   | Received a gift from Okawaru
 15871 | Lair:5   | 15871 ||| INVOKING Heroism.
 15902 | Lair:5   | 15902 ||| INVOKING Heroism.
 15921 | Lair:5   | HP: 24/113 [cane toad (11)]
 15922 | Lair:5   | 15922 ||| READING 3 scrolls of teleportation.
 15922 | Lair:5   | HP: 10/113 [cane toad (11)]
 15923 | Lair:5   | 15923 ||| DRINKING 3 potions of heal wounds.
 15925 | Lair:5   | 15925 ||| DRINKING 2 potions of heal wounds.
 15928 | Lair:5   | 15928 ||| FLEEEEING.
 15949 | Lair:5   | Reached skill level 3 in Dodging
 15952 | Lair:5   | 15952 ||| Stepping ~*~*~tactically~*~*~ (stealth).
 16035 | Lair:5   | 16035 ||| FLEEEEING.
 16036 | Lair:5   | 16036 ||| FLEEEEING.
 16037 | Lair:5   | 16037 ||| FLEEEEING.
 16038 | Lair:5   | 16038 ||| FLEEEEING.
 16039 | Lair:5   | 16039 ||| Stepping ~*~*~tactically~*~*~ (stealth).
 16040 | Lair:5   | 16040 ||| FLEEEEING.
 16041 | Lair:5   | 16041 ||| FLEEEEING.
 16042 | Lair:5   | 16042 ||| FLEEEEING.
 16043 | Lair:5   | 16043 ||| FLEEEEING.
 16044 | Lair:5   | 16044 ||| FLEEEEING.
 16045 | Lair:5   | 16045 ||| STAIRDANCE
 16296 | Lair:5   | 16296 ||| STAIRDANCE
 16398 | Lair:5   | 16398 ||| INVOKING Heroism.
 16399 | Lair:5   | 16399 ||| Stepping ~*~*~tactically~*~*~ (stealth).
 16401 | Lair:5   | 16401 ||| Stepping ~*~*~tactically~*~*~ (stealth).
 16414 | Lair:5   | Reached XP level 14. HP: 100/121 MP: 20/20
 16641 | Lair:5   | 16641 ||| Stepping ~*~*~tactically~*~*~ (outnumbered).
 16692 | Lair:5   | 16692 ||| INVOKING Heroism.
 16857 | Lair:5   | 16857 ||| Stepping ~*~*~tactically~*~*~ (stealth).
 16858 | Lair:5   | 16858 ||| Stepping ~*~*~tactically~*~*~ (stealth).
 16859 | Lair:5   | 16859 ||| Stepping ~*~*~tactically~*~*~ (stealth).
 16914 | Lair:5   | Reached skill level 18 in Unarmed Combat
 17338 | Lair:5   | 17338 ||| Stepping ~*~*~tactically~*~*~ (hiding).
 17514 | Lair:5   | Received a gift from Okawaru
 17598 | Lair:5   | 17598 ||| INVOKING Heroism.
 17599 | Lair:5   | 17599 ||| INVOKING Finesse.
 17658 | Lair:5   | 17658 ||| INVOKING Heroism.
 17662 | Lair:5   | 17662 ||| Stepping ~*~*~tactically~*~*~ (outnumbered).
 17666 | Lair:5   | 17666 ||| Stepping ~*~*~tactically~*~*~ (outnumbered).
 17667 | Lair:5   | 17667 ||| Stepping ~*~*~tactically~*~*~ (hiding).
 17668 | Lair:5   | 17668 ||| Stepping ~*~*~tactically~*~*~ (hiding).
 17669 | Lair:5   | 17669 ||| Stepping ~*~*~tactically~*~*~ (hiding).
 17670 | Lair:5   | 17670 ||| Stepping ~*~*~tactically~*~*~ (hiding).
 17902 | Lair:5   | 17902 ||| PLANNING D:1-11
 17982 | Lair:2   | 17982 ||| Stepping ~*~*~tactically~*~*~ (stealth).
 18068 | D:10     | Entered Level 10 of the Dungeon
 18139 | D:10     | 18139 ||| INVOKING Heroism.
 18144 | D:10     | Identified the +0 hat of the King {rF+} (Okawaru gifted it
                  | to you on level 10 of the Dungeon)
 18144 | D:10     | Received a gift from Okawaru
 18392 | D:10     | 18392 ||| INVOKING Heroism.
 18994 | D:11     | Noticed Fannar
 18995 | D:11     | 18995 ||| Stepping ~*~*~tactically~*~*~ (hiding).
 19009 | D:11     | 19009 ||| INVOKING Heroism.
 19013 | D:11     | Killed Fannar
 19160 | D:11     | 19160 ||| INVOKING Heroism.
 19198 | D:11     | 19198 ||| Stepping randomly (disturbance).
 19199 | D:11     | 19199 ||| Stepping randomly (disturbance).
 19200 | D:11     | 19200 ||| Stepping randomly (disturbance).
 19201 | D:11     | 19201 ||| Stepping randomly (disturbance).
 19220 | D:11     | Reached skill level 11 in Fighting
 19376 | D:11     | 19376 ||| FLEEEEING.
 19377 | D:11     | 19377 ||| FLEEEEING.
 19560 | D:11     | Noticed Maurice
 19580 | D:11     | Killed Maurice
 19629 | D:11     | 19629 ||| Stepping ~*~*~tactically~*~*~ (hiding).
 19842 | D:11     | Noticed Lodul
 19843 | D:11     | 19843 ||| INVOKING Heroism.
 19844 | D:11     | 19844 ||| INVOKING Finesse.
 19852 | D:11     | Killed Lodul
 20021 | D:11     | 20021 ||| Stepping ~*~*~tactically~*~*~ (stealth).
 20108 | D:11     | 20108 ||| Stepping ~*~*~tactically~*~*~ (hiding).
 20109 | D:11     | 20109 ||| Stepping ~*~*~tactically~*~*~ (hiding).
 20111 | D:11     | 20111 ||| Stepping ~*~*~tactically~*~*~ (hiding).
 20195 | D:11     | 20195 ||| INVOKING Heroism.
 20231 | D:11     | 20231 ||| INVOKING Heroism.
 20401 | D:11     | Identified the ring of Jusoh {AC+4 Str+4}
 20510 | D:11     | 20510 ||| PLANNING D
 20510 | D:11     | 20510 ||| UPGRADING to +1 cloak of stealth.
 20515 | D:11     | 20515 ||| UPGRADING to +4 ring of evasion.
 20517 | D:11     | 20517 ||| UPGRADING to ring of Jusoh {AC+4 Str+4}.
 20519 | D:11     | 20519 ||| DROPPING ring of protection from cold.
 20520 | D:11     | 20520 ||| UPGRADING to +4 ring of evasion.
 20522 | D:11     | 20522 ||| DROPPING ring of willpower.
 20546 | D:12     | 20546 ||| STAIRDANCE
 20553 | D:12     | 20553 ||| STAIRDANCE
 20565 | D:12     | 20565 ||| STAIRDANCE
 20576 | D:12     | 20576 ||| STAIRDANCE
 20585 | D:11     | 20585 ||| INVOKING Heroism.
 20973 | D:12     | 20973 ||| Stepping ~*~*~tactically~*~*~ (hiding).
 21076 | D:12     | 21076 ||| Stepping ~*~*~tactically~*~*~ (hiding).
 21178 | D:12     | 21178 ||| Stepping ~*~*~tactically~*~*~ (hiding).
 21179 | D:12     | 21179 ||| Stepping ~*~*~tactically~*~*~ (hiding).
 21335 | D:12     | 21335 ||| Stepping ~*~*~tactically~*~*~ (hiding).
 21337 | D:12     | 21337 ||| INVOKING Heroism.
 21346 | D:12     | 21346 ||| INVOKING Finesse.
 21347 | D:12     | 21347 ||| Stepping ~*~*~tactically~*~*~ (outnumbered).
 21364 | D:12     | 21364 ||| Stepping ~*~*~tactically~*~*~ (outnumbered).
 21366 | D:12     | 21366 ||| Stepping ~*~*~tactically~*~*~ (outnumbered).
 21372 | D:12     | 21372 ||| Stepping ~*~*~tactically~*~*~ (outnumbered).
 21375 | D:12     | 21375 ||| Stepping ~*~*~tactically~*~*~ (outnumbered).
 21380 | D:12     | 21380 ||| Stepping ~*~*~tactically~*~*~ (outnumbered).
 21472 | D:12     | 21472 ||| READING scroll of enchant armour.
 21472 | D:12     | 21472 ||| ENCHANTING +0 pair of boots.
 21597 | D:12     | 21597 ||| DROPPING ring of see invisible.
 21598 | D:12     | 21598 ||| READING scroll labelled COAPRE SAFFIFU.
 21722 | D:13     | 21722 ||| INVOKING Heroism.
 21808 | D:13     | 21808 ||| Stepping ~*~*~tactically~*~*~ (stealth).
 21834 | D:13     | 21834 ||| Stepping ~*~*~tactically~*~*~ (stealth).
 21837 | D:13     | 21837 ||| INVOKING Heroism.
 21839 | D:13     | 21839 ||| Stepping ~*~*~tactically~*~*~ (outnumbered).
 21840 | D:13     | 21840 ||| Stepping ~*~*~tactically~*~*~ (stealth).
 21842 | D:13     | 21842 ||| Stepping ~*~*~tactically~*~*~ (outnumbered).
 21873 | D:13     | 21873 ||| Stepping ~*~*~tactically~*~*~ (stealth).
 21874 | D:13     | 21874 ||| Stepping ~*~*~tactically~*~*~ (stealth).
 21927 | D:13     | 21927 ||| INVOKING Heroism.
 22072 | D:13     | Found a gate to the Vaults.
 22109 | D:13     | 22109 ||| Stepping ~*~*~tactically~*~*~ (hiding).
 22211 | D:13     | 22211 ||| Stepping ~*~*~tactically~*~*~ (hiding).
 22220 | D:13     | Reached XP level 15. HP: 129/129 MP: 21/21
 22406 | D:13     | Reached skill level 6 in Armour
 22503 | D:13     | Received a gift from Okawaru
 22587 | D:13     | 22587 ||| DROPPING +1 chain mail of willpower.
 22588 | D:13     | 22588 ||| READING 4 scrolls of teleportation.
 22624 | D:13     | 22624 ||| READING 3 scrolls of teleportation.
 22733 | D:13     | Identified the +5 falchion of the Bashing Visionary {pain,
                  | rCorr}
 22740 | D:13     | 22740 ||| READING 2 scrolls of teleportation.
 22775 | D:13     | 22775 ||| READING scroll of teleportation.
 22828 | D:13     | 22828 ||| Stepping ~*~*~tactically~*~*~ (stealth).
 22830 | D:13     | 22830 ||| INVOKING Heroism.
 22831 | D:13     | 22831 ||| INVOKING Finesse.
 22834 | D:13     | 22834 ||| Stepping ~*~*~tactically~*~*~ (hiding).
 22893 | D:13     | 22893 ||| Stepping randomly (stuck).
 22895 | D:13     | 22895 ||| Stepping randomly (stuck).
 22896 | D:13     | 22896 ||| Stepping randomly (stuck).
 22898 | D:13     | 22898 ||| Stepping randomly (stuck).
 22900 | D:13     | 22900 ||| Stepping randomly (stuck).
 22901 | D:13     | 22901 ||| Stepping randomly (stuck).
 22902 | D:13     | 22902 ||| Stepping randomly (stuck).
 22903 | D:13     | 22903 ||| Stepping randomly (stuck).
 22904 | D:13     | 22904 ||| Stepping randomly (stuck).
 22905 | D:13     | 22905 ||| Stepping randomly (stuck).
 22906 | D:13     | 22906 ||| Stepping randomly (stuck).
 22907 | D:13     | 22907 ||| Stepping randomly (stuck).
 22908 | D:13     | 22908 ||| Stepping randomly (stuck).
 22909 | D:13     | 22909 ||| Stepping randomly (stuck).
 22910 | D:13     | 22910 ||| Stepping randomly (stuck).
 22911 | D:13     | 22911 ||| Stepping randomly (stuck).
 22912 | D:13     | 22912 ||| Stepping randomly (stuck).
 22913 | D:13     | 22913 ||| Stepping randomly (stuck).
 22915 | D:13     | 22915 ||| Stepping randomly (stuck).
 22916 | D:13     | 22916 ||| Stepping randomly (stuck).
 22918 | D:13     | 22918 ||| Stepping randomly (stuck).
 22920 | D:13     | 22920 ||| Stepping randomly (stuck).
 22922 | D:13     | 22922 ||| Stepping randomly (stuck).
 22923 | D:13     | 22923 ||| Stepping randomly (stuck).
 22925 | D:13     | 22925 ||| Stepping randomly (stuck).
 22926 | D:13     | 22926 ||| Stepping randomly (stuck).
 22928 | D:13     | 22928 ||| Stepping randomly (stuck).
 22929 | D:13     | 22929 ||| Stepping randomly (stuck).
 22930 | D:13     | 22930 ||| Stepping randomly (stuck).
 22931 | D:13     | 22931 ||| Stepping randomly (stuck).
 22933 | D:13     | 22933 ||| Stepping randomly (stuck).
 22934 | D:13     | 22934 ||| Stepping randomly (stuck).
 22936 | D:13     | 22936 ||| Stepping randomly (stuck).
 22937 | D:13     | 22937 ||| Stepping randomly (stuck).
 22938 | D:13     | 22938 ||| Stepping randomly (stuck).
 22940 | D:13     | 22940 ||| Stepping randomly (stuck).
 22941 | D:13     | 22941 ||| Stepping randomly (stuck).
 22942 | D:13     | 22942 ||| Stepping randomly (stuck).
 22944 | D:13     | 22944 ||| Stepping randomly (stuck).
 22945 | D:13     | 22945 ||| Stepping randomly (stuck).
 22946 | D:13     | 22946 ||| Stepping randomly (stuck).
 22948 | D:13     | 22948 ||| Stepping randomly (stuck).
 22949 | D:13     | 22949 ||| Stepping randomly (stuck).
 22950 | D:13     | 22950 ||| Stepping randomly (stuck).
 22951 | D:13     | 22951 ||| Stepping randomly (stuck).
 22952 | D:13     | 22952 ||| Stepping randomly (stuck).
 22953 | D:13     | 22953 ||| Stepping randomly (stuck).
 22954 | D:13     | 22954 ||| Stepping randomly (stuck).
 22955 | D:13     | 22955 ||| Stepping randomly (stuck).
 22956 | D:13     | 22956 ||| Stepping randomly (stuck).
 22957 | D:13     | 22957 ||| Stepping randomly (stuck).
 22958 | D:13     | 22958 ||| Stepping randomly (stuck).
 22959 | D:13     | 22959 ||| Stepping randomly (stuck).
 22960 | D:13     | 22960 ||| Stepping randomly (stuck).
 22961 | D:13     | 22961 ||| Stepping randomly (stuck).
 22962 | D:13     | 22962 ||| Stepping randomly (stuck).
 22964 | D:13     | 22964 ||| Stepping randomly (stuck).
 22966 | D:13     | 22966 ||| Stepping randomly (stuck).
 22967 | D:13     | 22967 ||| Stepping randomly (stuck).
 22968 | D:13     | 22968 ||| Stepping randomly (stuck).
 22969 | D:13     | 22969 ||| Stepping randomly (stuck).
 22970 | D:13     | 22970 ||| Stepping randomly (stuck).
 22972 | D:13     | 22972 ||| Stepping randomly (stuck).
 22974 | D:13     | 22974 ||| Stepping randomly (stuck).
 22976 | D:13     | 22976 ||| Stepping randomly (stuck).
 22977 | D:13     | 22977 ||| Stepping randomly (stuck).
 22978 | D:13     | 22978 ||| Stepping randomly (stuck).
 22979 | D:13     | 22979 ||| Stepping randomly (stuck).
 22980 | D:13     | 22980 ||| Stepping randomly (stuck).
 22982 | D:13     | 22982 ||| Stepping randomly (stuck).
 22983 | D:13     | 22983 ||| Stepping randomly (stuck).
 22984 | D:13     | 22984 ||| Stepping randomly (stuck).
 22986 | D:13     | 22986 ||| Stepping randomly (stuck).
 22987 | D:13     | 22987 ||| Stepping randomly (stuck).
 22988 | D:13     | 22988 ||| Stepping randomly (stuck).
 22989 | D:13     | 22989 ||| Stepping randomly (stuck).
 22990 | D:13     | 22990 ||| Stepping randomly (stuck).
 22991 | D:13     | 22991 ||| Stepping randomly (stuck).
 22992 | D:13     | 22992 ||| Stepping randomly (stuck).
 22994 | D:13     | 22994 ||| Stepping randomly (stuck).
 22995 | D:13     | 22995 ||| Stepping randomly (stuck).
 22997 | D:13     | 22997 ||| Stepping randomly (stuck).
 22998 | D:13     | 22998 ||| Stepping randomly (stuck).
 22999 | D:13     | 22999 ||| Stepping randomly (stuck).
 23000 | D:13     | 23000 ||| Stepping randomly (stuck).
 23001 | D:13     | 23001 ||| Stepping randomly (stuck).
 23002 | D:13     | 23002 ||| Stepping randomly (stuck).
 23003 | D:13     | 23003 ||| Stepping randomly (stuck).
 23004 | D:13     | 23004 ||| Stepping randomly (stuck).
 23005 | D:13     | 23005 ||| Stepping randomly (stuck).
 23006 | D:13     | 23006 ||| Stepping randomly (stuck).
 23007 | D:13     | 23007 ||| Stepping randomly (stuck).
 23009 | D:13     | 23009 ||| Stepping randomly (stuck).
 23011 | D:13     | 23011 ||| Stepping randomly (stuck).
 23013 | D:13     | 23013 ||| Stepping randomly (stuck).
 23014 | D:13     | 23014 ||| Stepping randomly (stuck).
 23015 | D:13     | 23015 ||| Stepping randomly (stuck).
 23016 | D:13     | 23016 ||| Stepping randomly (stuck).
 23017 | D:13     | 23017 ||| Stepping randomly (stuck).
 23018 | D:13     | 23018 ||| Stepping randomly (stuck).
 23019 | D:13     | 23019 ||| Stepping randomly (stuck).
 23020 | D:13     | 23020 ||| Stepping randomly (stuck).
 23021 | D:13     | 23021 ||| Stepping randomly (stuck).
 23022 | D:13     | 23022 ||| Stepping randomly (stuck).
 23023 | D:13     | 23023 ||| Stepping randomly (stuck).
 23025 | D:13     | 23025 ||| Stepping randomly (stuck).
 23026 | D:13     | 23026 ||| Stepping randomly (stuck).
 23028 | D:13     | 23028 ||| Stepping randomly (stuck).
 23029 | D:13     | 23029 ||| Stepping randomly (stuck).
 23030 | D:13     | 23030 ||| Stepping randomly (stuck).
 23031 | D:13     | 23031 ||| Stepping randomly (stuck).
 23032 | D:13     | 23032 ||| Stepping randomly (stuck).
 23033 | D:13     | 23033 ||| Stepping randomly (stuck).
 23034 | D:13     | 23034 ||| Stepping randomly (stuck).
 23035 | D:13     | 23035 ||| Stepping randomly (stuck).
 23036 | D:13     | 23036 ||| Stepping randomly (stuck).
 23037 | D:13     | 23037 ||| Stepping randomly (stuck).
 23039 | D:13     | 23039 ||| Stepping randomly (stuck).
 23040 | D:13     | 23040 ||| Stepping randomly (stuck).
 23042 | D:13     | 23042 ||| Stepping randomly (stuck).
 23043 | D:13     | 23043 ||| Stepping randomly (stuck).
 23045 | D:13     | 23045 ||| Stepping randomly (stuck).
 23047 | D:13     | 23047 ||| Stepping randomly (stuck).
 23048 | D:13     | 23048 ||| Stepping randomly (stuck).
 23050 | D:13     | 23050 ||| Stepping randomly (stuck).
 23052 | D:13     | 23052 ||| Stepping randomly (stuck).
 23054 | D:13     | 23054 ||| Stepping randomly (stuck).
 23056 | D:13     | 23056 ||| Stepping randomly (stuck).
 23058 | D:13     | 23058 ||| Stepping randomly (stuck).
 23059 | D:13     | 23059 ||| Stepping randomly (stuck).
 23060 | D:13     | 23060 ||| Stepping randomly (stuck).
 23061 | D:13     | 23061 ||| Stepping randomly (stuck).
 23062 | D:13     | 23062 ||| Stepping randomly (stuck).
 23063 | D:13     | 23063 ||| Stepping randomly (stuck).
 23064 | D:13     | 23064 ||| Stepping randomly (stuck).
 23065 | D:13     | 23065 ||| Stepping randomly (stuck).
 23067 | D:13     | 23067 ||| Stepping randomly (stuck).
 23069 | D:13     | 23069 ||| Stepping randomly (stuck).
 23070 | D:13     | 23070 ||| Stepping randomly (stuck).
 23071 | D:13     | 23071 ||| Stepping randomly (stuck).
 23072 | D:13     | 23072 ||| Stepping randomly (stuck).
 23073 | D:13     | 23073 ||| Stepping randomly (stuck).
 23075 | D:13     | 23075 ||| Stepping randomly (stuck).
 23077 | D:13     | 23077 ||| Stepping randomly (stuck).
 23078 | D:13     | 23078 ||| Stepping randomly (stuck).
 23080 | D:13     | 23080 ||| Stepping randomly (stuck).
 23081 | D:13     | 23081 ||| Stepping randomly (stuck).
 23082 | D:13     | 23082 ||| Stepping randomly (stuck).
 23084 | D:13     | 23084 ||| Stepping randomly (stuck).
 23085 | D:13     | 23085 ||| Stepping randomly (stuck).
 23086 | D:13     | 23086 ||| Stepping randomly (stuck).
 23087 | D:13     | 23087 ||| Stepping randomly (stuck).
 23088 | D:13     | 23088 ||| Stepping randomly (stuck).
 23089 | D:13     | 23089 ||| Stepping randomly (stuck).
 23090 | D:13     | 23090 ||| Stepping randomly (stuck).
 23091 | D:13     | 23091 ||| Stepping randomly (stuck).
 23092 | D:13     | 23092 ||| Stepping randomly (stuck).
 23093 | D:13     | 23093 ||| Stepping randomly (stuck).
 23094 | D:13     | 23094 ||| Stepping randomly (stuck).
 23095 | D:13     | 23095 ||| Stepping randomly (stuck).
 23096 | D:13     | 23096 ||| Stepping randomly (stuck).
 23097 | D:13     | 23097 ||| Stepping randomly (stuck).
 23099 | D:13     | 23099 ||| Stepping randomly (stuck).
 23101 | D:13     | 23101 ||| Stepping randomly (stuck).
 23102 | D:13     | 23102 ||| Stepping randomly (stuck).
 23104 | D:13     | 23104 ||| Stepping randomly (stuck).
 23105 | D:13     | 23105 ||| Stepping randomly (stuck).
 23106 | D:13     | 23106 ||| Stepping randomly (stuck).
 23107 | D:13     | 23107 ||| Stepping randomly (stuck).
 23108 | D:13     | 23108 ||| Stepping randomly (stuck).
 23109 | D:13     | 23109 ||| Stepping randomly (stuck).
 23110 | D:13     | 23110 ||| Stepping randomly (stuck).
 23112 | D:13     | 23112 ||| Stepping randomly (stuck).
 23113 | D:13     | 23113 ||| Stepping randomly (stuck).
 23114 | D:13     | 23114 ||| Stepping randomly (stuck).
 23116 | D:13     | 23116 ||| Stepping randomly (stuck).
 23117 | D:13     | 23117 ||| Stepping randomly (stuck).
 23119 | D:13     | 23119 ||| Stepping randomly (stuck).
 23120 | D:13     | 23120 ||| Stepping randomly (stuck).
 23121 | D:13     | 23121 ||| Stepping randomly (stuck).
 23123 | D:13     | 23123 ||| Stepping randomly (stuck).
 23125 | D:13     | 23125 ||| Stepping randomly (stuck).
 23127 | D:13     | 23127 ||| Stepping randomly (stuck).
 23128 | D:13     | 23128 ||| Stepping randomly (stuck).
 23130 | D:13     | 23130 ||| Stepping randomly (stuck).
 23131 | D:13     | 23131 ||| Stepping randomly (stuck).
 23133 | D:13     | 23133 ||| Stepping randomly (stuck).
 23134 | D:13     | 23134 ||| Stepping randomly (stuck).
 23135 | D:13     | 23135 ||| Stepping randomly (stuck).
 23136 | D:13     | 23136 ||| Stepping randomly (stuck).
 23137 | D:13     | 23137 ||| Stepping randomly (stuck).
 23138 | D:13     | 23138 ||| Stepping randomly (stuck).
 23139 | D:13     | 23139 ||| Stepping randomly (stuck).
 23140 | D:13     | 23140 ||| Stepping randomly (stuck).
 23141 | D:13     | 23141 ||| Stepping randomly (stuck).
 23142 | D:13     | 23142 ||| Stepping randomly (stuck).
 23143 | D:13     | 23143 ||| Stepping randomly (stuck).
 23144 | D:13     | 23144 ||| Stepping randomly (stuck).
 23145 | D:13     | 23145 ||| Stepping randomly (stuck).
 23146 | D:13     | 23146 ||| Stepping randomly (stuck).
 23147 | D:13     | 23147 ||| Stepping randomly (stuck).
 23148 | D:13     | 23148 ||| Stepping randomly (stuck).
 23149 | D:13     | 23149 ||| Stepping randomly (stuck).
 23150 | D:13     | 23150 ||| Stepping randomly (stuck).
 23151 | D:13     | 23151 ||| Stepping randomly (stuck).
 23152 | D:13     | 23152 ||| Stepping randomly (stuck).
 23153 | D:13     | 23153 ||| Stepping randomly (stuck).
 23154 | D:13     | 23154 ||| Stepping randomly (stuck).
 23155 | D:13     | 23155 ||| Stepping randomly (stuck).
 23156 | D:13     | 23156 ||| Stepping randomly (stuck).
 23158 | D:13     | 23158 ||| Stepping randomly (stuck).
 23159 | D:13     | 23159 ||| Stepping randomly (stuck).
 23160 | D:13     | 23160 ||| Stepping randomly (stuck).
 23170 | D:13     | 23170 ||| Stepping randomly (stuck).
 23172 | D:13     | 23172 ||| Stepping randomly (stuck).
 23177 | D:13     | 23177 ||| Stepping ~*~*~tactically~*~*~ (cloud).
 23184 | D:13     | 23184 ||| Stepping ~*~*~tactically~*~*~ (cloud).
 23227 | D:13     | 23227 ||| READING scroll of teleportation.
 23345 | D:14     | 23345 ||| Stepping ~*~*~tactically~*~*~ (hiding).
 23358 | D:14     | 23358 ||| Stepping ~*~*~tactically~*~*~ (stealth).
 23360 | D:14     | 23360 ||| Stepping ~*~*~tactically~*~*~ (stealth).
 23364 | D:14     | 23364 ||| Stepping randomly (stuck).
 23365 | D:14     | 23365 ||| Stepping ~*~*~tactically~*~*~ (cloud).
 23524 | D:14     | 23524 ||| INVOKING Heroism.
 23527 | D:14     | Noticed Josephine
 23529 | D:14     | 23529 ||| Stepping ~*~*~tactically~*~*~ (water).
 23530 | D:14     | 23530 ||| Stepping ~*~*~tactically~*~*~ (outnumbered).
 23535 | D:14     | 23535 ||| Stepping ~*~*~tactically~*~*~ (outnumbered).
 23539 | D:14     | 23539 ||| Stepping ~*~*~tactically~*~*~ (outnumbered).
 23540 | D:14     | 23540 ||| Stepping ~*~*~tactically~*~*~ (outnumbered).
 23541 | D:14     | Killed Josephine
 23542 | D:14     | 23542 ||| INVOKING Finesse.
 23681 | D:14     | 23681 ||| Stepping ~*~*~tactically~*~*~ (stealth).
 23683 | D:14     | 23683 ||| Stepping ~*~*~tactically~*~*~ (stealth).
 23685 | D:14     | 23685 ||| Stepping ~*~*~tactically~*~*~ (stealth).
 23808 | D:14     | 23808 ||| READING scroll of enchant armour.
 23808 | D:14     | 23808 ||| ENCHANTING +1 pair of boots.
 23900 | D:14     | Noticed Snorg
 23901 | D:14     | 23901 ||| INVOKING Finesse.
 23916 | D:14     | Killed Snorg
 23978 | D:14     | Identified Roxanne's Codex of Transformation
 23978 | D:14     | Noticed Roxanne
 23979 | D:14     | 23979 ||| INVOKING Heroism.
 24003 | D:14     | Killed Roxanne
 24228 | D:14     | Found an ornate altar of the Wu Jian Council.
 24395 | D:14     | 24395 ||| UPGRADING to +2 kite shield of poison resistance.
 24405 | D:14     | 24405 ||| DROPPING +0 kite shield.
 24406 | D:14     | 24406 ||| DROPPING +4 ring of protection.
 24407 | D:14     | 24407 ||| READING 3 scrolls labelled YNUNUNOQOI.
 24408 | D:14     | 24408 ||| DROPPING 2 scrolls of torment.
 24420 | D:15     | Entered Level 15 of the Dungeon
 24460 | D:15     | 24460 ||| Stepping ~*~*~tactically~*~*~ (outnumbered).
 24462 | D:15     | 24462 ||| INVOKING Heroism.
 24798 | D:15     | 24798 ||| Stepping ~*~*~tactically~*~*~ (stealth).
 24821 | D:15     | 24821 ||| Stepping ~*~*~tactically~*~*~ (stealth).
 24824 | D:15     | 24824 ||| INVOKING Heroism.
 24828 | D:15     | 24828 ||| Stepping ~*~*~tactically~*~*~ (outnumbered).
 24829 | D:15     | 24829 ||| Stepping ~*~*~tactically~*~*~ (outnumbered).
 24843 | D:15     | 24843 ||| Stepping ~*~*~tactically~*~*~ (outnumbered).
 24847 | D:15     | 24847 ||| Stepping ~*~*~tactically~*~*~ (hiding).
 24915 | D:15     | 24915 ||| INVOKING Heroism.
 24924 | D:15     | Reached skill level 12 in Fighting
 24954 | D:15     | Found a staircase to the Depths.
 25015 | D:15     | 25015 ||| FLEEEEING.
 25016 | D:15     | 25016 ||| FLEEEEING.
 25017 | D:15     | 25017 ||| FLEEEEING.
 25018 | D:15     | 25018 ||| FLEEEEING.
 25019 | D:15     | 25019 ||| FLEEEEING.
 25020 | D:15     | 25020 ||| FLEEEEING.
 25021 | D:15     | 25021 ||| FLEEEEING.
 25022 | D:15     | 25022 ||| FLEEEEING.
 25145 | D:15     | 25145 ||| INVOKING Heroism.
 25259 | D:15     | 25259 ||| Stepping ~*~*~tactically~*~*~ (stealth).
 25268 | D:15     | 25268 ||| Stepping ~*~*~tactically~*~*~ (stealth).
 25269 | D:15     | 25269 ||| Stepping ~*~*~tactically~*~*~ (stealth).
 25278 | D:15     | 25278 ||| Stepping ~*~*~tactically~*~*~ (outnumbered).
 25280 | D:15     | 25280 ||| Stepping ~*~*~tactically~*~*~ (outnumbered).
 25281 | D:15     | 25281 ||| Stepping ~*~*~tactically~*~*~ (outnumbered).
 25282 | D:15     | 25282 ||| Stepping ~*~*~tactically~*~*~ (outnumbered).
 25283 | D:15     | 25283 ||| Stepping ~*~*~tactically~*~*~ (outnumbered).
 25287 | D:15     | 25287 ||| Stepping ~*~*~tactically~*~*~ (outnumbered).
 25288 | D:15     | 25288 ||| Stepping ~*~*~tactically~*~*~ (outnumbered).
 25349 | D:15     | 25349 ||| Stepping ~*~*~tactically~*~*~ (hiding).
 25405 | D:15     | Noticed Rupert
 25406 | D:15     | 25406 ||| Stepping ~*~*~tactically~*~*~ (stealth).
 25407 | D:15     | 25407 ||| INVOKING Heroism.
 25421 | D:15     | Killed Rupert
 25430 | D:15     | 25430 ||| INVOKING Finesse.
 25580 | D:15     | 25580 ||| Stepping ~*~*~tactically~*~*~ (stealth).
 25582 | D:15     | 25582 ||| INVOKING Heroism.
 25617 | D:15     | 25617 ||| Stepping ~*~*~tactically~*~*~ (stealth).
 25623 | D:15     | 25623 ||| Stepping ~*~*~tactically~*~*~ (outnumbered).
 25625 | D:15     | 25625 ||| Stepping ~*~*~tactically~*~*~ (outnumbered).
 25626 | D:15     | 25626 ||| Stepping ~*~*~tactically~*~*~ (outnumbered).
 25630 | D:15     | 25630 ||| Stepping ~*~*~tactically~*~*~ (outnumbered).
 25631 | D:15     | 25631 ||| Stepping ~*~*~tactically~*~*~ (outnumbered).
 25632 | D:15     | 25632 ||| Stepping ~*~*~tactically~*~*~ (hiding).
 25635 | D:15     | 25635 ||| INVOKING Heroism.
 25661 | D:15     | 25661 ||| Stepping ~*~*~tactically~*~*~ (outnumbered).
 25662 | D:15     | 25662 ||| Stepping ~*~*~tactically~*~*~ (outnumbered).
 25665 | D:15     | 25665 ||| Stepping ~*~*~tactically~*~*~ (outnumbered).
 25675 | D:15     | 25675 ||| Stepping ~*~*~tactically~*~*~ (outnumbered).
 25819 | D:15     | Identified the +8 spear "Keaxac" {spect, *Noise Str+10}
 25978 | D:15     | 25978 ||| Stepping ~*~*~tactically~*~*~ (stealth).
 25985 | D:15     | 25985 ||| Stepping ~*~*~tactically~*~*~ (outnumbered).
 25991 | D:15     | 25991 ||| Stepping ~*~*~tactically~*~*~ (outnumbered).
 26399 | D:15     | Reached skill level 21 in Unarmed Combat
 26399 | D:15     | Reached XP level 16. HP: 130/139 MP: 22/22
 26465 | D:15     | 26465 ||| PLANNING ORC
 26465 | D:15     | 26465 ||| DROPPING +2 chain mail of poison resistance.
 26611 | Orc:1    | Entered Level 1 of the Orcish Mines
 26611 | Orc:1    | Found Ukosin's Weapon Shop.
 26612 | Orc:1    | 26612 ||| INVOKING Heroism.
 26624 | Orc:1    | 26624 ||| Stepping ~*~*~tactically~*~*~ (stealth).
 26625 | Orc:1    | 26625 ||| Stepping ~*~*~tactically~*~*~ (stealth).
 26630 | Orc:1    | 26630 ||| Stepping ~*~*~tactically~*~*~ (stealth).
 26697 | Orc:1    | 26697 ||| Stepping ~*~*~tactically~*~*~ (hiding).
 26725 | Orc:1    | 26725 ||| INVOKING Heroism.
 26736 | Orc:1    | 26736 ||| Stepping ~*~*~tactically~*~*~ (outnumbered).
 26737 | Orc:1    | 26737 ||| Stepping ~*~*~tactically~*~*~ (outnumbered).
 26738 | Orc:1    | 26738 ||| Stepping ~*~*~tactically~*~*~ (hiding).
 26739 | Orc:1    | 26739 ||| Stepping ~*~*~tactically~*~*~ (hiding).
 26740 | Orc:1    | 26740 ||| Stepping ~*~*~tactically~*~*~ (hiding).
 26746 | Orc:1    | 26746 ||| Stepping ~*~*~tactically~*~*~ (outnumbered).
 26748 | Orc:1    | 26748 ||| Stepping ~*~*~tactically~*~*~ (outnumbered).
 26751 | Orc:1    | 26751 ||| Stepping ~*~*~tactically~*~*~ (outnumbered).
 26752 | Orc:1    | 26752 ||| Stepping ~*~*~tactically~*~*~ (outnumbered).
 26777 | Orc:1    | 26777 ||| Stepping ~*~*~tactically~*~*~ (outnumbered).
 26778 | Orc:1    | 26778 ||| Stepping ~*~*~tactically~*~*~ (outnumbered).
 26781 | Orc:1    | 26781 ||| Stepping ~*~*~tactically~*~*~ (outnumbered).
 26782 | Orc:1    | 26782 ||| Stepping ~*~*~tactically~*~*~ (outnumbered).
 26784 | Orc:1    | 26784 ||| Stepping ~*~*~tactically~*~*~ (outnumbered).
 26785 | Orc:1    | 26785 ||| Stepping ~*~*~tactically~*~*~ (outnumbered).
 26812 | Orc:1    | 26812 ||| Stepping ~*~*~tactically~*~*~ (hiding).
 26813 | Orc:1    | 26813 ||| Stepping ~*~*~tactically~*~*~ (hiding).
 26814 | Orc:1    | 26814 ||| Stepping ~*~*~tactically~*~*~ (hiding).
 26821 | Orc:1    | 26821 ||| Stepping ~*~*~tactically~*~*~ (outnumbered).
 26822 | Orc:1    | 26822 ||| Stepping ~*~*~tactically~*~*~ (outnumbered).
 26823 | Orc:1    | 26823 ||| Stepping ~*~*~tactically~*~*~ (outnumbered).
 26824 | Orc:1    | 26824 ||| Stepping ~*~*~tactically~*~*~ (outnumbered).
 26825 | Orc:1    | 26825 ||| Stepping ~*~*~tactically~*~*~ (hiding).
 26826 | Orc:1    | 26826 ||| Stepping ~*~*~tactically~*~*~ (outnumbered).
 26827 | Orc:1    | 26827 ||| Stepping ~*~*~tactically~*~*~ (outnumbered).
 26828 | Orc:1    | 26828 ||| Stepping ~*~*~tactically~*~*~ (outnumbered).
 26829 | Orc:1    | 26829 ||| Stepping ~*~*~tactically~*~*~ (outnumbered).
 26830 | Orc:1    | 26830 ||| Stepping ~*~*~tactically~*~*~ (outnumbered).
 26831 | Orc:1    | 26831 ||| Stepping ~*~*~tactically~*~*~ (outnumbered).
 26832 | Orc:1    | 26832 ||| Stepping ~*~*~tactically~*~*~ (outnumbered).
 26833 | Orc:1    | 26833 ||| Stepping ~*~*~tactically~*~*~ (hiding).
 26834 | Orc:1    | 26834 ||| Stepping ~*~*~tactically~*~*~ (outnumbered).
 26835 | Orc:1    | 26835 ||| Stepping ~*~*~tactically~*~*~ (hiding).
 26836 | Orc:1    | 26836 ||| Stepping ~*~*~tactically~*~*~ (outnumbered).
 26837 | Orc:1    | 26837 ||| Stepping ~*~*~tactically~*~*~ (outnumbered).
 26838 | Orc:1    | 26838 ||| Stepping ~*~*~tactically~*~*~ (outnumbered).
 26839 | Orc:1    | 26839 ||| Stepping ~*~*~tactically~*~*~ (outnumbered).
 26840 | Orc:1    | 26840 ||| Stepping ~*~*~tactically~*~*~ (outnumbered).
 26841 | Orc:1    | 26841 ||| Stepping ~*~*~tactically~*~*~ (outnumbered).
 26842 | Orc:1    | 26842 ||| Stepping ~*~*~tactically~*~*~ (outnumbered).
 26844 | Orc:1    | 26844 ||| INVOKING Heroism.
 27017 | Orc:1    | 27017 ||| Stepping ~*~*~tactically~*~*~ (stealth).
 27048 | Orc:1    | Noticed Dienlag's ghost (novice OpMo)
 27058 | Orc:1    | Found a bloodstained altar of Trog.
 27090 | Orc:1    | 27090 ||| Stepping ~*~*~tactically~*~*~ (hiding).
 27091 | Orc:1    | 27091 ||| Stepping ~*~*~tactically~*~*~ (hiding).
 27092 | Orc:1    | 27092 ||| Stepping ~*~*~tactically~*~*~ (hiding).
 27093 | Orc:1    | 27093 ||| Stepping ~*~*~tactically~*~*~ (hiding).
 27094 | Orc:1    | 27094 ||| Stepping ~*~*~tactically~*~*~ (hiding).
 27095 | Orc:1    | 27095 ||| Stepping ~*~*~tactically~*~*~ (hiding).
 27096 | Orc:1    | 27096 ||| Stepping ~*~*~tactically~*~*~ (hiding).
 27101 | Orc:1    | 27101 ||| Stepping ~*~*~tactically~*~*~ (hiding).
 27102 | Orc:1    | 27102 ||| Stepping ~*~*~tactically~*~*~ (hiding).
 27189 | Orc:1    | 27189 ||| Stepping ~*~*~tactically~*~*~ (outnumbered).
 27190 | Orc:1    | 27190 ||| Stepping ~*~*~tactically~*~*~ (outnumbered).
 27191 | Orc:1    | 27191 ||| Stepping ~*~*~tactically~*~*~ (outnumbered).
 27192 | Orc:1    | 27192 ||| Stepping ~*~*~tactically~*~*~ (outnumbered).
 27193 | Orc:1    | 27193 ||| Stepping ~*~*~tactically~*~*~ (outnumbered).
 27194 | Orc:1    | 27194 ||| Stepping ~*~*~tactically~*~*~ (outnumbered).
 27195 | Orc:1    | 27195 ||| Stepping ~*~*~tactically~*~*~ (outnumbered).
 27205 | Orc:1    | Found a transporter.
 27208 | Orc:1    | Found a transporter.
 27385 | Orc:2    | Entered Level 2 of the Orcish Mines
 27411 | Orc:2    | 27411 ||| Stepping ~*~*~tactically~*~*~ (stealth).
 27414 | Orc:2    | 27414 ||| Stepping ~*~*~tactically~*~*~ (stealth).
 27415 | Orc:2    | 27415 ||| INVOKING Heroism.
 27417 | Orc:2    | 27417 ||| Stepping ~*~*~tactically~*~*~ (outnumbered).
 27423 | Orc:2    | 27423 ||| Stepping ~*~*~tactically~*~*~ (outnumbered).
 27426 | Orc:2    | 27426 ||| Stepping ~*~*~tactically~*~*~ (outnumbered).
 27427 | Orc:2    | 27427 ||| Stepping ~*~*~tactically~*~*~ (outnumbered).
 27430 | Orc:2    | 27430 ||| Stepping ~*~*~tactically~*~*~ (outnumbered).
 27431 | Orc:2    | 27431 ||| Stepping ~*~*~tactically~*~*~ (outnumbered).
 27432 | Orc:2    | 27432 ||| Stepping ~*~*~tactically~*~*~ (outnumbered).
 27433 | Orc:2    | 27433 ||| Stepping ~*~*~tactically~*~*~ (outnumbered).
 27449 | Orc:2    | 27449 ||| INVOKING Heroism.
 27465 | Orc:2    | 27465 ||| Stepping ~*~*~tactically~*~*~ (outnumbered).
 27466 | Orc:2    | 27466 ||| Stepping ~*~*~tactically~*~*~ (outnumbered).
 27467 | Orc:2    | 27467 ||| Stepping ~*~*~tactically~*~*~ (outnumbered).
 27468 | Orc:2    | 27468 ||| Stepping ~*~*~tactically~*~*~ (outnumbered).
 27469 | Orc:2    | 27469 ||| Stepping ~*~*~tactically~*~*~ (outnumbered).
 27470 | Orc:2    | 27470 ||| Stepping ~*~*~tactically~*~*~ (outnumbered).
 27471 | Orc:2    | 27471 ||| Stepping ~*~*~tactically~*~*~ (outnumbered).
 27472 | Orc:2    | 27472 ||| Stepping ~*~*~tactically~*~*~ (outnumbered).
 27473 | Orc:2    | 27473 ||| Stepping ~*~*~tactically~*~*~ (hiding).
 27477 | Orc:2    | 27477 ||| Stepping ~*~*~tactically~*~*~ (outnumbered).
 27562 | Orc:2    | 27562 ||| Stepping ~*~*~tactically~*~*~ (stealth).
 27563 | Orc:2    | 27563 ||| Stepping ~*~*~tactically~*~*~ (stealth).
 27566 | Orc:2    | 27566 ||| Stepping ~*~*~tactically~*~*~ (stealth).
 27567 | Orc:2    | 27567 ||| Stepping ~*~*~tactically~*~*~ (stealth).
 27714 | Orc:2    | 27714 ||| Stepping ~*~*~tactically~*~*~ (stealth).
 27720 | Orc:2    | 27720 ||| Stepping ~*~*~tactically~*~*~ (hiding).
 27869 | Orc:2    | Found a staircase to the Elven Halls.
 27890 | Orc:2    | 27890 ||| INVOKING Heroism.
 27948 | Orc:2    | 27948 ||| Stepping ~*~*~tactically~*~*~ (stealth).
 27950 | Orc:2    | 27950 ||| Stepping ~*~*~tactically~*~*~ (stealth).
 27954 | Orc:2    | 27954 ||| Stepping ~*~*~tactically~*~*~ (hiding).
 28179 | Orc:2    | Found Piolaest's Armour Shop.
 28179 | Orc:2    | Found Tascholal's Magic Scroll Emporium.
 28181 | Orc:2    | Found Butsetuu's Jewellery Shoppe.
 28183 | Orc:2    | Found Siaremm's Distillery.
 28188 | Orc:2    | 28188 ||| BUYING scroll of enchant armour (90 gold).
 28188 | Orc:2    | Bought a scroll of enchant armour for 90 gold pieces
 28188 | Orc:2    | 28188 ||| BUYING scroll of teleportation (36 gold).
 28188 | Orc:2    | Bought a scroll of teleportation for 36 gold pieces
 28188 | Orc:2    | 28188 ||| READING scroll of enchant armour.
 28188 | Orc:2    | 28188 ||| ENCHANTING +1 cloak of stealth.
 28191 | Orc:2    | 28191 ||| BUYING amulet of reflection (390 gold).
 28191 | Orc:2    | Bought an amulet of reflection for 390 gold pieces
 28191 | Orc:2    | 28191 ||| BUYING brooch of Shielding {Spirit SH+8} (845
                  | gold).
 28191 | Orc:2    | Bought the brooch of Shielding {Spirit SH+8} for 845 gold
                  | pieces
 28191 | Orc:2    | Found the brooch of Shielding {Spirit SH+8}
 28191 | Orc:2    | 28191 ||| BUYING ring of fire (325 gold).
 28191 | Orc:2    | Bought a ring of fire for 325 gold pieces
 28191 | Orc:2    | 28191 ||| BUYING ring of the Circus Animal {Fly rC++ Will+
                  | Str+4 Int-5} (591 gold).
 28191 | Orc:2    | Bought the ring of the Circus Animal {Fly rC++ Will+ Str+4
                  | Int-5} for 591 gold pieces
 28196 | Orc:2    | 28196 ||| BUYING potion of curing (30 gold).
 28196 | Orc:2    | Bought a potion of curing for 30 gold pieces
 28196 | Orc:2    | 28196 ||| BUYING potion of curing (30 gold).
 28196 | Orc:2    | Bought a potion of curing for 30 gold pieces
 28196 | Orc:2    | 28196 ||| BUYING potion of curing (30 gold).
 28196 | Orc:2    | Bought a potion of curing for 30 gold pieces
 28196 | Orc:2    | 28196 ||| BUYING potion of might (40 gold).
 28196 | Orc:2    | Bought a potion of might for 40 gold pieces
 28267 | Orc:2    | 28267 ||| PLANNING SHOALS:1-3
 28267 | Orc:2    | 28267 ||| UPGRADING to amulet of reflection.
 28277 | Orc:2    | 28277 ||| DROPPING amulet of the acrobat.
 28278 | Orc:2    | 28278 ||| UPGRADING to ring of the Circus Animal {Fly rC++
                  | Will+ Str+4 Int-5}.
 28280 | Orc:2    | 28280 ||| UPGRADING to ring of Jusoh {AC+4 Str+4}.
 28289 | Orc:2    | 28289 ||| Stepping ~*~*~tactically~*~*~ (stealth).
 28291 | Orc:2    | 28291 ||| Stepping ~*~*~tactically~*~*~ (hiding).
 28456 | Shoals:1 | Entered Level 1 of the Shoals
 28474 | Shoals:1 | 28474 ||| INVOKING Heroism.
 28637 | Shoals:1 | 28637 ||| Stepping ~*~*~tactically~*~*~ (stealth).
 28639 | Shoals:1 | 28639 ||| Stepping ~*~*~tactically~*~*~ (stealth).
 28640 | Shoals:1 | 28640 ||| Stepping ~*~*~tactically~*~*~ (stealth).
 28641 | Shoals:1 | Noticed Mlioglotl
 28642 | Shoals:1 | 28642 ||| Stepping ~*~*~tactically~*~*~ (stealth).
 28643 | Shoals:1 | 28643 ||| Stepping ~*~*~tactically~*~*~ (stealth).
 28646 | Shoals:1 | 28646 ||| INVOKING Heroism.
 28647 | Shoals:1 | 28647 ||| Stepping ~*~*~tactically~*~*~ (outnumbered).
 28648 | Shoals:1 | 28648 ||| Stepping ~*~*~tactically~*~*~ (outnumbered).
 28649 | Shoals:1 | 28649 ||| Stepping ~*~*~tactically~*~*~ (outnumbered).
 28653 | Shoals:1 | 28653 ||| INVOKING Finesse.
 28654 | Shoals:1 | 28654 ||| Stepping ~*~*~tactically~*~*~ (outnumbered).
 28655 | Shoals:1 | 28655 ||| Stepping ~*~*~tactically~*~*~ (outnumbered).
 28659 | Shoals:1 | 28659 ||| Stepping ~*~*~tactically~*~*~ (outnumbered).
 28660 | Shoals:1 | 28660 ||| Stepping ~*~*~tactically~*~*~ (outnumbered).
 28661 | Shoals:1 | 28661 ||| Stepping ~*~*~tactically~*~*~ (outnumbered).
 28662 | Shoals:1 | 28662 ||| Stepping ~*~*~tactically~*~*~ (outnumbered).
 28663 | Shoals:1 | 28663 ||| Stepping ~*~*~tactically~*~*~ (outnumbered).
 28665 | Shoals:1 | 28665 ||| Stepping ~*~*~tactically~*~*~ (outnumbered).
 28666 | Shoals:1 | 28666 ||| Stepping ~*~*~tactically~*~*~ (outnumbered).
 28668 | Shoals:1 | 28668 ||| Stepping ~*~*~tactically~*~*~ (outnumbered).
 28670 | Shoals:1 | 28670 ||| Stepping ~*~*~tactically~*~*~ (outnumbered).
 28670 | Shoals:1 | Noticed a bone dragon
 28672 | Shoals:1 | 28672 ||| Stepping ~*~*~tactically~*~*~ (outnumbered).
 28673 | Shoals:1 | 28673 ||| Stepping ~*~*~tactically~*~*~ (outnumbered).
 28673 | Shoals:1 | HP: 30/141 [acid[Mlioglotl] (11)]
 28674 | Shoals:1 | 28674 ||| READING scroll of teleportation.
 28675 | Shoals:1 | 28675 ||| DRINKING 2 potions of heal wounds.
 28676 | Shoals:1 | 28676 ||| DRINKING potion of heal wounds.
 28702 | Shoals:1 | 28702 ||| INVOKING Heroism.
 28724 | Shoals:1 | Received a gift from Okawaru
 28725 | Shoals:1 | Reached skill level 13 in Fighting
 28795 | Shoals:1 | 28795 ||| INVOKING Heroism.
 28968 | Shoals:1 | 28968 ||| Stepping ~*~*~tactically~*~*~ (hiding).
 28969 | Shoals:1 | 28969 ||| Stepping ~*~*~tactically~*~*~ (hiding).
 28972 | Shoals:1 | 28972 ||| Stepping ~*~*~tactically~*~*~ (hiding).
 29016 | Shoals:1 | 29016 ||| Stepping ~*~*~tactically~*~*~ (stealth).
 29059 | Shoals:1 | 29059 ||| INVOKING Heroism.
 29060 | Shoals:1 | 29060 ||| INVOKING Finesse.
 29067 | Shoals:1 | Killed Mlioglotl
 29549 | Shoals:1 | 29549 ||| Stepping ~*~*~tactically~*~*~ (stealth).
 29552 | Shoals:1 | 29552 ||| Stepping ~*~*~tactically~*~*~ (hiding).
 29768 | Shoals:2 | 29768 ||| INVOKING Heroism.
 29769 | Shoals:2 | 29769 ||| INVOKING Finesse.
 29770 | Shoals:2 | 29770 ||| INVOKING Finesse.
 29771 | Shoals:2 | 29771 ||| Stepping ~*~*~tactically~*~*~ (outnumbered).
 29774 | Shoals:2 | 29774 ||| Stepping ~*~*~tactically~*~*~ (outnumbered).
 29791 | Shoals:2 | 29791 ||| Stepping ~*~*~tactically~*~*~ (outnumbered).
 29969 | Shoals:2 | Found a runed translucent gate.
 29969 | Shoals:2 | Found a runed translucent gate.
 29969 | Shoals:2 | Found a runed translucent gate.
 29970 | Shoals:2 | Found an opulent altar of Gozag.
 29971 | Shoals:2 | Found Izolus's Assorted Antiques.
 29972 | Shoals:2 | Noticed Kehia's ghost (adept DrWn)
 30042 | Shoals:2 | 30042 ||| INVOKING Heroism.
 30124 | Shoals:2 | Noticed Polyphemus
 30125 | Shoals:2 | 30125 ||| INVOKING Heroism.
 30126 | Shoals:2 | 30126 ||| INVOKING Finesse.
 30132 | Shoals:2 | 30132 ||| Stepping ~*~*~tactically~*~*~ (cloud).
 30144 | Shoals:2 | Killed Polyphemus
 30148 | Shoals:2 | 30148 ||| Stepping ~*~*~tactically~*~*~ (outnumbered).
 30149 | Shoals:2 | 30149 ||| Stepping ~*~*~tactically~*~*~ (cloud).
 30150 | Shoals:2 | 30150 ||| Stepping ~*~*~tactically~*~*~ (outnumbered).
 30151 | Shoals:2 | 30151 ||| Stepping ~*~*~tactically~*~*~ (outnumbered).
 30153 | Shoals:2 | 30153 ||| Stepping ~*~*~tactically~*~*~ (outnumbered).
 30156 | Shoals:2 | 30156 ||| Stepping ~*~*~tactically~*~*~ (cloud).
 30157 | Shoals:2 | 30157 ||| Stepping ~*~*~tactically~*~*~ (outnumbered).
 30161 | Shoals:2 | Received a gift from Okawaru
 30165 | Shoals:2 | 30165 ||| Stepping ~*~*~tactically~*~*~ (cloud).
 30166 | Shoals:2 | 30166 ||| Stepping ~*~*~tactically~*~*~ (cloud).
 30179 | Shoals:2 | Identified the +11 triple sword of Purpose {drain, rPois}
                  | (Okawaru gifted it to you on level 2 of the Shoals)
 30179 | Shoals:2 | Received a gift from Okawaru
 30248 | Shoals:2 | Found Bisebojy's Assorted Antiques.
 30251 | Shoals:2 | 30251 ||| BUYING scroll of enchant armour (300 gold).
 30251 | Shoals:2 | Bought a scroll of enchant armour for 300 gold pieces
 30251 | Shoals:2 | 30251 ||| BUYING scroll of teleportation (120 gold).
 30251 | Shoals:2 | Bought a scroll of teleportation for 120 gold pieces
 30251 | Shoals:2 | 30251 ||| BUYING scroll of teleportation (120 gold).
 30251 | Shoals:2 | Bought a scroll of teleportation for 120 gold pieces
 30252 | Shoals:2 | 30252 ||| Stepping ~*~*~tactically~*~*~ (hiding).
 30354 | Shoals:2 | 30354 ||| Stepping ~*~*~tactically~*~*~ (hiding).
 30356 | Shoals:2 | 30356 ||| Stepping ~*~*~tactically~*~*~ (hiding).
 30589 | Shoals:2 | 30589 ||| INVOKING Heroism.
 30620 | Shoals:2 | Reached skill level 6 in Throwing
 30663 | Shoals:2 | 30663 ||| INVOKING Heroism.
 30664 | Shoals:2 | 30664 ||| INVOKING Finesse.
 30731 | Shoals:2 | 30731 ||| Stepping ~*~*~tactically~*~*~ (hiding).
 31027 | Shoals:2 | 31027 ||| READING 3 scrolls of teleportation.
 31064 | Shoals:3 | 31064 ||| INVOKING Heroism.
 31065 | Shoals:3 | 31065 ||| STAIRDANCE
 31103 | Shoals:3 | 31103 ||| STAIRDANCE
 31213 | Shoals:3 | 31213 ||| FLEEEEING.
 31214 | Shoals:3 | 31214 ||| FLEEEEING.
 31215 | Shoals:3 | 31215 ||| STAIRDANCE
 31350 | Shoals:3 | 31350 ||| Stepping ~*~*~tactically~*~*~ (hiding).
 31351 | Shoals:3 | 31351 ||| Stepping ~*~*~tactically~*~*~ (hiding).
 31356 | Shoals:3 | 31356 ||| Stepping ~*~*~tactically~*~*~ (hiding).
 31357 | Shoals:3 | 31357 ||| Stepping ~*~*~tactically~*~*~ (hiding).
 31358 | Shoals:3 | 31358 ||| Stepping ~*~*~tactically~*~*~ (hiding).
 31379 | Shoals:3 | 31379 ||| Stepping ~*~*~tactically~*~*~ (stealth).
 31380 | Shoals:3 | 31380 ||| Stepping ~*~*~tactically~*~*~ (stealth).
 31386 | Shoals:3 | Reached XP level 17. HP: 149/149 MP: 23/23
 31433 | Shoals:3 | 31433 ||| Stepping ~*~*~tactically~*~*~ (outnumbered).
 31550 | Shoals:3 | 31550 ||| Stepping ~*~*~tactically~*~*~ (hiding).
 31652 | Shoals:3 | 31652 ||| Stepping ~*~*~tactically~*~*~ (hiding).
 31754 | Shoals:3 | 31754 ||| Stepping ~*~*~tactically~*~*~ (stealth).
 31756 | Shoals:3 | 31756 ||| INVOKING Heroism.
 31811 | Shoals:3 | 31811 ||| FLEEEEING.
 31817 | Shoals:3 | 31817 ||| FLEEEEING.
 31818 | Shoals:3 | 31818 ||| FLEEEEING.
 31819 | Shoals:3 | 31819 ||| FLEEEEING.
 31820 | Shoals:3 | 31820 ||| STAIRDANCE
 31966 | Shoals:3 | 31966 ||| INVOKING Heroism.
 32248 | Shoals:3 | 32248 ||| INVOKING Heroism.
 32562 | Shoals:3 | 32562 ||| INVOKING Heroism.
 32575 | Shoals:3 | Noticed a titan
 32593 | Shoals:3 | 32593 ||| INVOKING Finesse.
 32603 | Shoals:3 | Killed a titan
 32687 | Shoals:3 | 32687 ||| PLANNING SNAKE:1-3
 32768 | Snake:1  | Entered Level 1 of the Snake Pit
 32776 | Snake:1  | 32776 ||| Stepping ~*~*~tactically~*~*~ (hiding).
 32878 | Snake:1  | 32878 ||| Stepping ~*~*~tactically~*~*~ (hiding).
 32885 | Snake:1  | 32885 ||| INVOKING Heroism.
 32890 | Snake:1  | Reached skill level 14 in Fighting
 32922 | Snake:1  | 32922 ||| Stepping ~*~*~tactically~*~*~ (stealth).
 32924 | Snake:1  | 32924 ||| Stepping ~*~*~tactically~*~*~ (stealth).
 32926 | Snake:1  | 32926 ||| Stepping ~*~*~tactically~*~*~ (hiding).
 32939 | Snake:1  | Received a gift from Okawaru
 32940 | Snake:1  | 32940 ||| Stepping ~*~*~tactically~*~*~ (hiding).
 32987 | Snake:1  | 32987 ||| Stepping ~*~*~tactically~*~*~ (stealth).
 32989 | Snake:1  | 32989 ||| Stepping ~*~*~tactically~*~*~ (stealth).
 32991 | Snake:1  | 32991 ||| Stepping ~*~*~tactically~*~*~ (hiding).
 33034 | Snake:1  | 33034 ||| Stepping ~*~*~tactically~*~*~ (hiding).
 33136 | Snake:1  | 33136 ||| Stepping ~*~*~tactically~*~*~ (hiding).
 33238 | Snake:1  | 33238 ||| Stepping ~*~*~tactically~*~*~ (hiding).
 33419 | Snake:1  | Found Noettiar's Book Boutique.
 33436 | Snake:1  | 33436 ||| Stepping ~*~*~tactically~*~*~ (stealth).
 33464 | Snake:1  | Found a transporter.
 33465 | Snake:1  | Found a transporter.
 33468 | Snake:1  | Noticed Aizul
 33469 | Snake:1  | 33469 ||| READING 2 scrolls of teleportation.
 33472 | Snake:1  | 33472 ||| INVOKING Heroism.
 33488 | Snake:1  | 33488 ||| Stepping ~*~*~tactically~*~*~ (hiding).
 33490 | Snake:1  | 33490 ||| Stepping ~*~*~tactically~*~*~ (outnumbered).
 33492 | Snake:1  | 33492 ||| INVOKING Heroism.
 33493 | Snake:1  | 33493 ||| Stepping ~*~*~tactically~*~*~ (outnumbered).
 33495 | Snake:1  | 33495 ||| Stepping ~*~*~tactically~*~*~ (outnumbered).
 33499 | Snake:1  | Received a gift from Okawaru
 33558 | Snake:1  | 33558 ||| Stepping ~*~*~tactically~*~*~ (hiding).
 33563 | Snake:1  | 33563 ||| INVOKING Heroism.
 33564 | Snake:1  | 33564 ||| INVOKING Finesse.
 33573 | Snake:1  | Killed Aizul
 33619 | Snake:1  | 33619 ||| Stepping ~*~*~tactically~*~*~ (stealth).
 33626 | Snake:1  | 33626 ||| Stepping ~*~*~tactically~*~*~ (stealth).
 33628 | Snake:1  | 33628 ||| Stepping ~*~*~tactically~*~*~ (stealth).
 33629 | Snake:1  | 33629 ||| Stepping ~*~*~tactically~*~*~ (stealth).
 33630 | Snake:1  | 33630 ||| Stepping ~*~*~tactically~*~*~ (stealth).
 33726 | Snake:1  | Found Plog's One-of-a-Kind Rings.
 33830 | Snake:1  | 33830 ||| SHOPLISTING +6 ring of evasion (1092 gold, have
                  | 307).
 33830 | Snake:1  | 33830 ||| SHOPLISTING ring of Xom's Flight of Fancy {rF+
                  | Int+2} (506 gold, have 307).
 33913 | Snake:1  | Found a large runed translucent door.
 33914 | Snake:1  | Found a large runed translucent door.
 33917 | Snake:1  | Noticed wjtupper's ghost (adept MiHu)
 34021 | Snake:1  | 34021 ||| UPGRADING to +2 kite shield of fire resistance.
 34031 | Snake:1  | 34031 ||| DROPPING +2 kite shield of poison resistance.
 34051 | Snake:2  | 34051 ||| INVOKING Heroism.
 34087 | Snake:2  | 34087 ||| Stepping ~*~*~tactically~*~*~ (stealth).
 34109 | Snake:2  | 34109 ||| Stepping ~*~*~tactically~*~*~ (stealth).
 34322 | Snake:2  | Identified the +5 quick blade "Lasoschi" {venom, Drain rN+
                  | rCorr} (Okawaru gifted it to you on level 2 of the Snake
                  | Pit)
 34322 | Snake:2  | Received a gift from Okawaru
 34430 | Snake:2  | 34430 ||| Stepping ~*~*~tactically~*~*~ (hiding).
 34532 | Snake:2  | 34532 ||| Stepping ~*~*~tactically~*~*~ (hiding).
 34634 | Snake:2  | 34634 ||| Stepping ~*~*~tactically~*~*~ (hiding).
 34637 | Snake:2  | 34637 ||| Stepping ~*~*~tactically~*~*~ (hiding).
 34800 | Snake:2  | 34800 ||| Stepping ~*~*~tactically~*~*~ (stealth).
 34804 | Snake:2  | 34804 ||| INVOKING Heroism.
 34811 | Snake:2  | 34811 ||| Stepping ~*~*~tactically~*~*~ (outnumbered).
 35065 | Snake:2  | 35065 ||| Stepping ~*~*~tactically~*~*~ (hiding).
 35167 | Snake:2  | 35167 ||| Stepping ~*~*~tactically~*~*~ (hiding).
 35173 | Snake:2  | 35173 ||| INVOKING Heroism.
 35232 | Snake:2  | 35232 ||| Stepping ~*~*~tactically~*~*~ (hiding).
 35237 | Snake:2  | Reached skill level 12 in Shields
 35434 | Snake:2  | 35434 ||| Stepping ~*~*~tactically~*~*~ (stealth).
 35437 | Snake:2  | 35437 ||| INVOKING Heroism.
 35438 | Snake:2  | 35438 ||| Stepping ~*~*~tactically~*~*~ (outnumbered).
 35982 | Snake:3  | 35982 ||| Stepping ~*~*~tactically~*~*~ (hiding).
 35987 | Snake:3  | 35987 ||| STAIRDANCE
 36092 | Snake:3  | 36092 ||| Stepping ~*~*~tactically~*~*~ (hiding).
 36101 | Snake:3  | 36101 ||| STAIRDANCE
 36115 | Snake:3  | 36115 ||| INVOKING Heroism.
 36121 | Snake:3  | 36121 ||| STAIRDANCE
 36158 | Snake:3  | 36158 ||| READING scroll of acquirement.
 36158 | Snake:3  | 36158 ||| ACQUIRING 545 gold pieces
 36158 | Snake:3  | Acquired 545 gold pieces
 36220 | Snake:3  | 36220 ||| INVOKING Heroism.
 36413 | Snake:3  | 36413 ||| Stepping ~*~*~tactically~*~*~ (hiding).
 36515 | Snake:3  | 36515 ||| Stepping ~*~*~tactically~*~*~ (hiding).
 36617 | Snake:3  | 36617 ||| Stepping ~*~*~tactically~*~*~ (hiding).
 36625 | Snake:3  | Reached skill level 15 in Fighting
 36688 | Snake:3  | 36688 ||| Stepping ~*~*~tactically~*~*~ (stealth).
 36695 | Snake:3  | 36695 ||| STAIRDANCE
 36795 | Snake:3  | 36795 ||| Stepping ~*~*~tactically~*~*~ (hiding).
 36796 | Snake:3  | 36796 ||| Stepping ~*~*~tactically~*~*~ (hiding).
 36939 | Snake:3  | 36939 ||| Stepping ~*~*~tactically~*~*~ (stealth).
 36940 | Snake:3  | 36940 ||| INVOKING Heroism.
 36951 | Snake:3  | 36951 ||| Stepping ~*~*~tactically~*~*~ (hiding).
 36955 | Snake:3  | 36955 ||| Stepping ~*~*~tactically~*~*~ (outnumbered).
 36960 | Snake:3  | 36960 ||| Stepping ~*~*~tactically~*~*~ (hiding).
 36962 | Snake:3  | 36962 ||| Stepping ~*~*~tactically~*~*~ (outnumbered).
 36968 | Snake:3  | 36968 ||| Stepping ~*~*~tactically~*~*~ (outnumbered).
 36973 | Snake:3  | 36973 ||| INVOKING Heroism.
 37006 | Snake:3  | Reached XP level 18. HP: 87/163 MP: 24/24
 37083 | Snake:3  | 37083 ||| Stepping ~*~*~tactically~*~*~ (stealth).
 37210 | Snake:3  | 37210 ||| Stepping ~*~*~tactically~*~*~ (stealth).
 37218 | Snake:3  | Reached skill level 9 in Throwing
 37388 | Snake:3  | 37388 ||| Stepping ~*~*~tactically~*~*~ (hiding).
 37501 | Snake:3  | Received a gift from Okawaru
 37624 | Snake:3  | 37624 ||| Stepping ~*~*~tactically~*~*~ (stealth).
 37626 | Snake:3  | 37626 ||| Stepping ~*~*~tactically~*~*~ (stealth).
 37707 | Snake:3  | 37707 ||| Stepping ~*~*~tactically~*~*~ (stealth).
 37999 | Snake:3  | 37999 ||| PLANNING SHOALS:4
 38129 | Shoals:4 | Entered Level 4 of the Shoals
 38137 | Shoals:4 | 38137 ||| INVOKING Heroism.
 38138 | Shoals:4 | 38138 ||| INVOKING Finesse.
 38150 | Shoals:4 | Identified the +1 chain mail "Rabb" {Int+2 Dex+5} (Okawaru
                  | gifted it to you on level 4 of the Shoals)
 38150 | Shoals:4 | Received a gift from Okawaru
 38152 | Shoals:4 | 38152 ||| Stepping ~*~*~tactically~*~*~ (outnumbered).
 38153 | Shoals:4 | 38153 ||| Stepping ~*~*~tactically~*~*~ (outnumbered).
 38154 | Shoals:4 | 38154 ||| Stepping ~*~*~tactically~*~*~ (outnumbered).
 38155 | Shoals:4 | 38155 ||| Stepping ~*~*~tactically~*~*~ (outnumbered).
 38155 | Shoals:4 | Noticed Donald
 38156 | Shoals:4 | 38156 ||| Stepping ~*~*~tactically~*~*~ (outnumbered).
 38157 | Shoals:4 | 38157 ||| Stepping ~*~*~tactically~*~*~ (outnumbered).
 38158 | Shoals:4 | 38158 ||| Stepping ~*~*~tactically~*~*~ (outnumbered).
 38160 | Shoals:4 | 38160 ||| Stepping ~*~*~tactically~*~*~ (outnumbered).
 38161 | Shoals:4 | 38161 ||| INVOKING Heroism.
 38162 | Shoals:4 | 38162 ||| Stepping ~*~*~tactically~*~*~ (outnumbered).
 38163 | Shoals:4 | 38163 ||| Stepping ~*~*~tactically~*~*~ (outnumbered).
 38164 | Shoals:4 | 38164 ||| Stepping ~*~*~tactically~*~*~ (outnumbered).
 38165 | Shoals:4 | 38165 ||| Stepping ~*~*~tactically~*~*~ (outnumbered).
 38166 | Shoals:4 | 38166 ||| Stepping ~*~*~tactically~*~*~ (outnumbered).
 38175 | Shoals:4 | Killed Donald
 38176 | Shoals:4 | 38176 ||| Stepping ~*~*~tactically~*~*~ (outnumbered).
 38177 | Shoals:4 | 38177 ||| Stepping ~*~*~tactically~*~*~ (outnumbered).
 38178 | Shoals:4 | 38178 ||| Stepping ~*~*~tactically~*~*~ (outnumbered).
 38186 | Shoals:4 | 38186 ||| Stepping ~*~*~tactically~*~*~ (outnumbered).
 38187 | Shoals:4 | 38187 ||| Stepping ~*~*~tactically~*~*~ (outnumbered).
 38255 | Shoals:4 | 38255 ||| INVOKING Heroism.
 38345 | Shoals:4 | 38345 ||| FLEEEEING.
 38355 | Shoals:4 | 38355 ||| STAIRDANCE
 38462 | Shoals:4 | Reached skill level 16 in Fighting
 38462 | Shoals:4 | 38462 ||| INVOKING Heroism.
 38463 | Shoals:4 | 38463 ||| INVOKING Finesse.
 38501 | Shoals:4 | 38501 ||| INVOKING Heroism.
 38510 | Shoals:4 | 38510 ||| Stepping ~*~*~tactically~*~*~ (hiding).
 38512 | Shoals:4 | 38512 ||| Stepping ~*~*~tactically~*~*~ (hiding).
 38522 | Shoals:4 | 38522 ||| Stepping ~*~*~tactically~*~*~ (stealth).
 38561 | Shoals:4 | 38561 ||| Stepping ~*~*~tactically~*~*~ (stealth).
 38567 | Shoals:4 | 38567 ||| Stepping ~*~*~tactically~*~*~ (stealth).
 38569 | Shoals:4 | 38569 ||| Stepping ~*~*~tactically~*~*~ (stealth).
 38570 | Shoals:4 | 38570 ||| INVOKING Finesse.
 38571 | Shoals:4 | 38571 ||| Stepping ~*~*~tactically~*~*~ (stealth).
 38574 | Shoals:4 | 38574 ||| INVOKING Heroism.
 38586 | Shoals:4 | Reached skill level 6 in Dodging
 38617 | Shoals:4 | 38617 ||| Stepping ~*~*~tactically~*~*~ (stealth).
 38622 | Shoals:4 | 38622 ||| Stepping ~*~*~tactically~*~*~ (stealth).
 38657 | Shoals:4 | 38657 ||| INVOKING Heroism.
 38685 | Shoals:4 | 38685 ||| INVOKING Finesse.
 38687 | Shoals:4 | 38687 ||| Stepping ~*~*~tactically~*~*~ (stealth).
 38691 | Shoals:4 | 38691 ||| Stepping ~*~*~tactically~*~*~ (stealth).
 38703 | Shoals:4 | 38703 ||| Stepping ~*~*~tactically~*~*~ (stealth).
 38706 | Shoals:4 | 38706 ||| Stepping ~*~*~tactically~*~*~ (stealth).
 38707 | Shoals:4 | 38707 ||| Stepping ~*~*~tactically~*~*~ (stealth).
 38734 | Shoals:4 | 38734 ||| INVOKING Heroism.
 38802 | Shoals:4 | 38802 ||| Stepping ~*~*~tactically~*~*~ (stealth).
 38803 | Shoals:4 | 38803 ||| Stepping ~*~*~tactically~*~*~ (stealth).
 38804 | Shoals:4 | 38804 ||| Stepping ~*~*~tactically~*~*~ (stealth).
 38812 | Shoals:4 | 38812 ||| INVOKING Heroism.
 38895 | Shoals:4 | 38895 ||| INVOKING Heroism.
 38936 | Shoals:4 | 38936 ||| INVOKING Heroism.
 39019 | Shoals:4 | 39019 ||| INVOKING Heroism.
 39056 | Shoals:4 | 39056 ||| INVOKING Heroism.
 39209 | Shoals:4 | Noticed Bai Suzhen
 39211 | Shoals:4 | 39211 ||| Stepping ~*~*~tactically~*~*~ (stealth).
 39212 | Shoals:4 | 39212 ||| INVOKING Heroism.
 39214 | Shoals:4 | 39214 ||| Stepping ~*~*~tactically~*~*~ (outnumbered).
 39215 | Shoals:4 | 39215 ||| Stepping ~*~*~tactically~*~*~ (outnumbered).
 39218 | Shoals:4 | 39218 ||| Stepping ~*~*~tactically~*~*~ (outnumbered).
 39220 | Shoals:4 | 39220 ||| Stepping ~*~*~tactically~*~*~ (outnumbered).
 39221 | Shoals:4 | 39221 ||| Stepping ~*~*~tactically~*~*~ (outnumbered).
 39222 | Shoals:4 | 39222 ||| Stepping ~*~*~tactically~*~*~ (outnumbered).
 39223 | Shoals:4 | 39223 ||| Stepping ~*~*~tactically~*~*~ (outnumbered).
 39232 | Shoals:4 | Reached skill level 9 in Armour
 39246 | Shoals:4 | 39246 ||| INVOKING Heroism.
 39248 | Shoals:4 | Killed Bai Suzhen
 39249 | Shoals:4 | 39249 ||| Stepping ~*~*~tactically~*~*~ (cloud).
 39399 | Shoals:4 | 39399 ||| Stepping ~*~*~tactically~*~*~ (stealth).
 39505 | Shoals:4 | Got a barnacled rune of Zot
 39510 | Shoals:4 | 39510 ||| INVOKING Heroism.
 39950 | Shoals:4 | 39950 ||| PLANNING VAULTS:1-4
 39950 | Shoals:4 | 39950 ||| DROPPING +1 chain mail "Rabb" {Int+2 Dex+5}.
 39951 | Shoals:4 | 39951 ||| DROPPING amulet of magic regeneration.
 40163 | Vaults:1 | Entered Level 1 of the Vaults
 40172 | Vaults:1 | 40172 ||| Stepping ~*~*~tactically~*~*~ (stealth).
 40175 | Vaults:1 | 40175 ||| INVOKING Heroism.
 40234 | Vaults:1 | 40234 ||| Stepping ~*~*~tactically~*~*~ (hiding).
 40243 | Vaults:1 | 40243 ||| Stepping ~*~*~tactically~*~*~ (stealth).
 40245 | Vaults:1 | 40245 ||| Stepping ~*~*~tactically~*~*~ (hiding).
 40333 | Vaults:1 | Received a gift from Okawaru
 40473 | Vaults:1 | 40473 ||| INVOKING Heroism.
 40484 | Vaults:1 | Received a gift from Okawaru
 40605 | Vaults:1 | 40605 ||| Stepping ~*~*~tactically~*~*~ (hiding).
 40607 | Vaults:1 | 40607 ||| Stepping ~*~*~tactically~*~*~ (outnumbered).
 40620 | Vaults:1 | 40620 ||| INVOKING Heroism.
 40621 | Vaults:1 | 40621 ||| Stepping ~*~*~tactically~*~*~ (outnumbered).
 40622 | Vaults:1 | 40622 ||| Stepping ~*~*~tactically~*~*~ (outnumbered).
 40623 | Vaults:1 | 40623 ||| Stepping ~*~*~tactically~*~*~ (outnumbered).
 40648 | Vaults:1 | Reached skill level 17 in Fighting
 40653 | Vaults:1 | 40653 ||| INVOKING Finesse.
 40799 | Vaults:1 | 40799 ||| INVOKING Heroism.
 40804 | Vaults:1 | Reached XP level 19. HP: 175/177 MP: 22/25
 40804 | Vaults:1 | 40804 ||| DRINKING 2 potions of resistance.
 40805 | Vaults:1 | 40805 ||| Stepping ~*~*~tactically~*~*~ (outnumbered).
 40806 | Vaults:1 | 40806 ||| Stepping ~*~*~tactically~*~*~ (outnumbered).
 40807 | Vaults:1 | 40807 ||| Stepping ~*~*~tactically~*~*~ (outnumbered).
 40808 | Vaults:1 | 40808 ||| Stepping ~*~*~tactically~*~*~ (outnumbered).
 40809 | Vaults:1 | 40809 ||| Stepping ~*~*~tactically~*~*~ (outnumbered).
 40810 | Vaults:1 | 40810 ||| Stepping ~*~*~tactically~*~*~ (outnumbered).
 40811 | Vaults:1 | 40811 ||| Stepping ~*~*~tactically~*~*~ (outnumbered).
 40812 | Vaults:1 | 40812 ||| Stepping ~*~*~tactically~*~*~ (outnumbered).
 40813 | Vaults:1 | 40813 ||| Stepping ~*~*~tactically~*~*~ (outnumbered).
 40814 | Vaults:1 | 40814 ||| Stepping ~*~*~tactically~*~*~ (outnumbered).
 40815 | Vaults:1 | 40815 ||| Stepping ~*~*~tactically~*~*~ (outnumbered).
 40816 | Vaults:1 | 40816 ||| Stepping ~*~*~tactically~*~*~ (outnumbered).
 40817 | Vaults:1 | 40817 ||| Stepping ~*~*~tactically~*~*~ (outnumbered).
 40818 | Vaults:1 | 40818 ||| Stepping ~*~*~tactically~*~*~ (hiding).
 40835 | Vaults:1 | 40835 ||| Stepping ~*~*~tactically~*~*~ (outnumbered).
 40837 | Vaults:1 | 40837 ||| Stepping ~*~*~tactically~*~*~ (outnumbered).
 40842 | Vaults:1 | 40842 ||| INVOKING Heroism.
 40859 | Vaults:1 | 40859 ||| DRINKING potion of resistance.
 40949 | Vaults:1 | 40949 ||| Stepping ~*~*~tactically~*~*~ (outnumbered).
 40950 | Vaults:1 | 40950 ||| READING 3 scrolls of teleportation.
 41151 | Vaults:1 | Identified the +6 long sword of the Eight Nightmares
                  | {speed, Str+3}
 41220 | Vaults:1 | 41220 ||| Stepping ~*~*~tactically~*~*~ (hiding).
 41317 | Vaults:1 | 41317 ||| Stepping ~*~*~tactically~*~*~ (stealth).
 41318 | Vaults:1 | 41318 ||| Stepping ~*~*~tactically~*~*~ (hiding).
 41319 | Vaults:1 | 41319 ||| Stepping ~*~*~tactically~*~*~ (hiding).
 41324 | Vaults:1 | 41324 ||| INVOKING Heroism.
 41325 | Vaults:1 | 41325 ||| INVOKING Finesse.
 41570 | Vaults:1 | 41570 ||| Stepping ~*~*~tactically~*~*~ (hiding).
 41571 | Vaults:1 | 41571 ||| Stepping ~*~*~tactically~*~*~ (hiding).
 41579 | Vaults:1 | 41579 ||| INVOKING Heroism.
 41588 | Vaults:1 | 41588 ||| INVOKING Finesse.
 41589 | Vaults:1 | 41589 ||| Stepping ~*~*~tactically~*~*~ (hiding).
 41590 | Vaults:1 | 41590 ||| Stepping ~*~*~tactically~*~*~ (outnumbered).
 41591 | Vaults:1 | 41591 ||| Stepping ~*~*~tactically~*~*~ (outnumbered).
 41595 | Vaults:1 | 41595 ||| Stepping ~*~*~tactically~*~*~ (outnumbered).
 41600 | Vaults:1 | 41600 ||| Stepping ~*~*~tactically~*~*~ (outnumbered).
 41601 | Vaults:1 | 41601 ||| Stepping ~*~*~tactically~*~*~ (outnumbered).
 41615 | Vaults:1 | Received a gift from Okawaru
 41744 | Vaults:1 | 41744 ||| INVOKING Heroism.
 41745 | Vaults:1 | 41745 ||| INVOKING Finesse.
 41753 | Vaults:1 | 41753 ||| Stepping ~*~*~tactically~*~*~ (hiding).
 41756 | Vaults:1 | 41756 ||| Stepping ~*~*~tactically~*~*~ (outnumbered).
 41769 | Vaults:1 | Reached skill level 18 in Fighting
 41799 | Vaults:1 | HP: 34/179 [something/bolt of lightning (13)]
 41804 | Vaults:1 | HP: 21/179 [something/bolt of lightning (13)]
 41809 | Vaults:1 | 41809 ||| READING 2 scrolls of teleportation.
 41810 | Vaults:1 | 41810 ||| DRINKING potion of heal wounds.
 42008 | Vaults:1 | 42008 ||| INVOKING Heroism.
 42492 | Vaults:1 | 42492 ||| Stepping ~*~*~tactically~*~*~ (stealth).
 42493 | Vaults:1 | 42493 ||| Stepping ~*~*~tactically~*~*~ (stealth).
 42496 | Vaults:1 | 42496 ||| Stepping ~*~*~tactically~*~*~ (hiding).
 42633 | Vaults:2 | 42633 ||| PLANNING DESOLATION
 42636 | Vaults:2 | 42636 ||| Stepping ~*~*~tactically~*~*~ (stealth).
 42637 | Vaults:2 | 42637 ||| Stepping ~*~*~tactically~*~*~ (stealth).
 42753 | Vaults:2 | 42753 ||| Stepping ~*~*~tactically~*~*~ (stealth).
 42755 | Vaults:2 | 42755 ||| Stepping ~*~*~tactically~*~*~ (stealth).
 42757 | Vaults:2 | 42757 ||| Stepping ~*~*~tactically~*~*~ (stealth).
 42812 | Vaults:2 | 42812 ||| Stepping ~*~*~tactically~*~*~ (hiding).
 42813 | Vaults:2 | 42813 ||| INVOKING Heroism.
 42814 | Vaults:2 | 42814 ||| Stepping ~*~*~tactically~*~*~ (outnumbered).
 42816 | Vaults:2 | 42816 ||| Stepping ~*~*~tactically~*~*~ (outnumbered).
 42817 | Vaults:2 | 42817 ||| Stepping ~*~*~tactically~*~*~ (outnumbered).
 42818 | Vaults:2 | 42818 ||| Stepping ~*~*~tactically~*~*~ (outnumbered).
 42819 | Vaults:2 | 42819 ||| Stepping ~*~*~tactically~*~*~ (outnumbered).
 42839 | Vaults:2 | Received a gift from Okawaru
 42932 | Vaults:2 | 42932 ||| INVOKING Heroism.
 42933 | Vaults:2 | 42933 ||| INVOKING Finesse.
 42934 | Vaults:2 | 42934 ||| Stepping ~*~*~tactically~*~*~ (outnumbered).
 42940 | Vaults:2 | 42940 ||| Stepping ~*~*~tactically~*~*~ (hiding).
 42948 | Vaults:2 | 42948 ||| Stepping ~*~*~tactically~*~*~ (hiding).
 42961 | Vaults:2 | 42961 ||| Stepping ~*~*~tactically~*~*~ (outnumbered).
 42963 | Vaults:2 | 42963 ||| Stepping ~*~*~tactically~*~*~ (hiding).
 42966 | Vaults:2 | 42966 ||| Stepping ~*~*~tactically~*~*~ (hiding).
 42970 | Vaults:2 | 42970 ||| INVOKING Heroism.
 43133 | Vaults:2 | 43133 ||| INVOKING Heroism.
 43134 | Vaults:2 | 43134 ||| Stepping ~*~*~tactically~*~*~ (outnumbered).
 43137 | Vaults:2 | 43137 ||| Stepping ~*~*~tactically~*~*~ (outnumbered).
 43162 | Vaults:2 | 43162 ||| Stepping ~*~*~tactically~*~*~ (hiding).
 43164 | Vaults:2 | 43164 ||| Stepping ~*~*~tactically~*~*~ (hiding).
 43165 | Vaults:2 | 43165 ||| Stepping ~*~*~tactically~*~*~ (hiding).
 43166 | Vaults:2 | 43166 ||| Stepping ~*~*~tactically~*~*~ (hiding).
 43167 | Vaults:2 | 43167 ||| Stepping ~*~*~tactically~*~*~ (hiding).
 43310 | Vaults:2 | Found a staircase to the Crypt.
 43428 | Vaults:2 | 43428 ||| RIP DESOLATION
 43429 | Vaults:2 | 43429 ||| PLANNING VAULTS:1-4
 43472 | Vaults:2 | 43472 ||| Stepping ~*~*~tactically~*~*~ (stealth).
 43474 | Vaults:2 | 43474 ||| Stepping ~*~*~tactically~*~*~ (outnumbered).
 43475 | Vaults:2 | 43475 ||| Stepping ~*~*~tactically~*~*~ (outnumbered).
 43476 | Vaults:2 | 43476 ||| INVOKING Heroism.
 43477 | Vaults:2 | 43477 ||| Stepping ~*~*~tactically~*~*~ (outnumbered).
 43478 | Vaults:2 | 43478 ||| Stepping ~*~*~tactically~*~*~ (outnumbered).
 43479 | Vaults:2 | 43479 ||| Stepping ~*~*~tactically~*~*~ (outnumbered).
 43480 | Vaults:2 | 43480 ||| Stepping ~*~*~tactically~*~*~ (outnumbered).
 43481 | Vaults:2 | 43481 ||| Stepping ~*~*~tactically~*~*~ (outnumbered).
 43486 | Vaults:2 | 43486 ||| Stepping ~*~*~tactically~*~*~ (outnumbered).
 43491 | Vaults:2 | 43491 ||| Stepping ~*~*~tactically~*~*~ (outnumbered).
 43492 | Vaults:2 | 43492 ||| Stepping ~*~*~tactically~*~*~ (outnumbered).
 43636 | Vaults:2 | 43636 ||| Stepping ~*~*~tactically~*~*~ (hiding).
 43638 | Vaults:2 | 43638 ||| INVOKING Heroism.
 43639 | Vaults:2 | 43639 ||| Stepping ~*~*~tactically~*~*~ (hiding).
 43640 | Vaults:2 | 43640 ||| Stepping ~*~*~tactically~*~*~ (hiding).
 43645 | Vaults:2 | 43645 ||| Stepping ~*~*~tactically~*~*~ (outnumbered).
 43663 | Vaults:2 | 43663 ||| Stepping ~*~*~tactically~*~*~ (hiding).
 43765 | Vaults:2 | 43765 ||| Stepping ~*~*~tactically~*~*~ (hiding).
 43889 | Vaults:2 | 43889 ||| Stepping ~*~*~tactically~*~*~ (outnumbered).
 43890 | Vaults:2 | 43890 ||| Stepping ~*~*~tactically~*~*~ (outnumbered).
 44066 | Vaults:2 | 44066 ||| Stepping ~*~*~tactically~*~*~ (hiding).
 44168 | Vaults:2 | 44168 ||| Stepping ~*~*~tactically~*~*~ (hiding).
 44236 | Vaults:2 | 44236 ||| Stepping ~*~*~tactically~*~*~ (hiding).
 44241 | Vaults:2 | 44241 ||| Stepping ~*~*~tactically~*~*~ (outnumbered).
 44243 | Vaults:2 | 44243 ||| Stepping ~*~*~tactically~*~*~ (outnumbered).
 44245 | Vaults:2 | 44245 ||| INVOKING Heroism.
 44247 | Vaults:2 | 44247 ||| Stepping ~*~*~tactically~*~*~ (outnumbered).
 44266 | Vaults:2 | 44266 ||| Stepping ~*~*~tactically~*~*~ (outnumbered).
 44267 | Vaults:2 | 44267 ||| Stepping ~*~*~tactically~*~*~ (outnumbered).
 44268 | Vaults:2 | 44268 ||| Stepping ~*~*~tactically~*~*~ (outnumbered).
 44348 | Vaults:2 | 44348 ||| Stepping ~*~*~tactically~*~*~ (stealth).
 44350 | Vaults:2 | 44350 ||| Stepping ~*~*~tactically~*~*~ (hiding).
 44357 | Vaults:2 | 44357 ||| INVOKING Heroism.
 44363 | Vaults:2 | 44363 ||| Stepping ~*~*~tactically~*~*~ (hiding).
 44366 | Vaults:2 | 44366 ||| Stepping ~*~*~tactically~*~*~ (hiding).
 44372 | Vaults:2 | 44372 ||| Stepping ~*~*~tactically~*~*~ (outnumbered).
 44387 | Vaults:2 | 44387 ||| FLEEEEING.
 44388 | Vaults:2 | 44388 ||| FLEEEEING.
 44389 | Vaults:2 | 44389 ||| FLEEEEING.
 44390 | Vaults:2 | 44390 ||| FLEEEEING.
 44763 | Vaults:2 | 44763 ||| Stepping ~*~*~tactically~*~*~ (stealth).
 44765 | Vaults:2 | 44765 ||| Stepping ~*~*~tactically~*~*~ (stealth).
 44784 | Vaults:2 | 44784 ||| INVOKING Heroism.
 44956 | Vaults:2 | 44956 ||| Stepping ~*~*~tactically~*~*~ (outnumbered).
 44957 | Vaults:2 | 44957 ||| Stepping ~*~*~tactically~*~*~ (outnumbered).
 45044 | Vaults:2 | Found Qoroy's Distillery.
 45050 | Vaults:2 | 45050 ||| BUYING 3 potions of heal wounds (300 gold).
 45050 | Vaults:2 | Bought 3 potions of heal wounds for 300 gold pieces
 45050 | Vaults:2 | 45050 ||| BUYING potion of curing (60 gold).
 45050 | Vaults:2 | Bought a potion of curing for 60 gold pieces
 45050 | Vaults:2 | 45050 ||| BUYING potion of curing (60 gold).
 45050 | Vaults:2 | Bought a potion of curing for 60 gold pieces
 45050 | Vaults:2 | 45050 ||| BUYING potion of heal wounds (100 gold).
 45050 | Vaults:2 | Bought a potion of heal wounds for 100 gold pieces
 45050 | Vaults:2 | 45050 ||| BUYING potion of heal wounds (100 gold).
 45050 | Vaults:2 | Bought a potion of heal wounds for 100 gold pieces
 45066 | Vaults:2 | 45066 ||| DROPPING +2 plate armour of poison resistance.
 45067 | Vaults:2 | 45067 ||| DROPPING +6 ring of strength.
 45158 | Vaults:3 | 45158 ||| INVOKING Heroism.
 45167 | Vaults:3 | Reached XP level 20. HP: 175/189 MP: 24/26
 45187 | Vaults:3 | 45187 ||| INVOKING Heroism.
 45188 | Vaults:3 | 45188 ||| Stepping ~*~*~tactically~*~*~ (outnumbered).
 45211 | Vaults:3 | Reached skill level 19 in Fighting
 45430 | Vaults:3 | 45430 ||| INVOKING Heroism.
 45435 | Vaults:3 | 45435 ||| Stepping ~*~*~tactically~*~*~ (outnumbered).
 45439 | Vaults:3 | 45439 ||| Stepping ~*~*~tactically~*~*~ (outnumbered).
 45440 | Vaults:3 | 45440 ||| Stepping ~*~*~tactically~*~*~ (outnumbered).
 45446 | Vaults:3 | 45446 ||| Stepping ~*~*~tactically~*~*~ (outnumbered).
 45447 | Vaults:3 | 45447 ||| Stepping ~*~*~tactically~*~*~ (outnumbered).
 45453 | Vaults:3 | 45453 ||| Stepping ~*~*~tactically~*~*~ (outnumbered).
 45505 | Vaults:3 | 45505 ||| Stepping ~*~*~tactically~*~*~ (stealth).
 45506 | Vaults:3 | 45506 ||| Stepping ~*~*~tactically~*~*~ (stealth).
 45508 | Vaults:3 | 45508 ||| Stepping ~*~*~tactically~*~*~ (stealth).
 45510 | Vaults:3 | 45510 ||| Stepping ~*~*~tactically~*~*~ (stealth).
 45513 | Vaults:3 | 45513 ||| INVOKING Heroism.
 45745 | Vaults:3 | Received a gift from Okawaru
 45800 | Vaults:3 | 45800 ||| Stepping ~*~*~tactically~*~*~ (hiding).
 45812 | Vaults:3 | 45812 ||| INVOKING Heroism.
 45935 | Vaults:3 | 45935 ||| Stepping ~*~*~tactically~*~*~ (outnumbered).
 45964 | Vaults:3 | 45964 ||| Stepping ~*~*~tactically~*~*~ (stealth).
 45968 | Vaults:3 | 45968 ||| Stepping ~*~*~tactically~*~*~ (hiding).
 45982 | Vaults:3 | Received a gift from Okawaru
 46095 | Vaults:3 | 46095 ||| Stepping ~*~*~tactically~*~*~ (hiding).
 46098 | Vaults:3 | 46098 ||| Stepping ~*~*~tactically~*~*~ (stealth).
 46111 | Vaults:3 | 46111 ||| INVOKING Heroism.
 46113 | Vaults:3 | 46113 ||| Stepping ~*~*~tactically~*~*~ (outnumbered).
 46115 | Vaults:3 | 46115 ||| Stepping ~*~*~tactically~*~*~ (outnumbered).
 46510 | Vaults:3 | 46510 ||| Stepping ~*~*~tactically~*~*~ (stealth).
 46616 | Vaults:3 | 46616 ||| Stepping ~*~*~tactically~*~*~ (stealth).
 46617 | Vaults:3 | 46617 ||| Stepping ~*~*~tactically~*~*~ (stealth).
 46620 | Vaults:3 | 46620 ||| Stepping ~*~*~tactically~*~*~ (stealth).
 46622 | Vaults:3 | 46622 ||| INVOKING Heroism.
 46625 | Vaults:3 | 46625 ||| Stepping ~*~*~tactically~*~*~ (outnumbered).
 46637 | Vaults:3 | 46637 ||| Stepping ~*~*~tactically~*~*~ (outnumbered).
 46647 | Vaults:3 | 46647 ||| Stepping ~*~*~tactically~*~*~ (outnumbered).
 46848 | Vaults:3 | 46848 ||| READING 3 scrolls of teleportation.
 46851 | Vaults:3 | 46851 ||| FLEEEEING.
 46862 | Vaults:3 | 46862 ||| INVOKING Heroism.
 46865 | Vaults:3 | 46865 ||| Stepping ~*~*~tactically~*~*~ (outnumbered).
 46870 | Vaults:3 | 46870 ||| Stepping ~*~*~tactically~*~*~ (outnumbered).
 46871 | Vaults:3 | 46871 ||| Stepping ~*~*~tactically~*~*~ (stealth).
 46872 | Vaults:3 | 46872 ||| Stepping ~*~*~tactically~*~*~ (outnumbered).
 46873 | Vaults:3 | 46873 ||| Stepping ~*~*~tactically~*~*~ (outnumbered).
 46874 | Vaults:3 | 46874 ||| Stepping ~*~*~tactically~*~*~ (outnumbered).
 46875 | Vaults:3 | 46875 ||| Stepping ~*~*~tactically~*~*~ (outnumbered).
 46876 | Vaults:3 | 46876 ||| Stepping ~*~*~tactically~*~*~ (outnumbered).
 46877 | Vaults:3 | 46877 ||| Stepping ~*~*~tactically~*~*~ (outnumbered).
 46878 | Vaults:3 | 46878 ||| Stepping ~*~*~tactically~*~*~ (outnumbered).
 46879 | Vaults:3 | 46879 ||| Stepping ~*~*~tactically~*~*~ (outnumbered).
 46880 | Vaults:3 | 46880 ||| Stepping ~*~*~tactically~*~*~ (outnumbered).
 46949 | Vaults:3 | 46949 ||| Stepping ~*~*~tactically~*~*~ (hiding).
 46954 | Vaults:3 | 46954 ||| Stepping ~*~*~tactically~*~*~ (hiding).
 47112 | Vaults:3 | 47112 ||| INVOKING Heroism.
 47114 | Vaults:3 | 47114 ||| Stepping ~*~*~tactically~*~*~ (stealth).
 47134 | Vaults:3 | Received a gift from Okawaru
 47235 | Vaults:3 | 47235 ||| INVOKING Heroism.
 47486 | Vaults:3 | 47486 ||| READING 2 scrolls of teleportation.
 47534 | Vaults:3 | 47534 ||| READING scroll of teleportation.
 47605 | Vaults:3 | 47605 ||| INVOKING Heroism.
 47606 | Vaults:3 | 47606 ||| INVOKING Finesse.
 47666 | Vaults:3 | 47666 ||| Stepping randomly (stuck).
 47730 | Vaults:4 | 47730 ||| STAIRDANCE
 47734 | Vaults:4 | 47734 ||| STAIRDANCE
 47746 | Vaults:4 | 47746 ||| Stepping ~*~*~tactically~*~*~ (hiding).
 47794 | Vaults:4 | 47794 ||| Stepping ~*~*~tactically~*~*~ (hiding).
 47797 | Vaults:4 | 47797 ||| INVOKING Heroism.
 47801 | Vaults:4 | 47801 ||| Stepping ~*~*~tactically~*~*~ (hiding).
 47861 | Vaults:4 | 47861 ||| INVOKING Heroism.
 47863 | Vaults:4 | Reached skill level 20 in Fighting
 47863 | Vaults:4 | 47863 ||| Stepping ~*~*~tactically~*~*~ (outnumbered).
 47865 | Vaults:4 | 47865 ||| Stepping ~*~*~tactically~*~*~ (outnumbered).
 47873 | Vaults:4 | 47873 ||| Stepping ~*~*~tactically~*~*~ (outnumbered).
 47890 | Vaults:4 | Identified the +6 spear "Lifebane" {vorpal, *Rage rC+ rN+
                  | Int+4} (Okawaru gifted it to you on level 4 of the Vaults)
 47890 | Vaults:4 | Received a gift from Okawaru
 47918 | Vaults:4 | 47918 ||| INVOKING Heroism.
 47919 | Vaults:4 | 47919 ||| Stepping ~*~*~tactically~*~*~ (outnumbered).
 47921 | Vaults:4 | 47921 ||| Stepping ~*~*~tactically~*~*~ (outnumbered).
 47924 | Vaults:4 | 47924 ||| Stepping ~*~*~tactically~*~*~ (outnumbered).
 47962 | Vaults:4 | 47962 ||| Stepping ~*~*~tactically~*~*~ (hiding).
 47965 | Vaults:4 | 47965 ||| Stepping ~*~*~tactically~*~*~ (hiding).
 47980 | Vaults:4 | 47980 ||| Stepping ~*~*~tactically~*~*~ (outnumbered).
 47981 | Vaults:4 | 47981 ||| Stepping ~*~*~tactically~*~*~ (outnumbered).
 47983 | Vaults:4 | 47983 ||| Stepping ~*~*~tactically~*~*~ (outnumbered).
 48165 | Vaults:4 | 48165 ||| INVOKING Heroism.
 48166 | Vaults:4 | Noticed Saint Roka
 48170 | Vaults:4 | 48170 ||| Stepping ~*~*~tactically~*~*~ (outnumbered).
 48171 | Vaults:4 | 48171 ||| Stepping ~*~*~tactically~*~*~ (outnumbered).
 48172 | Vaults:4 | 48172 ||| Stepping ~*~*~tactically~*~*~ (outnumbered).
 48173 | Vaults:4 | 48173 ||| Stepping ~*~*~tactically~*~*~ (hiding).
 48178 | Vaults:4 | 48178 ||| Stepping ~*~*~tactically~*~*~ (outnumbered).
 48179 | Vaults:4 | 48179 ||| Stepping ~*~*~tactically~*~*~ (outnumbered).
 48180 | Vaults:4 | 48180 ||| Stepping ~*~*~tactically~*~*~ (outnumbered).
 48181 | Vaults:4 | 48181 ||| Stepping ~*~*~tactically~*~*~ (outnumbered).
 48182 | Vaults:4 | 48182 ||| Stepping ~*~*~tactically~*~*~ (outnumbered).
 48184 | Vaults:4 | 48184 ||| Stepping ~*~*~tactically~*~*~ (outnumbered).
 48185 | Vaults:4 | 48185 ||| Stepping ~*~*~tactically~*~*~ (outnumbered).
 48186 | Vaults:4 | 48186 ||| Stepping ~*~*~tactically~*~*~ (outnumbered).
 48192 | Vaults:4 | 48192 ||| Stepping ~*~*~tactically~*~*~ (outnumbered).
 48194 | Vaults:4 | 48194 ||| Stepping ~*~*~tactically~*~*~ (outnumbered).
 48195 | Vaults:4 | 48195 ||| Stepping ~*~*~tactically~*~*~ (outnumbered).
 48196 | Vaults:4 | 48196 ||| Stepping ~*~*~tactically~*~*~ (outnumbered).
 48197 | Vaults:4 | 48197 ||| Stepping ~*~*~tactically~*~*~ (outnumbered).
 48198 | Vaults:4 | 48198 ||| Stepping ~*~*~tactically~*~*~ (outnumbered).
 48199 | Vaults:4 | 48199 ||| Stepping ~*~*~tactically~*~*~ (outnumbered).
 48200 | Vaults:4 | 48200 ||| Stepping ~*~*~tactically~*~*~ (hiding).
 48201 | Vaults:4 | 48201 ||| Stepping ~*~*~tactically~*~*~ (hiding).
 48202 | Vaults:4 | 48202 ||| Stepping ~*~*~tactically~*~*~ (hiding).
 48205 | Vaults:4 | 48205 ||| Stepping ~*~*~tactically~*~*~ (hiding).
 48207 | Vaults:4 | 48207 ||| Stepping ~*~*~tactically~*~*~ (hiding).
 48267 | Vaults:4 | Noticed Boris
 48268 | Vaults:4 | 48268 ||| INVOKING Heroism.
 48269 | Vaults:4 | 48269 ||| INVOKING Finesse.
 48285 | Vaults:4 | Killed Boris
 48386 | Vaults:4 | 48386 ||| Stepping ~*~*~tactically~*~*~ (stealth).
 48456 | Vaults:4 | 48456 ||| INVOKING Heroism.
 48608 | Vaults:4 | 48608 ||| Stepping ~*~*~tactically~*~*~ (hiding).
 48710 | Vaults:4 | 48710 ||| Stepping ~*~*~tactically~*~*~ (hiding).
 48723 | Vaults:4 | 48723 ||| FLEEEEING.
 48724 | Vaults:4 | 48724 ||| FLEEEEING.
 48731 | Vaults:4 | 48731 ||| FLEEEEING.
 48732 | Vaults:4 | 48732 ||| FLEEEEING.
 48733 | Vaults:4 | 48733 ||| FLEEEEING.
 48750 | Vaults:4 | 48750 ||| FLEEEEING.
 48751 | Vaults:4 | 48751 ||| FLEEEEING.
 48752 | Vaults:4 | 48752 ||| FLEEEEING.
 48753 | Vaults:4 | 48753 ||| Stepping ~*~*~tactically~*~*~ (hiding).
 48755 | Vaults:4 | 48755 ||| Stepping ~*~*~tactically~*~*~ (hiding).
 48756 | Vaults:4 | 48756 ||| INVOKING Heroism.
 48757 | Vaults:4 | 48757 ||| Stepping ~*~*~tactically~*~*~ (hiding).
 48764 | Vaults:4 | Killed Saint Roka
 48775 | Vaults:4 | 48775 ||| Stepping ~*~*~tactically~*~*~ (outnumbered).
 48781 | Vaults:4 | 48781 ||| Stepping ~*~*~tactically~*~*~ (outnumbered).
 48788 | Vaults:4 | 48788 ||| Stepping ~*~*~tactically~*~*~ (outnumbered).
 48796 | Vaults:4 | 48796 ||| Stepping ~*~*~tactically~*~*~ (outnumbered).
 48797 | Vaults:4 | 48797 ||| Stepping ~*~*~tactically~*~*~ (outnumbered).
 48798 | Vaults:4 | 48798 ||| Stepping ~*~*~tactically~*~*~ (outnumbered).
 48799 | Vaults:4 | 48799 ||| Stepping ~*~*~tactically~*~*~ (outnumbered).
 48800 | Vaults:4 | 48800 ||| Stepping ~*~*~tactically~*~*~ (outnumbered).
 48801 | Vaults:4 | 48801 ||| Stepping ~*~*~tactically~*~*~ (outnumbered).
 48804 | Vaults:4 | 48804 ||| Stepping ~*~*~tactically~*~*~ (outnumbered).
 48805 | Vaults:4 | 48805 ||| Stepping ~*~*~tactically~*~*~ (outnumbered).
 48806 | Vaults:4 | 48806 ||| Stepping ~*~*~tactically~*~*~ (outnumbered).
 48809 | Vaults:4 | 48809 ||| Stepping ~*~*~tactically~*~*~ (outnumbered).
 48811 | Vaults:4 | 48811 ||| Stepping ~*~*~tactically~*~*~ (outnumbered).
 48811 | Vaults:4 | HP: 41/193 [dire elephant (37)]
 48812 | Vaults:4 | 48812 ||| DRINKING 7 potions of heal wounds.
 48813 | Vaults:4 | 48813 ||| Stepping ~*~*~tactically~*~*~ (outnumbered).
 48814 | Vaults:4 | 48814 ||| Stepping ~*~*~tactically~*~*~ (outnumbered).
 48815 | Vaults:4 | 48815 ||| Stepping ~*~*~tactically~*~*~ (outnumbered).
 48816 | Vaults:4 | 48816 ||| DRINKING 6 potions of heal wounds.
 48818 | Vaults:4 | HP: 36/193 [dire elephant (13)]
 48819 | Vaults:4 | 48819 ||| DRINKING 5 potions of heal wounds.
 48820 | Vaults:4 | 48820 ||| Stepping ~*~*~tactically~*~*~ (outnumbered).
 48825 | Vaults:4 | 48825 ||| Stepping ~*~*~tactically~*~*~ (outnumbered).
 48827 | Vaults:4 | 48827 ||| Stepping ~*~*~tactically~*~*~ (outnumbered).
 48830 | Vaults:4 | 48830 ||| Stepping ~*~*~tactically~*~*~ (outnumbered).
 48831 | Vaults:4 | 48831 ||| Stepping ~*~*~tactically~*~*~ (outnumbered).
 48832 | Vaults:4 | 48832 ||| Stepping ~*~*~tactically~*~*~ (outnumbered).
 48835 | Vaults:4 | 48835 ||| Stepping ~*~*~tactically~*~*~ (outnumbered).
 48835 | Vaults:4 | HP: 43/193 [vault warden/+1 vorpal battleaxe (15)]
 48836 | Vaults:4 | 48836 ||| DRINKING 4 potions of heal wounds.
 48837 | Vaults:4 | 48837 ||| DRINKING 3 potions of heal wounds.
 48838 | Vaults:4 | 48838 ||| INVOKING Heroism.
 48838 | Vaults:4 | HP: 16/193 [stone giant (44)]
 48839 | Vaults:4 | 48839 ||| DRINKING 2 potions of heal wounds.
 48840 | Vaults:4 | 48840 ||| DRINKING potion of heal wounds.
 48841 | Vaults:4 | 48841 ||| Stepping ~*~*~tactically~*~*~ (outnumbered).
 48842 | Vaults:4 | 48842 ||| Stepping ~*~*~tactically~*~*~ (outnumbered).
 48845 | Vaults:4 | 48845 ||| Stepping ~*~*~tactically~*~*~ (outnumbered).
 48846 | Vaults:4 | 48846 ||| Stepping ~*~*~tactically~*~*~ (outnumbered).
 48851 | Vaults:4 | 48851 ||| Stepping ~*~*~tactically~*~*~ (outnumbered).
 48854 | Vaults:4 | 48854 ||| Stepping ~*~*~tactically~*~*~ (outnumbered).
 48855 | Vaults:4 | 48855 ||| Stepping ~*~*~tactically~*~*~ (outnumbered).
 48856 | Vaults:4 | 48856 ||| Stepping ~*~*~tactically~*~*~ (outnumbered).
 48856 | Vaults:4 | HP: 38/193 [stone giant (16)]
 48857 | Vaults:4 | 48857 ||| Stepping ~*~*~tactically~*~*~ (outnumbered).
 48858 | Vaults:4 | 48858 ||| Stepping ~*~*~tactically~*~*~ (outnumbered).
 48859 | Vaults:4 | 48859 ||| Stepping ~*~*~tactically~*~*~ (outnumbered).
 48861 | Vaults:4 | Reached XP level 21. HP: 27/201 MP: 27/27
 48867 | Vaults:4 | HP: 34/201 [yaktaur/bolt[a vault warden] (15)]
 48868 | Vaults:4 | Reached skill level 15 in Shields
 48870 | Vaults:4 | Received a gift from Okawaru
 48878 | Vaults:4 | 48878 ||| INVOKING Heroism.
 48904 | Vaults:4 | 48904 ||| Stepping ~*~*~tactically~*~*~ (outnumbered).
 48905 | Vaults:4 | 48905 ||| Stepping ~*~*~tactically~*~*~ (outnumbered).
 48906 | Vaults:4 | 48906 ||| Stepping ~*~*~tactically~*~*~ (outnumbered).
 48909 | Vaults:4 | 48909 ||| Stepping ~*~*~tactically~*~*~ (outnumbered).
 48910 | Vaults:4 | 48910 ||| Stepping ~*~*~tactically~*~*~ (outnumbered).
 48915 | Vaults:4 | 48915 ||| Stepping ~*~*~tactically~*~*~ (outnumbered).
 48916 | Vaults:4 | 48916 ||| Stepping ~*~*~tactically~*~*~ (outnumbered).
 48917 | Vaults:4 | 48917 ||| Stepping ~*~*~tactically~*~*~ (outnumbered).
 48921 | Vaults:4 | 48921 ||| Stepping ~*~*~tactically~*~*~ (outnumbered).
 48926 | Vaults:4 | 48926 ||| Stepping ~*~*~tactically~*~*~ (outnumbered).
 48929 | Vaults:4 | 48929 ||| INVOKING Heroism.
 49267 | Vaults:4 | 49267 ||| Stepping ~*~*~tactically~*~*~ (hiding).
 49369 | Vaults:4 | 49369 ||| Stepping ~*~*~tactically~*~*~ (hiding).
 49377 | Vaults:4 | Found Qaenuad's Book Shop.
 49382 | Vaults:4 | 49382 ||| Stepping ~*~*~tactically~*~*~ (outnumbered).
 49383 | Vaults:4 | 49383 ||| INVOKING Heroism.
 49384 | Vaults:4 | 49384 ||| Stepping ~*~*~tactically~*~*~ (stealth).
 49443 | Vaults:4 | 49443 ||| Stepping ~*~*~tactically~*~*~ (hiding).
 49445 | Vaults:4 | 49445 ||| INVOKING Heroism.
 49447 | Vaults:4 | 49447 ||| Stepping ~*~*~tactically~*~*~ (outnumbered).
 49448 | Vaults:4 | 49448 ||| Stepping ~*~*~tactically~*~*~ (outnumbered).
 49449 | Vaults:4 | 49449 ||| Stepping ~*~*~tactically~*~*~ (outnumbered).
 49450 | Vaults:4 | 49450 ||| Stepping ~*~*~tactically~*~*~ (outnumbered).
 49455 | Vaults:4 | 49455 ||| Stepping ~*~*~tactically~*~*~ (outnumbered).
 49458 | Vaults:4 | 49458 ||| Stepping ~*~*~tactically~*~*~ (outnumbered).
 49579 | Vaults:4 | 49579 ||| Stepping ~*~*~tactically~*~*~ (stealth).
 49589 | Vaults:4 | 49589 ||| Stepping ~*~*~tactically~*~*~ (outnumbered).
 49594 | Vaults:4 | 49594 ||| Stepping ~*~*~tactically~*~*~ (outnumbered).
 49598 | Vaults:4 | 49598 ||| Stepping ~*~*~tactically~*~*~ (outnumbered).
 49828 | Vaults:4 | 49828 ||| Stepping ~*~*~tactically~*~*~ (hiding).
 49931 | Vaults:4 | 49931 ||| Stepping ~*~*~tactically~*~*~ (hiding).
 49973 | Vaults:4 | 49973 ||| Stepping ~*~*~tactically~*~*~ (hiding).
 49983 | Vaults:4 | Reached skill level 21 in Fighting
 50076 | Vaults:4 | 50076 ||| PLANNING SNAKE:4
 50076 | Vaults:4 | 50076 ||| DROPPING +4 chain mail of cold resistance.
 50077 | Vaults:4 | 50077 ||| DROPPING +6 ring of intelligence.
 50191 | Vaults:1 | 50191 ||| Stepping ~*~*~tactically~*~*~ (hiding).
 50197 | Vaults:1 | 50197 ||| Stepping ~*~*~tactically~*~*~ (hiding).
 50577 | Snake:4  | Entered Level 4 of the Snake Pit
 50588 | Snake:4  | 50588 ||| INVOKING Heroism.
 50591 | Snake:4  | 50591 ||| Stepping ~*~*~tactically~*~*~ (outnumbered).
 50592 | Snake:4  | 50592 ||| Stepping ~*~*~tactically~*~*~ (outnumbered).
 50606 | Snake:4  | 50606 ||| Stepping ~*~*~tactically~*~*~ (stealth).
 50610 | Snake:4  | 50610 ||| Stepping ~*~*~tactically~*~*~ (stealth).
 50611 | Snake:4  | 50611 ||| Stepping ~*~*~tactically~*~*~ (stealth).
 50613 | Snake:4  | 50613 ||| Stepping ~*~*~tactically~*~*~ (stealth).
 50615 | Snake:4  | 50615 ||| Stepping ~*~*~tactically~*~*~ (stealth).
 50617 | Snake:4  | 50617 ||| Stepping ~*~*~tactically~*~*~ (hiding).
 50623 | Snake:4  | 50623 ||| Stepping ~*~*~tactically~*~*~ (outnumbered).
 50665 | Snake:4  | 50665 ||| Stepping ~*~*~tactically~*~*~ (hiding).
 50706 | Snake:4  | 50706 ||| Stepping ~*~*~tactically~*~*~ (stealth).
 50707 | Snake:4  | 50707 ||| Stepping ~*~*~tactically~*~*~ (hiding).
 50724 | Snake:4  | 50724 ||| Stepping ~*~*~tactically~*~*~ (stealth).
 50726 | Snake:4  | 50726 ||| Stepping ~*~*~tactically~*~*~ (hiding).
 50759 | Snake:4  | 50759 ||| Stepping ~*~*~tactically~*~*~ (hiding).
 50787 | Snake:4  | 50787 ||| Stepping ~*~*~tactically~*~*~ (hiding).
 50889 | Snake:4  | 50889 ||| Stepping ~*~*~tactically~*~*~ (hiding).
 50991 | Snake:4  | 50991 ||| Stepping ~*~*~tactically~*~*~ (hiding).
 51093 | Snake:4  | 51093 ||| Stepping ~*~*~tactically~*~*~ (hiding).
 51195 | Snake:4  | 51195 ||| Stepping ~*~*~tactically~*~*~ (hiding).
 51249 | Snake:4  | 51249 ||| Stepping ~*~*~tactically~*~*~ (stealth).
 51343 | Snake:4  | 51343 ||| Stepping ~*~*~tactically~*~*~ (stealth).
 51350 | Snake:4  | 51350 ||| Stepping ~*~*~tactically~*~*~ (stealth).
 51359 | Snake:4  | 51359 ||| Stepping ~*~*~tactically~*~*~ (hiding).
 51422 | Snake:4  | Identified the +1 chain mail of Sif Muna's Benevolence
                  | {Str+2 Stlth+}
 51489 | Snake:4  | 51489 ||| Stepping ~*~*~tactically~*~*~ (hiding).
 51496 | Snake:4  | 51496 ||| Stepping ~*~*~tactically~*~*~ (hiding).
 51500 | Snake:4  | 51500 ||| INVOKING Heroism.
 51505 | Snake:4  | 51505 ||| Stepping ~*~*~tactically~*~*~ (outnumbered).
 51520 | Snake:4  | 51520 ||| Stepping ~*~*~tactically~*~*~ (outnumbered).
 51525 | Snake:4  | Received a gift from Okawaru
 51544 | Snake:4  | Reached skill level 12 in Throwing
 51577 | Snake:4  | 51577 ||| Stepping ~*~*~tactically~*~*~ (stealth).
 51600 | Snake:4  | 51600 ||| Stepping ~*~*~tactically~*~*~ (hiding).
 51702 | Snake:4  | 51702 ||| Stepping ~*~*~tactically~*~*~ (hiding).
 51703 | Snake:4  | 51703 ||| Stepping ~*~*~tactically~*~*~ (hiding).
 51707 | Snake:4  | 51707 ||| INVOKING Heroism.
 51715 | Snake:4  | 51715 ||| Stepping ~*~*~tactically~*~*~ (outnumbered).
 51717 | Snake:4  | 51717 ||| Stepping ~*~*~tactically~*~*~ (outnumbered).
 51718 | Snake:4  | 51718 ||| Stepping ~*~*~tactically~*~*~ (outnumbered).
 51732 | Snake:4  | 51732 ||| INVOKING Heroism.
 52190 | Snake:4  | Reached skill level 9 in Dodging
 52312 | Snake:4  | 52312 ||| Stepping ~*~*~tactically~*~*~ (hiding).
 52414 | Snake:4  | 52414 ||| Stepping ~*~*~tactically~*~*~ (hiding).
 52516 | Snake:4  | 52516 ||| Stepping ~*~*~tactically~*~*~ (hiding).
 52618 | Snake:4  | 52618 ||| Stepping ~*~*~tactically~*~*~ (hiding).
 52740 | Snake:4  | Got a serpentine rune of Zot
 52786 | Snake:4  | Found Muraosy's Book Shoppe.
 52786 | Snake:4  | Found Qilothy's Jewellery Boutique.
 52787 | Snake:4  | Found Suida's Book Shoppe.
 52795 | Snake:4  | 52795 ||| SHOPLISTING ring "Ydejenikk" {Contam rF+++ MP+9
                  | Str+6 Dex-2} (1132 gold, have 1029).
 52872 | Snake:4  | 52872 ||| Stepping ~*~*~tactically~*~*~ (stealth).
 52873 | Snake:4  | 52873 ||| Stepping ~*~*~tactically~*~*~ (stealth).
 52875 | Snake:4  | 52875 ||| Stepping ~*~*~tactically~*~*~ (hiding).
 52884 | Snake:4  | 52884 ||| Stepping ~*~*~tactically~*~*~ (outnumbered).
 52888 | Snake:4  | 52888 ||| INVOKING Heroism.
 53263 | Snake:4  | 53263 ||| Stepping ~*~*~tactically~*~*~ (hiding).
 53367 | Snake:4  | 53367 ||| INVOKING Heroism.
 53700 | Snake:4  | 53700 ||| PLANNING DEPTHS
 53700 | Snake:4  | 53700 ||| DROPPING +1 chain mail of Sif Muna's Benevolence
                  | {Str+2 Stlth+}.
 53976 | Depths:1 | Entered Level 1 of the Depths
 53978 | Depths:1 | 53978 ||| Stepping ~*~*~tactically~*~*~ (hiding).
 54080 | Depths:1 | 54080 ||| Stepping ~*~*~tactically~*~*~ (hiding).
 54083 | Depths:1 | 54083 ||| INVOKING Heroism.
 54084 | Depths:1 | 54084 ||| Stepping ~*~*~tactically~*~*~ (outnumbered).
 54087 | Depths:1 | 54087 ||| Stepping ~*~*~tactically~*~*~ (hiding).
 54095 | Depths:1 | 54095 ||| Stepping ~*~*~tactically~*~*~ (hiding).
 54097 | Depths:1 | 54097 ||| INVOKING Finesse.
 54189 | Depths:1 | 54189 ||| Stepping ~*~*~tactically~*~*~ (stealth).
 54395 | Depths:1 | 54395 ||| INVOKING Heroism.
 54396 | Depths:1 | 54396 ||| INVOKING Finesse.
 54454 | Depths:1 | 54454 ||| INVOKING Heroism.
 54455 | Depths:1 | 54455 ||| INVOKING Finesse.
 54457 | Depths:1 | Received a gift from Okawaru
 54507 | Depths:1 | 54507 ||| INVOKING Heroism.
 54508 | Depths:1 | 54508 ||| INVOKING Finesse.
 54562 | Depths:1 | 54562 ||| INVOKING Heroism.
 54633 | Depths:1 | 54633 ||| INVOKING Heroism.
 54634 | Depths:1 | 54634 ||| INVOKING Finesse.
 54696 | Depths:1 | 54696 ||| INVOKING Heroism.
 54697 | Depths:1 | 54697 ||| INVOKING Finesse.
 54699 | Depths:1 | Reached skill level 12 in Armour
 54842 | Depths:1 | Identified the +4 hat "Duohap" {rC+ Str-4 Dex+2}
 55070 | Depths:1 | 55070 ||| Stepping ~*~*~tactically~*~*~ (outnumbered).
 55096 | Depths:1 | Found the ring of the Tortoise {AC+8}
 55229 | Depths:1 | 55229 ||| Stepping ~*~*~tactically~*~*~ (hiding).
 55331 | Depths:1 | 55331 ||| Stepping ~*~*~tactically~*~*~ (hiding).
 55433 | Depths:1 | 55433 ||| INVOKING Heroism.
 55434 | Depths:1 | 55434 ||| INVOKING Finesse.
 55435 | Depths:1 | 55435 ||| Stepping ~*~*~tactically~*~*~ (outnumbered).
 55444 | Depths:1 | Noticed the Enchantress
 55457 | Depths:1 | Received a gift from Okawaru
 55474 | Depths:1 | Reached XP level 22. HP: 187/213 MP: 22/28
 55487 | Depths:1 | Killed the Enchantress
 55627 | Depths:1 | 55627 ||| Stepping ~*~*~tactically~*~*~ (stealth).
 55628 | Depths:1 | 55628 ||| Stepping ~*~*~tactically~*~*~ (stealth).
 55629 | Depths:1 | 55629 ||| Stepping ~*~*~tactically~*~*~ (stealth).
 55630 | Depths:1 | 55630 ||| Stepping ~*~*~tactically~*~*~ (stealth).
 55632 | Depths:1 | 55632 ||| Stepping ~*~*~tactically~*~*~ (stealth).
 55634 | Depths:1 | 55634 ||| Stepping ~*~*~tactically~*~*~ (stealth).
 55636 | Depths:1 | 55636 ||| Stepping ~*~*~tactically~*~*~ (stealth).
 55638 | Depths:1 | 55638 ||| Stepping ~*~*~tactically~*~*~ (stealth).
 55640 | Depths:1 | 55640 ||| Stepping ~*~*~tactically~*~*~ (stealth).
 55642 | Depths:1 | 55642 ||| Stepping ~*~*~tactically~*~*~ (stealth).
 55757 | Depths:1 | Found a gateway to Hell.
 55757 | Depths:1 | Noticed Margery
 55758 | Depths:1 | 55758 ||| INVOKING Heroism.
 55759 | Depths:1 | 55759 ||| INVOKING Finesse.
 55760 | Depths:1 | 55760 ||| INVOKING Finesse.
 55781 | Depths:1 | Killed Margery
 55911 | Depths:1 | 55911 ||| DROPPING +6 ring of dexterity.
 55912 | Depths:1 | 55912 ||| DROPPING ring of fire.
 55913 | Depths:1 | 55913 ||| UPGRADING to ring of the Tortoise {AC+8}.
 55915 | Depths:1 | 55915 ||| DROPPING +4 ring of evasion.
 55916 | Depths:1 | 55916 ||| UPGRADING to ring of the Circus Animal {Fly rC++
                  | Will+ Str+4 Int-5}.
 55945 | Depths:2 | 55945 ||| INVOKING Heroism.
 55950 | Depths:2 | Received a gift from Okawaru
 55951 | Depths:2 | 55951 ||| INVOKING Finesse.
 55965 | Depths:2 | 55965 ||| Stepping ~*~*~tactically~*~*~ (hiding).
 55965 | Depths:2 | Found a portal to a secret trove of treasure.
 55978 | Depths:2 | Reached skill level 22 in Fighting
 56053 | Depths:2 | 56053 ||| INVOKING Heroism.
 56054 | Depths:2 | 56054 ||| INVOKING Finesse.
 56151 | Depths:2 | 56151 ||| Stepping ~*~*~tactically~*~*~ (hiding).
 56153 | Depths:2 | 56153 ||| INVOKING Heroism.
 56167 | Depths:2 | 56167 ||| Stepping ~*~*~tactically~*~*~ (outnumbered).
 56174 | Depths:2 | 56174 ||| Stepping ~*~*~tactically~*~*~ (hiding).
 56198 | Depths:2 | 56198 ||| Stepping ~*~*~tactically~*~*~ (hiding).
 56202 | Depths:2 | 56202 ||| Stepping ~*~*~tactically~*~*~ (hiding).
 56376 | Depths:2 | 56376 ||| INVOKING Heroism.
 56402 | Depths:2 | 56402 ||| Stepping ~*~*~tactically~*~*~ (stealth).
 56408 | Depths:2 | 56408 ||| Stepping ~*~*~tactically~*~*~ (outnumbered).
 56410 | Depths:2 | 56410 ||| INVOKING Finesse.
 56412 | Depths:2 | 56412 ||| Stepping ~*~*~tactically~*~*~ (outnumbered).
 56413 | Depths:2 | 56413 ||| Stepping ~*~*~tactically~*~*~ (outnumbered).
 56443 | Depths:2 | 56443 ||| INVOKING Heroism.
 56484 | Depths:2 | 56484 ||| Stepping ~*~*~tactically~*~*~ (stealth).
 56485 | Depths:2 | 56485 ||| Stepping ~*~*~tactically~*~*~ (hiding).
 56572 | Depths:2 | 56572 ||| Stepping ~*~*~tactically~*~*~ (hiding).
 56582 | Depths:2 | Noticed a caustic shrike
 56583 | Depths:2 | 56583 ||| INVOKING Heroism.
 56590 | Depths:2 | Killed a caustic shrike
 56609 | Depths:2 | 56609 ||| Stepping ~*~*~tactically~*~*~ (stealth).
 56611 | Depths:2 | 56611 ||| Stepping ~*~*~tactically~*~*~ (stealth).
 56612 | Depths:2 | 56612 ||| Stepping ~*~*~tactically~*~*~ (stealth).
 56615 | Depths:2 | 56615 ||| Stepping ~*~*~tactically~*~*~ (stealth).
 56617 | Depths:2 | 56617 ||| Stepping ~*~*~tactically~*~*~ (stealth).
 56828 | Depths:2 | 56828 ||| INVOKING Heroism.
 56829 | Depths:2 | 56829 ||| INVOKING Finesse.
 56902 | Depths:2 | 56902 ||| Stepping ~*~*~tactically~*~*~ (stealth).
 56904 | Depths:2 | 56904 ||| Stepping ~*~*~tactically~*~*~ (stealth).
 56912 | Depths:2 | 56912 ||| INVOKING Heroism.
 56914 | Depths:2 | 56914 ||| Stepping ~*~*~tactically~*~*~ (hiding).
 56916 | Depths:2 | 56916 ||| INVOKING Finesse.
 56924 | Depths:2 | 56924 ||| Stepping ~*~*~tactically~*~*~ (outnumbered).
 56927 | Depths:2 | 56927 ||| Stepping ~*~*~tactically~*~*~ (outnumbered).
 56931 | Depths:2 | 56931 ||| Stepping ~*~*~tactically~*~*~ (outnumbered).
 56947 | Depths:2 | 56947 ||| Stepping ~*~*~tactically~*~*~ (hiding).
 56973 | Depths:2 | 56973 ||| Stepping ~*~*~tactically~*~*~ (stealth).
 56974 | Depths:2 | 56974 ||| Stepping ~*~*~tactically~*~*~ (stealth).
 57009 | Depths:2 | Received a gift from Okawaru
 57058 | Depths:2 | 57058 ||| INVOKING Heroism.
 57059 | Depths:2 | 57059 ||| Stepping ~*~*~tactically~*~*~ (hiding).
 57059 | Depths:2 | Paralysed by a floating eye for 3 turns
 57067 | Depths:2 | 57067 ||| INVOKING Finesse.
 57074 | Depths:2 | 57074 ||| Stepping ~*~*~tactically~*~*~ (hiding).
 57178 | Depths:2 | 57178 ||| INVOKING Heroism.
 57179 | Depths:2 | 57179 ||| INVOKING Finesse.
 57230 | Depths:2 | 57230 ||| Stepping ~*~*~tactically~*~*~ (hiding).
 57241 | Depths:2 | Reached skill level 23 in Fighting
 57241 | Depths:2 | 57241 ||| Stepping ~*~*~tactically~*~*~ (hiding).
 57630 | Depths:2 | 57630 ||| INVOKING Heroism.
 57631 | Depths:2 | 57631 ||| INVOKING Finesse.
 57710 | Depths:2 | 57710 ||| Stepping ~*~*~tactically~*~*~ (stealth).
 57712 | Depths:2 | 57712 ||| Stepping ~*~*~tactically~*~*~ (stealth).
 57713 | Depths:2 | 57713 ||| Stepping ~*~*~tactically~*~*~ (stealth).
 57715 | Depths:2 | 57715 ||| Stepping ~*~*~tactically~*~*~ (hiding).
 57728 | Depths:2 | 57728 ||| INVOKING Heroism.
 57779 | Depths:2 | 57779 ||| Stepping ~*~*~tactically~*~*~ (stealth).
 57781 | Depths:2 | 57781 ||| Stepping ~*~*~tactically~*~*~ (hiding).
 57837 | Depths:2 | 57837 ||| INVOKING Heroism.
 57869 | Depths:2 | 57869 ||| Stepping ~*~*~tactically~*~*~ (outnumbered).
 57876 | Depths:2 | 57876 ||| Stepping ~*~*~tactically~*~*~ (outnumbered).
 57877 | Depths:2 | 57877 ||| Stepping ~*~*~tactically~*~*~ (outnumbered).
 57878 | Depths:2 | 57878 ||| Stepping ~*~*~tactically~*~*~ (outnumbered).
 57903 | Depths:2 | Received a gift from Okawaru
 57908 | Depths:2 | 57908 ||| INVOKING Finesse.
 57918 | Depths:2 | Reached XP level 23. HP: 100/226 MP: 23/29
 58082 | Depths:2 | 58082 ||| FLEEEEING.
 58083 | Depths:2 | 58083 ||| FLEEEEING.
 58084 | Depths:2 | 58084 ||| FLEEEEING.
 58085 | Depths:2 | 58085 ||| FLEEEEING.
 58090 | Depths:2 | 58090 ||| FLEEEEING.
 58091 | Depths:2 | 58091 ||| FLEEEEING.
 58092 | Depths:2 | 58092 ||| FLEEEEING.
 58093 | Depths:2 | 58093 ||| FLEEEEING.
 58094 | Depths:2 | 58094 ||| FLEEEEING.
 58095 | Depths:2 | 58095 ||| FLEEEEING.
 58096 | Depths:2 | 58096 ||| FLEEEEING.
 58097 | Depths:2 | 58097 ||| FLEEEEING.
 58098 | Depths:2 | 58098 ||| FLEEEEING.
 58099 | Depths:2 | 58099 ||| FLEEEEING.
 58100 | Depths:2 | 58100 ||| FLEEEEING.
 58101 | Depths:2 | 58101 ||| FLEEEEING.
 58310 | Depths:2 | Found a one-way gate leading to the halls of Pandemonium.
 58371 | Depths:2 | 58371 ||| Stepping ~*~*~tactically~*~*~ (stealth).
 58372 | Depths:2 | 58372 ||| Stepping ~*~*~tactically~*~*~ (stealth).
 58383 | Depths:2 | Received a gift from Okawaru
 58403 | Depths:2 | 58403 ||| INVOKING Heroism.
 58487 | Depths:2 | 58487 ||| DROPPING +0 chain mail of poison resistance.
 58602 | Depths:3 | Found Ubor's Demolitions Depot.
 58607 | Depths:3 | Found a one-way gateway to a ziggurat.
 58610 | Depths:3 | 58610 ||| INVOKING Heroism.
 58611 | Depths:3 | Paralysed by a floating eye for 3 turns
 58618 | Depths:3 | Paralysed by a floating eye for 4 turns
 58627 | Depths:3 | Paralysed by a floating eye for 4 turns
 58634 | Depths:3 | Paralysed by a floating eye for 2 turns
 58646 | Depths:3 | 58646 ||| Stepping ~*~*~tactically~*~*~ (outnumbered).
 58651 | Depths:3 | 58651 ||| Stepping ~*~*~tactically~*~*~ (outnumbered).
 58654 | Depths:3 | 58654 ||| Stepping ~*~*~tactically~*~*~ (outnumbered).
 58656 | Depths:3 | 58656 ||| Stepping ~*~*~tactically~*~*~ (outnumbered).
 58674 | Depths:3 | Paralysed by a floating eye for 4 turns
 58679 | Depths:3 | Paralysed by a floating eye for 3 turns
 58683 | Depths:3 | 58683 ||| INVOKING Heroism.
 58684 | Depths:3 | Paralysed by a floating eye for 2 turns
 58689 | Depths:3 | Paralysed by a floating eye for 2 turns
 58693 | Depths:3 | Paralysed by a floating eye for 4 turns
 58782 | Depths:3 | 58782 ||| Stepping ~*~*~tactically~*~*~ (hiding).
 58784 | Depths:3 | 58784 ||| Stepping ~*~*~tactically~*~*~ (hiding).
 58788 | Depths:3 | 58788 ||| INVOKING Heroism.
 58791 | Depths:3 | Received a gift from Okawaru
 58793 | Depths:3 | 58793 ||| Stepping ~*~*~tactically~*~*~ (outnumbered).
 58849 | Depths:3 | Paralysed by an air elemental for 1 turns
 58850 | Depths:3 | 58850 ||| INVOKING Heroism.
 58854 | Depths:3 | Paralysed by an air elemental for 1 turns
 58862 | Depths:3 | Paralysed by an air elemental for 1 turns
 58949 | Depths:3 | 58949 ||| INVOKING Heroism.
 58995 | Depths:3 | 58995 ||| READING scroll of teleportation.
 59080 | Depths:3 | 59080 ||| Stepping ~*~*~tactically~*~*~ (hiding).
 59182 | Depths:3 | 59182 ||| Stepping ~*~*~tactically~*~*~ (hiding).
 59198 | Depths:3 | Found a corrupted altar of Lugonu.
 59198 | Depths:3 | Found a one-way gate to the infinite horrors of the Abyss.
 59327 | Depths:3 | Paralysed by a floating eye for 3 turns
 59330 | Depths:3 | 59330 ||| INVOKING Heroism.
 59333 | Depths:3 | Paralysed by a floating eye for 2 turns
 59341 | Depths:3 | Paralysed by a floating eye for 4 turns
 59354 | Depths:3 | 59354 ||| Stepping ~*~*~tactically~*~*~ (hiding).
 59456 | Depths:3 | 59456 ||| Stepping ~*~*~tactically~*~*~ (hiding).
 59457 | Depths:3 | Found Panligapp's Antique Armour Emporium.
 59459 | Depths:3 | 59459 ||| INVOKING Heroism.
 59476 | Depths:3 | 59476 ||| BUYING glowing chain mail (367 gold).
 59476 | Depths:3 | Bought a glowing chain mail for 367 gold pieces
 59476 | Depths:3 | 59476 ||| BUYING twisted plate armour (1372 gold).
 59476 | Depths:3 | Bought a twisted plate armour for 1372 gold pieces
 59476 | Depths:3 | Identified the +4 plate armour of Hide-and-Seek {Harm +Inv
                  | rElec rC-} (You bought it in a shop on level 3 of the
                  | Depths)
 59509 | Depths:3 | 59509 ||| Stepping ~*~*~tactically~*~*~ (hiding).
 59516 | Depths:3 | 59516 ||| Stepping ~*~*~tactically~*~*~ (outnumbered).
 59519 | Depths:3 | 59519 ||| INVOKING Heroism.
 59524 | Depths:3 | 59524 ||| Stepping ~*~*~tactically~*~*~ (outnumbered).
 59642 | Depths:3 | Paralysed by a floating eye for 3 turns
 59645 | Depths:3 | 59645 ||| INVOKING Heroism.
 59650 | Depths:3 | Paralysed by a floating eye for 4 turns
 59655 | Depths:3 | Paralysed by a floating eye for 4 turns
 59662 | Depths:3 | Paralysed by a floating eye for 2 turns
 59711 | Depths:3 | 59711 ||| DROPPING +1 chain mail of fire resistance.
 59728 | Depths:4 | Entered Level 4 of the Depths
 59728 | Depths:4 | Noticed Mennas
 59729 | Depths:4 | 59729 ||| INVOKING Heroism.
 59731 | Depths:4 | 59731 ||| STAIRDANCE
 59733 | Depths:3 | 59733 ||| DRINKING 22 potions of curing.
 59733 | Depths:3 | 59733 ||| (to cure confusion)
 59752 | Depths:3 | HP: 52/227 [Mennas/+3 sacred scourge of holy wrath (12)]
 59757 | Depths:3 | HP: 27/227 [Mennas/+3 sacred scourge of holy wrath (1)]
 59761 | Depths:3 | Killed Mennas
 59761 | Depths:3 | Received a gift from Okawaru
 60194 | Depths:3 | 60194 ||| UPGRADING to +0 tower shield.
 60204 | Depths:3 | 60204 ||| DROPPING +1 kite shield of protection.
 60205 | Depths:3 | 60205 ||| DROPPING +2 kite shield of fire resistance.
 60209 | Depths:4 | 60209 ||| Stepping ~*~*~tactically~*~*~ (stealth).
 60210 | Depths:4 | 60210 ||| INVOKING Heroism.
 60218 | Depths:4 | 60218 ||| Stepping ~*~*~tactically~*~*~ (outnumbered).
 60219 | Depths:4 | 60219 ||| Stepping ~*~*~tactically~*~*~ (outnumbered).
 60220 | Depths:4 | 60220 ||| Stepping ~*~*~tactically~*~*~ (outnumbered).
 60221 | Depths:4 | 60221 ||| Stepping ~*~*~tactically~*~*~ (outnumbered).
 60222 | Depths:4 | 60222 ||| Stepping ~*~*~tactically~*~*~ (outnumbered).
 60223 | Depths:4 | 60223 ||| Stepping ~*~*~tactically~*~*~ (outnumbered).
 60224 | Depths:4 | 60224 ||| Stepping ~*~*~tactically~*~*~ (outnumbered).
 60236 | Depths:4 | 60236 ||| Stepping ~*~*~tactically~*~*~ (outnumbered).
 60237 | Depths:4 | 60237 ||| Stepping ~*~*~tactically~*~*~ (outnumbered).
 60265 | Depths:4 | 60265 ||| Stepping ~*~*~tactically~*~*~ (hiding).
 60267 | Depths:4 | 60267 ||| Stepping ~*~*~tactically~*~*~ (hiding).
 60272 | Depths:4 | 60272 ||| INVOKING Heroism.
 60344 | Depths:4 | 60344 ||| Stepping ~*~*~tactically~*~*~ (stealth).
 60345 | Depths:4 | 60345 ||| INVOKING Heroism.
 60347 | Depths:4 | 60347 ||| Stepping ~*~*~tactically~*~*~ (stealth).
 60348 | Depths:4 | 60348 ||| Stepping ~*~*~tactically~*~*~ (stealth).
 60350 | Depths:4 | 60350 ||| Stepping ~*~*~tactically~*~*~ (stealth).
 60351 | Depths:4 | 60351 ||| Stepping ~*~*~tactically~*~*~ (stealth).
 60475 | Depths:4 | 60475 ||| Stepping ~*~*~tactically~*~*~ (stealth).
 60477 | Depths:4 | 60477 ||| Stepping ~*~*~tactically~*~*~ (stealth).
 60480 | Depths:4 | 60480 ||| Stepping ~*~*~tactically~*~*~ (hiding).
 60481 | Depths:4 | 60481 ||| Stepping ~*~*~tactically~*~*~ (hiding).
 60484 | Depths:4 | 60484 ||| Stepping ~*~*~tactically~*~*~ (hiding).
 60609 | Depths:4 | 60609 ||| Stepping ~*~*~tactically~*~*~ (stealth).
 60614 | Depths:4 | 60614 ||| Stepping ~*~*~tactically~*~*~ (stealth).
 60619 | Depths:4 | 60619 ||| Stepping ~*~*~tactically~*~*~ (hiding).
 60623 | Depths:4 | 60623 ||| INVOKING Heroism.
 60634 | Depths:4 | 60634 ||| Stepping ~*~*~tactically~*~*~ (outnumbered).
 60650 | Depths:4 | 60650 ||| Stepping ~*~*~tactically~*~*~ (outnumbered).
 60650 | Depths:4 | Paralysed by a floating eye for 3 turns
 60659 | Depths:4 | Paralysed by a floating eye for 2 turns
 60677 | Depths:4 | 60677 ||| INVOKING Finesse.
 60680 | Depths:4 | HP: 51/227 [fire giant/bolt of fire (28)]
 60686 | Depths:4 | 60686 ||| Stepping ~*~*~tactically~*~*~ (hiding).
 60687 | Depths:4 | 60687 ||| Stepping ~*~*~tactically~*~*~ (hiding).
 60688 | Depths:4 | 60688 ||| INVOKING Heroism.
 60689 | Depths:4 | HP: 54/227 [spriggan air mage/the air (5)]
 60765 | Depths:4 | 60765 ||| Stepping ~*~*~tactically~*~*~ (stealth).
 60777 | Depths:4 | 60777 ||| INVOKING Heroism.
 60869 | Depths:4 | 60869 ||| Stepping ~*~*~tactically~*~*~ (stealth).
 60872 | Depths:4 | 60872 ||| INVOKING Heroism.
 60949 | Depths:4 | 60949 ||| Stepping ~*~*~tactically~*~*~ (stealth).
 60986 | Depths:4 | 60986 ||| Stepping ~*~*~tactically~*~*~ (stealth).
 60987 | Depths:4 | 60987 ||| Stepping ~*~*~tactically~*~*~ (stealth).
 60988 | Depths:4 | 60988 ||| FLEEEEING.
 60995 | Depths:4 | 60995 ||| STAIRDANCE
 61074 | Depths:4 | 61074 ||| Stepping ~*~*~tactically~*~*~ (stealth).
 61076 | Depths:4 | 61076 ||| Stepping ~*~*~tactically~*~*~ (hiding).
 61078 | Depths:4 | 61078 ||| Stepping ~*~*~tactically~*~*~ (hiding).
 61172 | Depths:4 | Noticed a golden dragon
 61173 | Depths:4 | 61173 ||| INVOKING Heroism.
 61187 | Depths:4 | Killed a golden dragon
 61191 | Depths:4 | 61191 ||| Stepping ~*~*~tactically~*~*~ (hiding).
 61192 | Depths:4 | 61192 ||| Stepping ~*~*~tactically~*~*~ (hiding).
 61256 | Depths:4 | Found a gate to the Realm of Zot.
 61283 | Depths:4 | 61283 ||| Stepping ~*~*~tactically~*~*~ (stealth).
 61284 | Depths:4 | 61284 ||| Stepping ~*~*~tactically~*~*~ (stealth).
 61287 | Depths:4 | 61287 ||| INVOKING Heroism.
 61288 | Depths:4 | 61288 ||| Stepping ~*~*~tactically~*~*~ (stealth).
 61291 | Depths:4 | 61291 ||| Stepping ~*~*~tactically~*~*~ (outnumbered).
 61292 | Depths:4 | 61292 ||| Stepping ~*~*~tactically~*~*~ (outnumbered).
 61293 | Depths:4 | 61293 ||| Stepping ~*~*~tactically~*~*~ (outnumbered).
 61294 | Depths:4 | 61294 ||| Stepping ~*~*~tactically~*~*~ (outnumbered).
 61295 | Depths:4 | 61295 ||| Stepping ~*~*~tactically~*~*~ (outnumbered).
 61296 | Depths:4 | 61296 ||| Stepping ~*~*~tactically~*~*~ (outnumbered).
 61301 | Depths:4 | 61301 ||| Stepping ~*~*~tactically~*~*~ (outnumbered).
 61304 | Depths:4 | 61304 ||| Stepping ~*~*~tactically~*~*~ (outnumbered).
 61309 | Depths:4 | 61309 ||| Stepping ~*~*~tactically~*~*~ (outnumbered).
 61310 | Depths:4 | 61310 ||| Stepping ~*~*~tactically~*~*~ (outnumbered).
 61315 | Depths:4 | 61315 ||| Stepping ~*~*~tactically~*~*~ (outnumbered).
 61316 | Depths:4 | 61316 ||| INVOKING Heroism.
 61317 | Depths:4 | 61317 ||| Stepping ~*~*~tactically~*~*~ (outnumbered).
 61320 | Depths:4 | 61320 ||| Stepping ~*~*~tactically~*~*~ (outnumbered).
 61321 | Depths:4 | 61321 ||| Stepping ~*~*~tactically~*~*~ (outnumbered).
 61322 | Depths:4 | 61322 ||| Stepping ~*~*~tactically~*~*~ (outnumbered).
 61323 | Depths:4 | 61323 ||| Stepping ~*~*~tactically~*~*~ (outnumbered).
 61324 | Depths:4 | 61324 ||| Stepping ~*~*~tactically~*~*~ (outnumbered).
 61325 | Depths:4 | 61325 ||| Stepping ~*~*~tactically~*~*~ (outnumbered).
 61326 | Depths:4 | 61326 ||| Stepping ~*~*~tactically~*~*~ (outnumbered).
 61327 | Depths:4 | 61327 ||| Stepping ~*~*~tactically~*~*~ (outnumbered).
 61328 | Depths:4 | 61328 ||| Stepping ~*~*~tactically~*~*~ (outnumbered).
 61329 | Depths:4 | 61329 ||| Stepping ~*~*~tactically~*~*~ (outnumbered).
 61330 | Depths:4 | 61330 ||| Stepping ~*~*~tactically~*~*~ (outnumbered).
 61331 | Depths:4 | 61331 ||| Stepping ~*~*~tactically~*~*~ (outnumbered).
 61337 | Depths:4 | 61337 ||| Stepping ~*~*~tactically~*~*~ (outnumbered).
 61338 | Depths:4 | 61338 ||| Stepping ~*~*~tactically~*~*~ (outnumbered).
 61339 | Depths:4 | 61339 ||| Stepping ~*~*~tactically~*~*~ (outnumbered).
 61340 | Depths:4 | 61340 ||| Stepping ~*~*~tactically~*~*~ (outnumbered).
 61341 | Depths:4 | 61341 ||| Stepping ~*~*~tactically~*~*~ (outnumbered).
 61342 | Depths:4 | Received a gift from Okawaru
 61383 | Depths:4 | Noticed Louise
 61384 | Depths:4 | 61384 ||| Stepping ~*~*~tactically~*~*~ (hiding).
 61486 | Depths:4 | 61486 ||| Stepping ~*~*~tactically~*~*~ (hiding).
 61487 | Depths:4 | 61487 ||| Stepping ~*~*~tactically~*~*~ (hiding).
 61494 | Depths:4 | Killed Louise
 61761 | Depths:4 | Identified the +2 falchion "Neidghidd" {freeze, *Noise
                  | rElec rF- Str+6}
 61803 | Depths:4 | Noticed Parghit
 61804 | Depths:4 | 61804 ||| INVOKING Heroism.
 61805 | Depths:4 | 61805 ||| Stepping ~*~*~tactically~*~*~ (stealth).
 61840 | Depths:4 | HP: 53/227 [Parghit (10)]
 61841 | Depths:4 | 61841 ||| READING scroll of teleportation.
 62091 | Depths:4 | 62091 ||| FLEEEEING.
 62092 | Depths:4 | 62092 ||| STAIRDANCE
 62216 | Depths:3 | 62216 ||| DROPPING +4 chain mail of fire resistance.
 62217 | Depths:3 | 62217 ||| DROPPING +1 fire dragon scales.
 62218 | Depths:3 | 62218 ||| UPGRADING to +0 gold dragon scales.
 62228 | Depths:3 | 62228 ||| DROPPING +1 plate armour of cold resistance.
 62229 | Depths:3 | 62229 ||| READING 2 scrolls of enchant armour.
 62229 | Depths:3 | 62229 ||| ENCHANTING +0 gold dragon scales.
 62230 | Depths:3 | 62230 ||| READING scroll of enchant armour.
 62230 | Depths:3 | 62230 ||| ENCHANTING +1 gold dragon scales.
 62231 | Depths:3 | 62231 ||| DROPPING +7 scale mail "Mame" {Will+ Int+5
                  | Slay+3}.
 62232 | Depths:3 | 62232 ||| UPGRADING to ring of Jusoh {AC+4 Str+4}.
 62236 | Depths:4 | 62236 ||| Stepping ~*~*~tactically~*~*~ (hiding).
 62237 | Depths:4 | 62237 ||| Stepping ~*~*~tactically~*~*~ (hiding).
 62252 | Depths:4 | 62252 ||| Stepping ~*~*~tactically~*~*~ (stealth).
 62261 | Depths:4 | 62261 ||| STAIRDANCE
 62287 | Depths:4 | 62287 ||| INVOKING Heroism.
 62319 | Depths:4 | 62319 ||| Stepping ~*~*~tactically~*~*~ (outnumbered).
 62320 | Depths:4 | 62320 ||| Stepping ~*~*~tactically~*~*~ (outnumbered).
 62321 | Depths:4 | 62321 ||| Stepping ~*~*~tactically~*~*~ (outnumbered).
 62322 | Depths:4 | 62322 ||| Stepping ~*~*~tactically~*~*~ (outnumbered).
 62325 | Depths:4 | 62325 ||| Stepping ~*~*~tactically~*~*~ (outnumbered).
 62326 | Depths:4 | 62326 ||| Stepping ~*~*~tactically~*~*~ (outnumbered).
 62327 | Depths:4 | 62327 ||| Stepping ~*~*~tactically~*~*~ (outnumbered).
 62328 | Depths:4 | 62328 ||| Stepping ~*~*~tactically~*~*~ (outnumbered).
 62331 | Depths:4 | 62331 ||| FLEEEEING.
 62336 | Depths:4 | HP: 46/227 [Parghit (11)]
 62344 | Depths:4 | Killed Parghit
 62347 | Depths:4 | 62347 ||| FLEEEEING.
 62348 | Depths:4 | 62348 ||| FLEEEEING.
 62349 | Depths:4 | 62349 ||| FLEEEEING.
 62350 | Depths:4 | 62350 ||| FLEEEEING.
 62351 | Depths:4 | 62351 ||| FLEEEEING.
 62352 | Depths:4 | 62352 ||| FLEEEEING.
 62354 | Depths:4 | 62354 ||| FLEEEEING.
 62356 | Depths:4 | 62356 ||| FLEEEEING.
 62360 | Depths:4 | 62360 ||| FLEEEEING.
 62361 | Depths:4 | 62361 ||| FLEEEEING.
 62365 | Depths:4 | 62365 ||| STAIRDANCE
 62783 | Depths:4 | 62783 ||| INVOKING Finesse.
 62784 | Depths:4 | 62784 ||| STAIRDANCE
 62814 | Depths:4 | 62814 ||| STAIRDANCE
 62824 | Depths:4 | 62824 ||| STAIRDANCE
 62849 | Depths:4 | Found a runed translucent door.
 63183 | Depths:4 | 63183 ||| Stepping ~*~*~tactically~*~*~ (hiding).
 63197 | Depths:4 | 63197 ||| Stepping ~*~*~tactically~*~*~ (outnumbered).
 63250 | Depths:4 | 63250 ||| UPGRADING to +8 gold dragon scales.
 63260 | Depths:4 | 63260 ||| PLANNING VAULTS:5
 63260 | Depths:4 | 63260 ||| DROPPING +2 gold dragon scales.
 63261 | Depths:4 | 63261 ||| DROPPING +4 plate armour of Hide-and-Seek {Harm
                  | +Inv rElec rC-}.
 63564 | Vaults:5 | Entered Level 5 of the Vaults
 63565 | Vaults:5 | 63565 ||| STAIRDANCE
 63567 | Vaults:4 | 63567 ||| INVOKING Heroism.
 63581 | Vaults:5 | Received a gift from Okawaru
 63597 | Vaults:5 | HP: 56/227 [vault guard/+0 great sword (5)]
 63602 | Vaults:5 | HP: 51/227 [vault warden/+1 vorpal bardiche (4)]
 63607 | Vaults:5 | HP: 28/227 [stone giant (3)]
 63608 | Vaults:5 | 63608 ||| INVOKING Heroism.
 63608 | Vaults:5 | HP: 2/227 [vault guard/+3 great mace of protection (14)]
 63608 | Vaults:5 | Slain by a vault guard

Levels and vault maps discovered:
D:1:      tarquinn_simple_flora_water_d, layout_basic,
          shapermc_ecumenical_altar_totnotflames
D:2:      wad_crossroads, layout_rooms, minmay_quadrilaterals
D:3:      layout_rooms, trog_hazing_becter, serial_curves, eino_curves_02,
          eino_curves_01, eino_curves_03, eino_curves_02, serial_bayou_pond_b,
          grunt_decor_clamped
D:4:      layout_loops_ring, eat_drink_and_be_merry_uskayaw, serial_shops,
          nicolae_square_shop, uniq_grinder, uniq_ijyb
D:5:      layout_loops_corners
D:6:      layout_basic, kennysheep_ying_yang, temple_green
D:7:      layout_rooms, lemuel_tele_altar, nicolae_grassy_gnolls
D:8:      layout_loops_cross, glass_columns_b
D:9:      layout_basic, mainiacjoe_overflow_brackets,
          grunt_temple_overflow_diamond, lair_entry_dummy, orc_0_dummy,
          enter_bailey_2
D:10:     layout_loops_corners, mainiacjoe_overflow_chevrons
D:11:     layout_loops_ring, serial_bayou, serial_bayou_shore_b,
          serial_bayou_pond_b, serial_bayou_lagoon_a, serial_bayou_shore_a,
          laboratory, uniq_lodul, uniq_fannar, uniq_maurice
D:12:     layout_small_grid
D:13:     layout_roguey, david_vaults_2, minmay_mirror_moons_of_madness
D:14:     layout_basic, chequers_serial_rivers_marsh, nzn_wu_jian_contemplation,
          uniq_roxanne, uniq_josephine, uniq_snorg
D:15:     gammafunk_depths_entry_grave, layout_layer_cave,
          hangedman_decor_growths, uniq_rupert
Temple:   chequers_temple_sunken
Lair:1:   layout_cave_pods, chequers_serial_rivers_marsh, minivault_27,
          amcnicky_mini_pool_medium
Lair:2:   layout_long_grid, elwin_shoals_entry_stream,
          minmay_snake_entry_six_corridors, beast_lair_carwin_11
Lair:3:   layout_roguey, basic_altar
Lair:4:   layout_cave_pods, dpeg_slime_entry_enclosed, gammafunk_ghost_grave,
          gauntlet_entry_generic, pf_torpor_hydra
Lair:5:   minmay_lair_end_frog_pond, layout_cave_pods,
          infiniplex_staircase_pool_2
Shoals:1: layout_shoals, uniq_mlioglotl
Shoals:2: layout_shoals, ebering_ghost_gozag, serial_shops,
          nicolae_shop_hallway_stairs, nicolae_shoals_isolated_beach,
          uniq_polyphemus
Shoals:3: cheibrodos_shoals_gigantism, layout_shoals
Shoals:4: shoals_end_grunt_garden, layout_shoals, uniq_bai_suzhen, uniq_donald
Snake:1:  gammafunk_sealed_arena, layout_concentric_octagons, serial_shops,
          nicolae_shop_hallway_plus, ebering_ghost_disaster_area,
          nicolae_shop_unique_rings, uniq_aizul
Snake:2:  layout_chambers, beargit_elvish_explorers, grunt_megastairs_5
Snake:3:  layout_layer_cave, st_stairs_10, grunt_megastairs_4
Snake:4:  hellmonk_snake_rune_quicksilver_temple, layout_basic,
          minmay_shop_grove
Orc:1:    layout_caves, serial_shops, nicolae_shop_window_shopping,
          gammafunk_ghost_wrathful_warriors
Orc:2:    st_orc_rangers, layout_caves
Vaults:1: v_rooms_3, vaults_room_door_hall, hangedman_vaults_stagger,
          v_alt_pattern_6, grunt_vaults_hallway_short, vaults_room_grid,
          nicolae_vaults_alarming, vaults_room_grunt_arrival_ludios,
          layout_vaults_omnigrid
Vaults:2: portal_desolation_entry_salt, nicolae_vaults_little_ls,
          hangedman_vaults_snaps, hangedman_vaults_trim,
          minmay_crypt_entry_simple_corners, vaults_room_door_hall, v_misc_4,
          nicolae_vaults_shelves_hall, v_pattern_4, vaults_mumra_chevron_long,
          vaults_mumra_hexcomb, layout_vaults_maze_bifur, serial_shops, shop
Vaults:3: ontoclasm_vaults_bender, nicolae_vaults_statue_guard, v_misc_4,
          v_misc_18, dpeg_vaults_monster_row, v_misc_24,
          hangedman_vaults_unwind, ontoclasm_vaults_ring_square, v_rooms_6,
          vaults_room_hallway, v_misc_11, layout_vaults_omnibox
Vaults:4: nicolae_vaults_theta, vaults_room_boxed,
          nicolae_vaults_three_branches, hangedman_vaults_variations,
          ontoclasm_vaults_tryst, v_misc_5, nicolae_vaults_circle_grid_b,
          v_alt_pattern_6, v_alt_pattern_4, vaults_room_corners,
          vaults_mumra_bighexcomb, nicolae_vaults_little_squares_3,
          layout_vaults_big_cross, serial_shops, shop, uniq_saint_roka,
          uniq_boris
Vaults:5: uniq_mara
Depths:1: kennysheep_large_spiral, layout_cave_pools, grunt_metal_band,
          minmay_guarded_unrand_tortoise, uniq_enchantress
Depths:2: minmay_octagon_city, layout_basic, nicolae_trove_entry_crossroad,
          pan_entry, hell_entry
Depths:3: constructs_gauntlet_mu_hangedman, layout_basic, enter_ziggurat_c,
          abyss_entry_flame_altar, rand_demon_pan_entry_1, hell_entry,
          minmay_misc_feat_tiny, serial_shops, nicolae_shop_hallway_plus,
          nicolae_blasting_shop, serial_bayou_pond_a
Depths:4: grunt_crosshair, layout_cave_shapes, chequers_serial_rivers_large_a,
          rand_demon_pan_entry_9, nicolae_abyss_entry_one_way_or_another,
          hell_entry, kennysheep_treasure_room, uniq_parghit, uniq_mennas,
          uniq_margery

Skill      XL: |  1  2  3  4  5  6  7  8  9 10 11 12 13 14 15 16 17 18 19 20 21 22 23 |
---------------+----------------------------------------------------------------------+-----
Unarmed Combat | 1 2 3 4 5 6 8 10 11 12 14 15 17 19 21 22 | 22.0
Fighting       | 1 2 4 5 6 7 8 9 10 11 12 13 15 17 18 20 21 23 | 23.4
Armour         | 1 3 4 5 6 7 8 9 10 11 12 13 | 13.7
Invocations    | 4 7 10 | 10.0
Shields        | 2 6 7 8 9 10 11 12 13 14 15 16 17 | 17.6
Throwing       | 1 4 5 6 8 9 10 11 12 13 | 13.0
Dodging        | 2 3 4 5 6 7 8 9 |  9.0
Short Blades   | |  0.8
Stealth        | |  3.2
Spellcasting   | |  1.7
Hexes          | |  2.4

Action                   |  1- 3 |  4- 6 |  7- 9 | 10-12 | 13-15 | 16-18 | 19-21 | 22-24 || total
-------------------------+-------+-------+-------+-------+-------+-------+-------+-------++-------
Melee: Unarmed           |   128 |   176 |   326 |   511 |  1022 |  1199 |  1409 |  1028 ||  5799
       Punch             |     2 |     5 |    13 |       |       |       |       |       ||    20
Throw: Boomerang         |       |       |       |    60 |    12 |    11 |       |       ||    83
       Javelin           |       |       |       |     8 |   148 |   115 |   145 |    57 ||   473
Invok: Heroism           |       |       |     8 |    29 |    43 |    53 |    51 |    39 ||   223
       Finesse           |       |       |       |     1 |    12 |    12 |    13 |    12 ||    50
  Use: Scroll            |     7 |     4 |     4 |     3 |    11 |     5 |     5 |     4 ||    43
       Potion            |       |     2 |     8 |     2 |     4 |     2 |    10 |     1 ||    29
 Stab: Distracted        |       |       |       |     1 |     1 |     2 |       |       ||     4
       Sleeping          |       |       |       |       |     1 |       |     4 |     1 ||     6
       Held in net/web   |       |       |       |       |       |     2 |       |       ||     2
Armor: Robe              |     4 |       |       |       |       |       |       |       ||     4
       Chain mail        |    67 |       |       |       |       |       |       |       ||    67
       Scale mail        |       |    77 |   200 |   197 |   372 |   419 |   327 |   311 ||  1903
       Gold dragon scale |       |       |       |       |       |       |       |   100 ||   100
Dodge: Dodged            |    37 |    60 |   162 |   154 |   371 |   411 |   249 |   214 ||  1658
Block: Kite shield       |       |       |     7 |   220 |   417 |   976 |   873 |   362 ||  2855
       Reflection        |       |       |       |       |       |    94 |    78 |    17 ||   189
       Tower shield      |       |       |       |       |       |       |       |   338 ||   338

Table legend:
 A = Non-vault XP
 B = Vault XP
 C = Vault XP percentage of total XP
 D = Non-vault monster count
 E = Vault monster count
 F = Vault count percentage of total count
                 A         B        C        D         E       F
            +---------+---------+-------+---------+---------+-------
      Total |  416667 |  384744 |  48.0 |     946 |     574 |  37.8
            +---------+---------+-------+---------+---------+-------
        D:1 |      15 |       0 |   0.0 |       7 |       0 |   0.0
        D:2 |      32 |      43 |  57.3 |      11 |      10 |  47.6
        D:3 |      32 |      34 |  51.5 |      10 |      13 |  56.5
        D:4 |     269 |     312 |  53.7 |      15 |       2 |  11.8
        D:5 |     858 |       0 |   0.0 |      16 |       0 |   0.0
        D:6 |    1282 |       0 |   0.0 |      26 |       0 |   0.0
        D:7 |    1047 |     178 |  14.5 |      25 |       6 |  19.4
        D:8 |     704 |       0 |   0.0 |      13 |       0 |   0.0
        D:9 |    1812 |       0 |   0.0 |      26 |       0 |   0.0
       D:10 |    1527 |       0 |   0.0 |      10 |       0 |   0.0
       D:11 |    4615 |    6188 |  57.3 |      20 |      25 |  55.6
       D:12 |    4639 |       0 |   0.0 |      15 |       0 |   0.0
       D:13 |    7293 |    5478 |  42.9 |      18 |      10 |  35.7
       D:14 |    6342 |    3967 |  38.5 |      12 |       7 |  36.8
       D:15 |   18708 |    6698 |  26.4 |      41 |       9 |  18.0
     Lair:1 |    3871 |     759 |  16.4 |      15 |       3 |  16.7
     Lair:2 |    7172 |    4500 |  38.6 |      26 |      17 |  39.5
     Lair:3 |    3580 |       0 |   0.0 |      11 |       0 |   0.0
     Lair:4 |    8921 |     403 |   4.3 |      34 |       1 |   2.9
     Lair:5 |   13255 |   11378 |  46.2 |      37 |      37 |  50.0
   Shoals:1 |   12200 |    1682 |  12.1 |      25 |       1 |   3.8
   Shoals:2 |   20089 |    7118 |  26.2 |      35 |       9 |  20.5
   Shoals:3 |   12349 |    3921 |  24.1 |      25 |       4 |  13.8
   Shoals:4 |   11320 |   24449 |  68.4 |      24 |      34 |  58.6
    Snake:1 |   14084 |    1206 |   7.9 |      24 |       1 |   4.0
    Snake:2 |   15140 |    5962 |  28.3 |      33 |       9 |  21.4
    Snake:3 |   15995 |    4475 |  21.9 |      33 |       8 |  19.5
    Snake:4 |   22766 |   13794 |  37.7 |      36 |      18 |  33.3
      Orc:1 |    1457 |       0 |   0.0 |      34 |       0 |   0.0
      Orc:2 |    1037 |    5510 |  84.2 |       9 |      37 |  80.4
   Vaults:1 |   35166 |   24224 |  40.8 |      49 |      31 |  38.8
   Vaults:2 |   26235 |   25445 |  49.2 |      42 |      33 |  44.0
   Vaults:3 |   31375 |   26411 |  45.7 |      45 |      32 |  41.6
   Vaults:4 |   35936 |   30741 |  46.1 |      53 |      46 |  46.5
   Vaults:5 |       0 |    5383 | 100.0 |       0 |       6 | 100.0
   Depths:1 |   15448 |   34739 |  69.2 |      22 |      34 |  60.7
   Depths:2 |   17528 |   87813 |  83.4 |      19 |      80 |  80.8
   Depths:3 |   12410 |   13465 |  52.0 |      14 |      20 |  58.8
   Depths:4 |   30158 |   24881 |  45.2 |      36 |      22 |  37.9
   Gauntlet |       0 |    3587 | 100.0 |       0 |       9 | 100.0
            +---------+---------+-------+---------+---------+-------
